 Dungeon Crawl Stone Soup version 0.22-a0-392-g5dc3fd9 (webtiles) character file.

1538999 iamserjio the Archmage (level 27, -1/323 HPs)
             Began as a Demonspawn Fire Elementalist on Apr 28, 2018.
             Was the Champion of Vehumet.
             Slain by Ostraess the pandemonium lord (26 damage)
             ... on level 17 of a ziggurat on May 1, 2018.
             The game lasted 22:43:50 (150073 turns).

iamserjio the Archmage (DsFE)                     Turns: 150073, Time: 22:43:50

Health: -1/323     AC: 35    Str: 17    XL:     27
Magic:  90/90      EV: 33    Int: 56    God:    Vehumet [******]
Gold:   10866      SH: 33    Dex: 19    Spells: 0/80 levels left

rFire    + + +     SeeInvis +   U - staff of fire
rCold    + . .     Gourm    .   w - +7 large shield of Ixkiy {rC+}
rNeg     + . .     Faith    .   S - +8 faerie dragon scales {MR+ rCorr MP+9}
rPois    .         Spirit   .   L - +2 helmet {Int+3}
rElec    .         Reflect  .   P - +0 cloak of a volcano {Int+2 Dex+4}
rCorr    +         Harm     .   (gloves unavailable)
MR       ++++.     Clarity  +   u - +0 pair of boots of Ennui {+Blink Str+3 Int+9 Dex-2}
Stlth    +++++++++.             q - macabre finger necklace {rN+}
HPRegen  7.63/turn              n - ring of Sastreas {+Fly MP+9 Int+7 Dex+3}
MPRegen  0.52/turn              g - ring "Udaqout" {+Blink rF+ rC+ MP+9}
                                V - ring "Ucigagg" {Fire *Contam MP+9 Int+4 SInv}

@: mighty, lethally poisoned (-1 -> -1), about to teleport, very slightly
contaminated, silenced
A: claws 3, molten scales 3, clarity, clever 1, magic resistance 1, powered by
death 3, powered by pain 3, robust 3, shaggy fur 1
}: 4/15 runes: serpentine, barnacled, slimy, silver
a: Renounce Religion, Evoke Blink, Evoke Flight


You were on level 17 of a ziggurat.
You worshipped Vehumet.
Vehumet was exalted by your worship.
You were not hungry.

You visited 13 branches of the dungeon, and saw 59 of its levels.
You visited 10 ziggurats (completing 9), and saw 260 of their levels.
You also visited: Labyrinth and Sewer.

You collected 21053 gold pieces.
You spent 10187 gold pieces at shops.

Inventory:

Hand Weapons
 B - the +9 staff of Wucad Mu {channel}
   (You found it on level 18 of a ziggurat)
Missiles
 f - 79 javelins of penetration (quivered)
 E - 9 throwing nets
Armour
 p - the +1 pair of boots of Typatem {*Drain rElec rN+++ Int+8 Dex-3}
   (You acquired it on level 3 of a ziggurat)

   It affects your intelligence (+8).
   It affects your dexterity (-3).
   It insulates you from electricity.
   It renders you almost immune to negative energy.
   It causes draining when unequipped.
 u - the +0 pair of boots of Ennui (worn) {+Blink Str+3 Int+9 Dex-2}
   (You bought it in a shop on level 2 of the Snake Pit)

   It affects your strength (+3).
   It affects your intelligence (+9).
   It affects your dexterity (-2).
   It lets you blink.
 w - the +7 large shield of Ixkiy (worn) {rC+}
   (You acquired it on level 21 of a ziggurat)

   It protects you from cold.
 z - the +4 moon troll leather armour {Spirit, Regen++ MP+5}
   (You found it on level 5 of a ziggurat)

   It affects your magic capacity (+5).
   It increases your rate of regeneration.
 J - the +3 shield "Duut" {rElec MR+ Str+4}
   (You found it on level 22 of a ziggurat)

   It affects your strength (+4).
   It insulates you from electricity.
   It affects your resistance to hostile enchantments.
 L - a +2 helmet of intelligence (worn)
 M - a scarf of cloud immunity
 P - the +0 cloak of a volcano (worn) {Int+2 Dex+4}
   (You found it on level 17 of a ziggurat)

   It affects your intelligence (+2).
   It affects your dexterity (+4).
 R - the +2 robe of Vines {NoPotionHeal Regen+7}
   (You found it on level 20 of a ziggurat)

   It increases your rate of regeneration.
 S - the +8 faerie dragon scales (worn) {MR+ rCorr MP+9}
   (You took it off the Enchantress on level 2 of the Depths)

   It affects your resistance to hostile enchantments.
   It affects your magic capacity (+9).
   It protects you from acid and corrosion.
Magical Staves
 F - an uncursed staff of air
 I - an uncursed staff of conjuration
 U - an uncursed staff of fire (weapon)
Jewellery
 b - the ring of Faqupn {rElec rN+ MP+9 Str+4}
   (You found it on level 19 of a ziggurat)

   [ring of magical power]

   It affects your strength (+4).
   It insulates you from electricity.
   It protects you from negative energy.
   It affects your magic capacity (+9).
 g - the ring "Udaqout" (right claw) {+Blink rF+ rC+ MP+9}
   (You took it off a spriggan berserker on level 2 of the Depths)

   [ring of magical power]

   It protects you from fire.
   It protects you from cold.
   It affects your magic capacity (+9).
   It lets you blink.
 i - an uncursed ring of protection from cold
 n - the ring of Sastreas (left claw) {+Fly MP+9 Int+7 Dex+3}
   (You found it on level 19 of a ziggurat)

   [ring of flight]

   It affects your intelligence (+7).
   It affects your dexterity (+3).
   It affects your magic capacity (+9).
   It lets you fly.
 q - the macabre finger necklace (around neck) {rN+}
   (You found it on level 23 of a ziggurat)

   [amulet of nothing]

   It protects you from negative energy.
 T - an uncursed ring of fire
 V - the ring "Ucigagg" (on amulet) {Fire *Contam MP+9 Int+4 SInv}
   (You found it on level 15 of a ziggurat)

   [ring of fire]

   It enhances your fire magic.
   It affects your intelligence (+4).
   It protects you from fire.
   It makes you vulnerable to cold.
   It affects your magic capacity (+9).
   It lets you see invisible.
   It causes magical contamination when unequipped.
Wands
 H - a wand of clouds (14)
 X - a wand of acid (40)
Scrolls
 a - 20 scrolls of identify
 j - 3 scrolls of summoning
 r - 2 scrolls of magic mapping
 s - 139 scrolls of fog
 t - 176 scrolls of teleportation
 x - 79 scrolls of blinking
 y - 14 scrolls of fear
 K - 52 scrolls of amnesia
 Y - 180 scrolls of remove curse
Potions
 d - 19 potions of agility
 e - a potion of might
 l - 13 potions of brilliance
 A - 10 potions of cancellation
 C - 52 potions of curing
 G - 60 potions of heal wounds
 O - 147 potions of mutation
 Q - 13 potions of resistance
 Z - 12 potions of magic
Miscellaneous
 h - a lightning rod (4/4)
 k - 52 boxes of beasts
 m - a lamp of fire
 o - a crystal ball of energy
 v - a phial of floods
 D - a fan of gales (inert)
 N - 84 phantom mirrors
Comestibles
 c - 189 rations


   Skills:
 O Level 27 Fighting
 O Level 27 Short Blades
 O Level 27 Long Blades
 O Level 27 Axes
 O Level 27 Maces & Flails
 O Level 27 Polearms
 O Level 27 Staves
 O Level 27 Slings
 O Level 27 Bows
 O Level 27 Crossbows
 O Level 27 Throwing
 O Level 27 Armour
 O Level 27 Dodging
 O Level 27 Stealth
 O Level 27 Shields
 O Level 27 Unarmed Combat
 O Level 27 Spellcasting
 O Level 27 Conjurations
 O Level 27 Hexes
 O Level 27 Charms
 O Level 27 Summonings
 O Level 27 Necromancy
 O Level 27 Translocations
 O Level 27 Transmutations
 O Level 27 Fire Magic
 O Level 27 Ice Magic
 O Level 27 Air Magic
 O Level 27 Earth Magic
 O Level 27 Poison Magic
 O Level 27 Evocations


You couldn't memorise any spells.
You knew the following spells:

 Your Spells              Type           Power        Failure   Level  Hunger
a - Ignition              Fire           ##########   0%          8    None
b - Aura of Abjuration    Summ           #########.   0%          5    None
c - Fire Storm            Conj/Fire      ##########   1%          9    None
d - Glaciate              Conj/Ice       #########.   1%          9    None
e - Necromutation         Tmut/Necr      #########.   0%          8    None
f - Shatter               Erth           #########.   1%          9    None
g - Tornado               Air            #########.   1%          9    None
h - Controlled Blink      Tloc           N/A          0%          8    None
i - Sublimation of Blood  Necr           #########.   0%          2    None
j - Iron Shot             Conj/Erth      #########.   0%          6    None
k - Borgnjor's Vile Clut  Necr/Erth      #########.   0%          5    None
n - Blink                 Tloc           N/A          0%          2    None


Dungeon Overview and Level Annotations

Branches:
Dungeon (15/15)            Temple (1/1) D:6            Lair (6/6) D:10
 Shoals (4/4) Lair:4        Snake (4/4) Lair:3        Slime (5/5) Lair:6
    Orc (2/2) D:12            Elf (3/3) Orc:2        Vaults (5/5) D:13
  Crypt (3/3) Vaults:3       Tomb (1/3) Crypt:3      Depths (5/5) D:15
    Zot (5/5) Depths:5

Altars:
Ashenzari
Cheibriados
Dithmenos
Elyvilon
Fedhas
Gozag
Hepliaklqana
Kikubaaqudgha
Makhleb
Nemelex Xobeh
Okawaru
Qazlal
Ru
Sif Muna
Trog
Uskayaw
Vehumet
Wu Jian
Xom
Yredelemnul
The Shining One
Lugonu

Shops:
D:12 *   D:15 (   Orc:1 *((   Orc:2 [((=*   Elf:3 =}=   Shoals:3 *
Shoals:4 ((   Snake:2 }[=   Vaults:1 ?   Vaults:2 !   Vaults:3 ?(}(:
Vaults:4 !   Depths:4 [?=(=

Portals:
Hell: Depths:1 Depths:2 Depths:3 Depths:4 Depths:5
Abyss: Depths:1 Depths:4
Pandemonium: Depths:2 Depths:3 Depths:4

Annotations:
Elf:2 4 runed doors


Innate Abilities, Weirdness & Mutations

You have claws for hands.
You are completely covered in molten scales. (AC +4, rF+)
You regenerate a lot of health from kills.
You are powered by pain.
You are extremely robust. (+30% HP)
You possess an exceptional clarity of mind.
Your mind is acute. (Int +2)
You are resistant to hostile enchantments. (MR+)
You are covered in fur. (AC +1)


Message History

You block Cereumij's attack.
A jumping spider and a Killer Klown come into view.
You feel much better.
The jumping spider changes into a salamander!
The storm dragon changes into a minotaur!
Qyqi Voa gestures.
Yzeq gestures at you.
You feel haunted. You block Wuafyapn's attack. Pesmovur completely misses you.
The hungry ghost gestures obscenely.
Pahuwi gestures.
Rungif gestures.
Rungif seems to speed up.
The Tzitzimitl calls on the powers of darkness!
The lindwurm convulses!
The quicksilver dragon convulses!
The green very ugly thing convulses!
The stone giant convulses!
The Killer Klown convulses!
The shadow dragon convulses!
The jumping spider convulses!
The salamander convulses!
The red ugly thing convulses!
The Killer Klown convulses!
The death yak convulses!
Your body is wracked with pain!
* * * LOW HITPOINT WARNING * * *
The shadow dragon convulses!
Ostraess hits you!!
You die...

▓▓.†§§§... Y
▓.u..2..N2†.&44&u
▓▓s.r&†&r4r&&2ppD
▓▓Dp22r1288&&&88
▓CD1ku28&&&Hu8
▓&&&&&&&&&1u.
▓&&&&&&&2DS3
▓&&&&&pYu14
▓@&&DW&W2&
▓▓▓▓▓▓▓▓▓▓


You could see Athud, Boud, Calutuck, Ceadat, Cereumij, Cireifemn, Cuniol, Cuuqe
Gyutob, Duohioni, Edose, Enetaci, Etugo, Fias, Furchaca, Govumut, Jirer, Kaetiw
(invisible), Kujurea, Luv Geniash, Lyr Dakhyf, Orerchue, Ostraess, Pahuwi,
Pawuem, Pep Ydu, Pesmovur, Pioqozo, Piuteajac, Qibriamp (invisible), Qyqi Voa,
Rungif, Semnuhylu, Wuafyapn, Xuesin, Ybbic, Yzeq, 4 Killer Klowns, 2 shadow
dragon shaped shifters, a Tzitzimitl, 2 very ugly things, 2 Ice Fiends, 4
cacodemons, 2 quicksilver dragons, a stone giant, a minotaur shaped shifter, a
death yak, a lorocyproca (invisible), a reaper, 3 ugly things, an Executioner, 2
blizzard demons, a salamander shaped shifter, an anaconda shaped shifter, a
lindwurm shaped shifter, a hellwing, an ice devil, a hellion, 2 hungry ghosts, a
chaos spawn, a jumping spider and 4 hell rats.

Vanquished Creatures
  the Royal Jelly (Slime:5)
  283 pandemonium lords
  6 orbs of fire
  Khufu (Crypt:1)
  205 ancient liches
  The ghost of 4thArraOfDagon the Wallflower, a legendary DsEE of Uskayaw (Zig:24)
  A juggernaut (shapeshifter) (Zig:20)
  Mara (Depths:1)
  117 juggernauts
  262 greater mummies
  Sojobo (Depths:4)
  Boris (Crypt:3)
  The ghost of Kairos the Slayer, a legendary VSFi of Okawaru (Zig:27)
  42 shard shrikes
  Vashnia (Snake:4)
  Saint Roka (Orc:2)
  Xtahua (Crypt:2)
  115 Killer Klowns
  4 curse toes
  47 caustic shrikes
  A golden dragon (shapeshifter) (Zig:25)
  2 caustic shrikes (shapeshifter)
  268 golden dragons
  Nikola (Shoals:1)
  43 profane servitors
  the Enchantress (Depths:2)
  69 pearl dragons
  62 electric golems
  53 Tzitzimimeh
  90 bone dragons
  11 doom hounds
  66 Brimstone Fiends
  114 iron giants
  3 iron giants (shapeshifter)
  32 hellephants
  271 tentacled monstrosities
  Jorgrun (Elf:2)
  104 Hell Sentinels
  121 liches
  86 Ice Fiends
  21 Orb Guardians (Zot:5)
  196 titans
  9 quicksilver dragons (shapeshifter)
  3 eldritch tentacles
  647 acid blobs
  2 krakens (Shoals:3)
  102 deep elf blademasters
  116 deep elf master archers
  2 acid blobs (shapeshifter)
  68 Executioners
  57 sphinxes
  95 quicksilver dragons
  Kirke (D:14)
  6 death cobs
  11 sphinxes (shapeshifter)
  48 tentacled starspawn
  35 thorn hunters
  9 shadow dragons (shapeshifter)
  68 shadow dragons
  109 ancient champions
  107 storm dragons
  3 storm dragons (shapeshifter)
  Ilsuiw (Shoals:4)
  57 tengu reavers
  124 draconian monks
  16 azure jellies (shapeshifter)
  84 blood saints
  74 frost giants
  585 nagarajas
  249 azure jellies
  108 revenants
  3 iron dragons (shapeshifter)
  82 iron dragons
  59 deep elf sorcerers
  49 vault wardens
  Louise (D:15)
  42 daevas
  308 emperor scorpions
  182 draconian knights
  279 orc warlords
  9 fire giants (shapeshifter)
  25 caustic shrike zombies
  The ghost of soark the Devastator, a journeyman DECj of Vehumet (D:15)
  9 frost giants (shapeshifter)
  30 angels
  104 balrugs
  72 fire giants
  51 cacodemons
  185 draconian scorchers
  3 emperor scorpions (shapeshifter)
  2 ghost moths (shapeshifter)
  61 warmongers
  10 deep elf elementalists
  23 juggernaut zombies
  100 curse skulls
  130 draconian stormcallers
  189 stone giants
  439 ghost moths
  135 reapers
  18 caustic shrike skeletons
  115 draconian shifters
  89 war gargoyles
  26 ghouls
  4 spriggan defenders
  116 bennus
  57 ironheart preservers
  97 very ugly things
  28 juggernaut skeletons
  11 stone giants (shapeshifter)
  28 apis
  195 draconian annihilators
  66 green draconians
  358 entropy weavers
  A green draconian (shapeshifter) (Zig:16)
  137 deep elf annihilators
  61 black suns
  35 ophanim
  65 red draconians
  85 deep elf demonologists
  84 vampire knights
  2 minotaurs
  138 corrupters
  74 black draconians
  Azrael (Elf:1)
  69 yellow draconians
  80 spark wasps
  18 dire elephants
  87 purple draconians
  74 white draconians
  2 spark wasps (shapeshifter)
  A minotaur (shapeshifter) (Zig:23)
  7 dire elephants (shapeshifter)
  133 merfolk javelineers
  53 lorocyprocas
  47 deep elf death magi
  81 eidola
  251 green deaths
  99 blizzard demons
  62 merfolk impalers
  2 ettins (shapeshifter)
  55 death oozes
  9 quicksilver dragon zombies
  65 ettins
  49 crystal guardians
  Snorg (Orc:1)
  103 deep elf high priests
  18 jiangshi
  234 mummy priests
  44 vault guards
  80 great orbs of eyes
  3 fire dragons (shapeshifter)
  53 yaktaur captains
  7 monstrous demonspawn
  2 ice dragons (shapeshifter) (Zig:16)
  33 fire dragons
  10 quicksilver dragon skeletons
  116 naga warriors
  Erolcha (D:13)
  A hydra (shapeshifter) (Zig:20)
  257 hydras
  74 ice dragons
  3 caustic shrike simulacra
  73 spriggan air magi
  14 rakshasas
  30 alligator snapping turtles
  31 ghost crabs
  13 catoblepae
  40 hell beasts
  9 anacondas (shapeshifter)
  3 juggernaut simulacra
  4 catoblepae (shapeshifter)
  10 centaur warriors
  44 two-headed ogres
  15 satyrs
  4 alligator snapping turtles (shapeshifter)
  A satyr (shapeshifter) (Zig:20)
  3 alligators (shapeshifter)
  15 death knights
  214 merfolk aquamancers
  A spectral fire giant (Zig:6)
  70 alligators
  106 anacondas
  17 hell hogs
  3 death yaks
  54 ogre magi
  6 tengu warriors
  Urug (D:12)
  9 two-headed ogres (shapeshifter)
  173 dancing weapons
  5 deep troll shamans
  99 vampire magi
  106 death scarabs
  13 deep troll earth magi
  20 titan zombies
  The ghost of Thaneod the Destroyer, a journeyman DEAE of Vehumet (D:10)
  2 death yaks (shapeshifter)
  4 spriggan berserkers
  7 shock serpents (shapeshifter)
  304 orc high priests
  36 thrashing horrors
  Sonja (Orc:2)
  122 deep elf knights
  144 naga sharpshooters
  6 sun demons
  A fire crab (shapeshifter) (Zig:13)
  49 soul eaters
  21 storm dragon zombies
  22 titan skeletons
  101 wretched stars
  37 iron golems
  155 shock serpents
  69 skeletal warriors
  10 iron trolls (shapeshifter)
  32 sixfirhies
  50 shadow wraiths
  11 spark wasp zombies
  16 storm dragon skeletons
  76 sea snakes
  33 salamander mystics
  94 iron trolls
  28 cherubim
  2 deep trolls (shapeshifter)
  40 golden dragon zombies
  4 unseen horrors (shapeshifter)
  40 spriggan druids
  17 unseen horrors
  43 shadow demons
  An obsidian statue (Vaults:2)
  6 sea snakes (shapeshifter)
  83 naga ritualists
  A quicksilver dragon simulacrum (Crypt:2)
  3 death drakes (shapeshifter)
  41 hell knights
  27 wizards
  21 glowing orange brains
  32 deep trolls
  169 death drakes
  214 swamp dragons
  5 glowing orange brains (shapeshifter)
  13 spatial maelstroms
  62 ironbrand convokers
  18 shadow dragon zombies
  5 gelid demonspawn
  6 infernal demonspawn
  88 flayed ghosts
  137 deep elf archers
  4 torturous demonspawn
  26 tengu zombies
  7 lindwurms (shapeshifter)
  4 lindwurms
  3 harpies (shapeshifter)
  8 swamp dragons (shapeshifter)
  58 phantasmal warriors
  131 harpies
  An anaconda skeleton (Crypt:1)
  243 shambling mangroves
  234 starcursed masses
  25 iron dragon zombies
  21 sphinx zombies
  17 golden dragon skeletons
  45 necromancers
  71 orc knights
  103 ugly things
  2 orb spiders (shapeshifter)
  6 stone giant zombies
  17 shadow dragon skeletons
  85 shining eyes
  A shining eye (shapeshifter) (Zig:15)
  432 orb spiders
  9 oklob plants
  95 mana vipers
  229 wolf spiders
  149 orc sorcerers
  408 deep elf magi
  62 manticores
  10 mana vipers (shapeshifter)
  6 cyclopes (shapeshifter)
  14 frost giant zombies
  37 salamanders
  9 fauns (shapeshifter)
  8 moths of wrath (shapeshifter)
  7 wolf spiders (shapeshifter)
  9 elephants (shapeshifter)
  45 fauns
  17 sphinx skeletons
  13 worldbinders
  5 fire giant zombies
  9 manticores (shapeshifter)
  268 moths of wrath
  56 cyclopes
  505 slime creatures
  A salamander (shapeshifter) (Zig:8)
  3 titan simulacra
  4 fire giant skeletons
  15 iron dragon skeletons
  8 frost giant skeletons
  27 spriggan zombies
  67 apocalypse crabs
  8 guardian serpents (shapeshifter)
  189 naga magi
  7 elephants
  66 vault sentinels
  381 black mambas
  32 orange demons
  44 eyes of devastation
  5 water nymphs (shapeshifter)
  5 black mambas (shapeshifter)
  50 rust devils
  163 water nymphs
  4 stone giant skeletons
  66 smoke demons
  155 guardian serpents
  3 spiny frogs (shapeshifter)
  6 torpor snails (shapeshifter)
  6 eyes of devastation (shapeshifter)
  21 gargoyles
  An ice statue (Zig:1)
  108 hellions
  18 spriggan skeletons
  A kobold demonologist (Zig:27)
  102 spiny frogs
  5 yaktaurs (shapeshifter)
  A shock serpent skeleton (Crypt:3)
  274 torpor snails
  85 yaktaurs
  18 komodo dragons
  58 elf skeletons
  A rime drake (shapeshifter) (Zig:27)
  57 freezing wraiths
  6 komodo dragons (shapeshifter)
  197 demonic crawlers
  46 rime drakes
  A spark wasp simulacrum (Zig:12)
  440 guardian mummies
  92 tormentors
  24 hellwings
  A spectral glowing shapeshifter (Zig:6)
  52 ice devils
  48 ancient zymes
  4 golden dragon simulacra
  11 efreet
  3 merfolk (shapeshifter)
  4 tengu conjurers
  7 meliai
  56 trolls
  2 hydra zombies
  7 silent spectres
  38 red devils
  224 merfolk
  A troll (shapeshifter) (Zig:26)
  4 meliai (shapeshifter)
  2 queen bees (shapeshifter)
  233 jumping spiders
  3 shadow dragon simulacra
  482 hornets
  67 tyrant leeches
  3 wind drakes (shapeshifter)
  42 wind drakes
  A hippogriff (shapeshifter) (Zig:17)
  4 polar bears (shapeshifter)
  57 raiju
  62 snapping turtles
  A hydra skeleton (Crypt:3)
  5 polar bears
  4 slime creatures (shapeshifter)
  A wolf spider simulacrum (Crypt:2)
  3 hornets (shapeshifter)
  3 jumping spiders (shapeshifter)
  2 sphinx simulacra
  26 dream sheep
  4 raiju (shapeshifter)
  A harpy skeleton (Crypt:1)
  75 bog bodies
  9 dream sheep (shapeshifter)
  2 blink frogs (shapeshifter)
  A fire dragon zombie (Crypt:3)
  2 ettin zombies
  26 hippogriffs
  29 blink frogs
  An ice dragon zombie (Depths:1)
  2 frost giant simulacra
  4 snapping turtles (shapeshifter)
  2 iron dragon simulacra
  A meliai zombie (D:13)
  238 flying skulls
  2 stone giant simulacra
  254 redbacks
  An ice dragon skeleton (Vaults:1)
  A deep troll skeleton (Zig:2)
  36 spriggans
  57 air elementals
  7 redbacks (shapeshifter)
  3 spriggans (shapeshifter)
  An alligator skeleton (Crypt:2)
  2 fire dragon skeletons (Crypt:1)
  28 shadows
  3 spriggan simulacra
  108 water elementals
  An ettin skeleton (Zig:9)
  5 vampires
  Eustachio (D:6)
  3 tarantellas (shapeshifter)
  34 wyverns
  37 ynoxinuls
  57 wraiths
  177 tarantellas
  6 hogs
  55 yaks
  187 ushabtiu
  A basilisk (shapeshifter) (Zig:27)
  A wyvern (shapeshifter) (Zig:23)
  2 humans (shapeshifter)
  A black mamba skeleton (Crypt:3)
  A golden eye (shapeshifter) (D:13)
  35 golden eyes
  87 chaos spawn
  A hog (shapeshifter) (Vaults:5)
  4 yaks (shapeshifter)
  A tyrant leech zombie (Crypt:2)
  49 fire elementals
  20 steam dragons
  6 basilisks
  47 neqoxecs
  15 spatial vortices
  A yaktaur simulacrum (Vaults:1)
  8 hungry ghosts
  58 vampire mosquitoes
  172 large abominations
  137 nagas
  47 insubstantial wisps
  A warg (shapeshifter) (Zig:20)
  5 swamp worms (shapeshifter)
  57 wargs
  A swamp worm (Zig:26)
  3 soldier ants (shapeshifter)
  2 hydra simulacra (Zot:3)
  41 floating eyes
  2 water moccasins (shapeshifter)
  7 porcupines
  A spiny frog zombie (Crypt:3)
  6 floating eyes (shapeshifter)
  34 hell hounds
  An ice beast (shapeshifter) (Vaults:4)
  38 water moccasins
  22 acid dragons
  A monstrous demonspawn skeleton (Crypt:2)
  A merfolk skeleton (Crypt:2)
  300 orc warriors
  5 eyes of draining (shapeshifter)
  5 sky beasts
  71 elf zombies
  89 swamp drakes
  4 human zombies
  135 eyes of draining
  5 phantoms
  2 black bears (shapeshifter) (Zig:19)
  17 ice beasts
  10 wolves
  2 ice dragon simulacra
  A boggart (shapeshifter) (Depths:1)
  2 black bears
  31 necrophages
  138 ogres
  14 boggarts
  43 centaurs
  4 elf simulacra
  31 crocodiles
  A crocodile (shapeshifter) (Zig:20)
  2 big kobolds
  2 yaktaur zombies
  3 big kobolds (shapeshifter)
  Blork the orc (D:6)
  2 gnoll sergeants
  18 bullfrogs
  3 human skeletons
  73 earth elementals
  A human simulacrum (Zig:12)
  A wyvern zombie (D:6)
  3 glowing shapeshifter simulacra
  A wyvern skeleton (D:13)
  A troll zombie (Tomb:1)
  5 killer bees (D:10)
  6 scorpions
  A warg skeleton (Crypt:1)
  An electric eel (D:14)
  14 wights
  5 howler monkeys
  A howler monkey (shapeshifter) (Zig:20)
  7 crimson imps
  5 centaur zombies
  13 jellies
  52 orc priests
  5 hounds
  36 iron imps
  65 orc wizards
  Jessica (D:2)
  3 centaur skeletons
  A bullfrog skeleton (Crypt:1)
  3 gnoll shamans
  14 worker ants
  6 iguanas
  7 hell rats (Lair:2)
  A lightning spire (Zig:23)
  39 merfolk sirens
  22 merfolk avatars
  53 small abominations
  A dwarf skeleton (Crypt:2)
  A felid skeleton (Crypt:2)
  23 tengu skeletons
  A hound zombie (D:6)
  3 hound skeletons
  630 mummies
  2 howler monkey zombies
  Robin (D:2)
  13 gnolls
  3 howler monkey skeletons
  16 adders
  3 river rats
  23 shadow imps
  18 white imps
  An ufetubus (Depths:4)
  9 oozes
  4 adder skeletons
  An adder zombie (D:7)
  4 worms
  A dart slug (D:2)
  6 leopard geckos
  106 orcs
  7 ball pythons
  12 giant cockroaches
  15 goblins
  8 hobgoblins
  11 jackals
  18 kobolds
  3 quokkas
  10 bats
  A dart slug zombie (Crypt:2)
  16 frilled lizards
  A giant cockroach zombie (Crypt:2)
  A hobgoblin zombie (D:8)
  A jackal zombie (D:4)
  2 kobold zombies (D:8)
  3 leopard gecko skeletons
  An orc zombie (D:8)
  A quokka zombie (Crypt:2)
  31 rats
  A rat zombie (Crypt:2)
  9 blocks of ice
  31 briar patches
  30 crawling corpses
  1001 fire vortices
  8 fungi
  9 plants
  28 starspawn tentacles
29722 creatures vanquished.

Vanquished Creatures (collateral kills)
  Mennas (Vaults:3)
  The ghost of nht the Axe Maniac, a legendary MiBe of Trog (Zot:3)
  4 orbs of fire (Zot:5)
  5 juggernauts
  7 ancient liches
  23 greater mummies
  2 pandemonium lords (Zig:23)
  5 golden dragons
  A golden dragon (shapeshifter) (Zig:20)
  5 bone dragons
  A Tzitzimitl (Zig:25)
  A doom hound (Zig:16)
  A pearl dragon (Zig:18)
  3 iron giants
  The ghost of pyroka the Peltast, an adept HOFi of Beogh (Vaults:1)
  3 liches
  A tentacled monstrosity (Depths:2)
  An electric golem (Zig:25)
  3 Ice Fiends
  4 Orb Guardians (Zot:5)
  A quicksilver dragon (Zig:24)
  9 acid blobs
  7 titans
  An Executioner (Zig:27)
  4 ancient champions
  3 tentacled starspawn (Zig:24)
  2 tengu reavers
  2 sphinxes
  3 storm dragons
  2 draconian monks
  2 shadow dragons (Vaults:5)
  11 nagarajas
  2 azure jellies (Zig:25)
  A daeva (Zig:18)
  A fire giant (shapeshifter) (Zig:20)
  7 frost giants
  3 revenants
  3 cacodemons
  Aizul (Snake:2)
  A ghost moth (Zig:7)
  8 orc warlords
  3 draconian scorchers
  3 draconian knights
  3 fire giants
  2 draconian shifters
  A caustic shrike zombie (Zig:12)
  2 warmongers
  6 vault wardens
  An emperor scorpion (shapeshifter) (Zig:16)
  4 reapers
  A curse skull (Zig:19)
  4 juggernaut zombies
  2 draconian stormcallers
  2 emperor scorpions
  3 ghouls
  3 caustic shrike skeletons
  A deep elf elementalist (Depths:4)
  A spriggan defender (Depths:3)
  4 ironheart preservers
  10 draconian annihilators
  4 green draconians
  2 stone giants (shapeshifter)
  An ophan (Zig:18)
  A war gargoyle (Vaults:3)
  A blood saint (Zig:21)
  5 stone giants
  4 apis
  An entropy weaver (Vaults:4)
  3 vampire knights
  8 very ugly things
  A deep elf demonologist (Elf:3)
  3 corrupters
  A yellow draconian (Zig:4)
  4 red draconians
  2 dire elephants
  2 deep elf annihilators
  A lorocyproca (Zig:24)
  8 black draconians
  2 dire elephants (shapeshifter)
  2 white draconians
  2 eidola
  4 purple draconians
  2 spark wasps (Depths:1)
  2 merfolk javelineers
  2 ettins
  2 mummy priests
  2 fire dragons
  2 merfolk impalers (Shoals:4)
  A blizzard demon (Zig:25)
  A deep elf high priest (Elf:3)
  A green death (Zig:23)
  6 yaktaur captains
  A death ooze (Slime:5)
  A great orb of eyes (Depths:3)
  An ogre mage (Vaults:1)
  2 naga warriors
  3 hydras
  2 ice dragons
  2 monstrous demonspawn
  3 rakshasas
  A vault guard (Vaults:4)
  A merfolk avatar (Shoals:4)
  2 alligator snapping turtles
  A death knight (Zig:20)
  A merfolk aquamancer (Zig:26)
  An alligator snapping turtle (shapeshifter) (Zig:16)
  4 anacondas
  5 dancing weapons
  5 death scarabs
  2 vampire magi
  A spriggan berserker (Depths:5)
  3 naga sharpshooters
  3 thrashing horrors
  2 shock serpents
  A deep elf knight (Elf:3)
  A fire crab (Lair:6)
  3 skeletal warriors
  A wretched star (Zig:24)
  3 storm dragon zombies
  3 sea snakes
  3 titan skeletons
  2 spatial maelstroms
  A storm dragon skeleton (Zig:27)
  2 hell knights (Crypt:3)
  An iron troll (Zig:24)
  3 salamander mystics
  3 cherubim (Zig:20)
  A death drake (Depths:4)
  2 shambling mangroves
  A quicksilver dragon simulacrum (Zig:24)
  2 spark wasp zombies
  A glowing orange brain (Depths:3)
  2 deep trolls
  A swamp dragon (Zig:16)
  3 flayed ghosts (Zig:19)
  A tengu zombie (Zig:25)
  2 ironbrand convokers
  A swamp dragon (shapeshifter) (Zig:20)
  A wizard (Zig:14)
  4 golden dragon skeletons
  3 naga ritualists
  An oklob plant (Zig:17)
  An orb spider (Zig:7)
  2 lindwurms
  An orc sorcerer (Zig:24)
  4 tengu skeletons
  A cyclops (Zig:18)
  A wolf spider (Vaults:4)
  A deep elf mage (Elf:3)
  5 ugly things
  A fire giant zombie (Zig:15)
  4 salamanders
  2 manticores
  4 sphinx zombies
  A worldbinder (Zig:24)
  2 guardian serpents (Snake:4)
  A frost giant skeleton (Zig:11)
  An iron dragon skeleton (Zig:27)
  An elephant (Zig:19)
  3 naga magi
  3 spriggan zombies
  4 apocalypse crabs
  A vault sentinel (Vaults:4)
  A merfolk siren (Shoals:4)
  2 torpor snails
  3 smoke demons
  A spiny frog (Zig:16)
  An orange demon (Zig:25)
  5 black mambas
  2 hellions
  2 tormentors
  A rime drake (Depths:4)
  2 yaktaurs (Vaults:4)
  A komodo dragon (Lair:2)
  A silent spectre (Zig:24)
  4 guardian mummies
  A jumping spider (shapeshifter) (Zig:20)
  A merfolk (Shoals:4)
  2 polar bears
  3 raiju
  A bog body (Zig:11)
  2 blink frogs (Lair:6)
  2 hornets
  3 slime creatures
  A hippogriff (Lair:6)
  A redback (Zig:10)
  A vampire (Zig:27)
  A wraith (Zig:27)
  2 shadows
  A redback (shapeshifter) (Vaults:1)
  4 flying skulls
  2 air elementals (Zig:8)
  5 elf zombies
  2 fire elementals
  An ushabti (Zig:23)
  A tarantella (Zig:10)
  2 large abominations
  A water elemental (Elf:3)
  4 yaks
  A chaos spawn (Zig:24)
  An elf simulacrum (Zig:18)
  An elf skeleton (Zig:22)
  A spatial vortex (Zig:12)
  A warg (Zig:13)
  A naga (Snake:3)
  A hell hound (Elf:2)
  A floating eye (shapeshifter) (Zig:9)
  An eye of draining (Zig:24)
  An ice beast (Zig:18)
  An ogre (Zig:22)
  3 boggarts (Depths:1)
  3 crocodiles
  2 centaurs (Zig:26)
  A big kobold (shapeshifter) (Zig:23)
  12 small abominations
  An earth elemental (Elf:2)
  22 starcursed masses
  4 jellies
  2 orc wizards
  An iguana (shapeshifter) (Zig:24)
  91 mummies
  An adder (Lair:3)
  A shadow imp (Zig:22)
  3 white imps
  5 oozes
  An ooze (shapeshifter) (Zig:16)
  2 blocks of ice
  A briar patch (Zig:20)
  4 crawling corpses (Zig:18)
  A fungus (Lair:3)
  4 starspawn tentacles
676 creatures vanquished.

Vanquished Creatures (others)
  A caustic shrike (shapeshifter) (Zig:16)
  5 Killer Klowns
  2 golden dragons
  A bone dragon (Zig:9)
  A Tzitzimitl (Zig:25)
  A lich (Zig:27)
  3 tentacled monstrosities
  A Hell Sentinel (Zig:12)
  An Executioner (Zig:25)
  3 eldritch tentacles
  A warmonger (Zig:22)
  2 draconian monks
  A storm dragon (Zig:18)
  2 corrupters
  A draconian knight (Zig:22)
  A balrug (Zig:27)
  2 draconian scorchers
  A blood saint (Zig:26)
  A stone giant (Zig:22)
  2 reapers
  2 black suns
  2 lorocyprocas
  A dire elephant (shapeshifter) (Zig:25)
  A merfolk javelineer (Shoals:4)
  A blizzard demon (Zig:26)
  3 yaktaur captains
  2 deep elf death magi (Zig:21)
  An ogre mage (Zig:26)
  2 centaur warriors
  3 dancing weapons
  A naga sharpshooter (Snake:4)
  A sixfirhy (Zig:25)
  2 salamander mystics
  A death drake (Zig:23)
  A sea snake (Shoals:1)
  A wizard (Zig:26)
  2 swamp dragons
  A deep elf archer (Zig:19)
  A harpy (shapeshifter) (Zig:16)
  A manticore (Zig:25)
  A salamander (Snake:1)
  A moth of wrath (Zot:5)
  A black mamba (Zig:8)
  2 apocalypse crabs
  3 yaktaurs (Vaults:2)
  A polar bear (shapeshifter) (Vaults:4)
  A hornet (Zig:22)
  3 raiju
  2 slime creatures
  2 large abominations (Zig:24)
  2 air elementals
  A water elemental (Zig:14)
  A fire elemental (Zig:14)
  A neqoxec (Zig:25)
  5 insubstantial wisps (Zig:25)
  A swamp drake (Zig:23)
  An ogre (Vaults:5)
  3 centaurs
  2 small abominations
  An earth elemental (Zig:8)
  26 blocks of ice
  4 briar patches
  6476 fire vortices
  22 fungi
  102 plants
  55 starspawn tentacles
  8 tentacles (Shoals:3)
6791 creatures vanquished.

Grand Total: 37189 creatures vanquished

Notes
Turn   | Place    | Note
-------+----------+-------------------------------------------
     0 | D:1      | iamserjio the Demonspawn Fire Elementalist began the quest for the Orb.
     0 | D:1      | Reached XP level 1. HP: 13/13 MP: 3/3
   790 | D:1      | Gained mutation: You are partially covered in molten scales. (AC +2) [demonic ancestry]
   790 | D:1      | Reached XP level 2. HP: 19/19 MP: 1/5
  1645 | D:2      | Gained mutation: You sometimes gain a little power by taking damage. [demonic ancestry]
  1645 | D:2      | Reached XP level 3. HP: 24/24 MP: 6/6
  2052 | D:2      | Learned a level 3 spell: Conjure Flame
  2138 | D:2      | Found a sacrificial altar of Ru.
  2142 | D:2      | Gained mutation: You have sharp fingernails. [demonic ancestry]
  2142 | D:2      | Reached XP level 4. HP: 30/30 MP: 5/8
  2145 | D:2      | Noticed Jessica
  2151 | D:2      | Killed Jessica
  2556 | D:2      | Noticed Robin
  2605 | D:2      | Killed Robin
  2605 | D:2      | Gained mutation: You regenerate a little health from kills. [demonic ancestry]
  2605 | D:2      | Reached XP level 5. HP: 19/35 MP: 1/9
  2945 | D:3      | Found a white marble altar of Elyvilon.
  2945 | D:3      | Found a bloodstained altar of Trog.
  3142 | D:3      | Found a glowing drain.
  3160 | Sewer    | Entered a sewer
  3259 | Sewer    | Learned a level 4 spell: Sticky Flame
  3406 | Sewer    | Gained mutation: You sometimes gain power by taking damage. [demonic ancestry]
  3406 | Sewer    | Reached XP level 6. HP: 26/41 MP: 1/11
  4882 | D:4      | Reached XP level 7. HP: 46/46 MP: 4/13
  5011 | D:4      | Reached skill level 5 in Fire Magic
  5668 | D:5      | Entered Level 5 of the Dungeon
  6067 | D:5      | Reached skill level 5 in Conjurations
  6330 | D:5      | Reached skill level 5 in Spellcasting
  6429 | D:5      | Reached XP level 8. HP: 42/52 MP: 7/15
  7150 | D:6      | Noticed a two-headed ogre
  7165 | D:6      | Killed a two-headed ogre
  7293 | D:5      | Learned a level 5 spell: Fireball
  7297 | D:5      | Learned a level 3 spell: Dazzling Spray
  7300 | D:5      | Learned a level 2 spell: Searing Ray
  7301 | D:6      | Noticed Blork the orc
  7309 | D:6      | Killed Blork the orc
  7380 | D:6      | Got a transparent whip
  7394 | D:6      | Identified the cursed +1 whip of Poverty {slash, Fragile +Inv +Fly Dex+5} (You found it on level 6 of the Dungeon)
  7652 | D:6      | Reached XP level 9. HP: 57/57 MP: 5/18
  7974 | D:6      | Learned a level 3 spell: Mephitic Cloud
  8134 | D:6      | Noticed Eustachio
  8521 | D:6      | Found a staircase to the Ecumenical Temple.
  8530 | Temple   | Entered the Ecumenical Temple
  8613 | Temple   | Became a worshipper of Vehumet
  9005 | D:6      | Killed Eustachio
  9206 | D:7      | Found an opulent altar of Gozag.
 10518 | D:8      | Reached * piety under Vehumet
 10518 | D:8      | Offered knowledge of Sandblast by Vehumet.
 11025 | D:8      | Gained mutation: You are mostly covered in molten scales. (AC +3) [demonic ancestry]
 11025 | D:8      | Reached XP level 10. HP: 57/63 MP: 18/21
 11053 | D:8      | Found a runed door.
 11053 | D:8      | Noticed a sixfirhy
 11852 | D:8      | HP: 2/63 [sixfirhy (12)]
 11858 | D:8      | Killed a sixfirhy
 12343 | D:9      | Found the +10 large shield of Ignorance {rN+ Int-4}
 12343 | D:9      | Found a corrupted altar of Lugonu.
 12914 | D:9      | Reached skill level 1 in Fighting
 12950 | D:9      | Found a basalt altar of Yredelemnul.
 13068 | D:9      | Found a burning altar of Makhleb.
 13324 | D:9      | Found a transporter.
 13470 | D:10     | Entered Level 10 of the Dungeon
 13552 | D:10     | Offered knowledge of Shock by Vehumet.
 13561 | D:10     | Reached ** piety under Vehumet
 14388 | D:10     | Reached XP level 11. HP: 75/75 MP: 18/24
 14466 | D:10     | Noticed Thaneod's ghost (journeyman DEAE)
 14475 | D:10     | Found a deep blue altar of Sif Muna.
 14935 | D:10     | Offered knowledge of Stone Arrow by Vehumet.
 15404 | D:10     | Reached *** piety under Vehumet
 15690 | D:10     | Killed Thaneod's ghost
 15690 | D:10     | Reached skill level 5 in Fighting
 15837 | D:10     | Reached skill level 10 in Conjurations
 16133 | D:10     | Found a staircase to the Lair.
 16914 | D:11     | Noticed a purple ugly thing
 16940 | D:11     | Killed a purple ugly thing
 17391 | D:11     | Offered knowledge of Ignite Poison by Vehumet.
 17978 | D:11     | Reached skill level 10 in Fire Magic
 18643 | D:12     | Noticed Urug
 19412 | D:12     | Reached **** piety under Vehumet
 19419 | D:12     | Noticed a deep elf mage
 19598 | D:12     | Killed a deep elf mage
 19683 | D:12     | Found a staircase to the Orcish Mines.
 19763 | D:12     | Gained mutation: You regenerate health from kills. [demonic ancestry]
 19763 | D:12     | Reached XP level 12. HP: 91/91 MP: 19/25
 19764 | D:12     | Offered knowledge of Static Discharge by Vehumet.
 19846 | D:12     | Killed Urug
 19846 | D:12     | Reached skill level 10 in Spellcasting
 20637 | D:12     | Learned a level 5 spell: Venom Bolt
 20688 | D:12     | Found Ibuf's Assorted Antiques.
 20914 | D:13     | Found a gate to the Vaults.
 20914 | D:13     | Noticed a vault guard
 20914 | D:13     | Noticed a vault guard
 20914 | D:13     | Noticed a vault guard
 20915 | D:13     | Noticed a vault guard
 20961 | D:13     | Found a labyrinth entrance.
 20969 | Lab      | Entered a labyrinth
 21106 | Lab      | Noticed a minotaur
 21118 | Lab      | Killed a minotaur
 21354 | D:13     | Noticed Erolcha
 21358 | D:13     | Killed Erolcha
 21637 | D:13     | Killed a vault guard
 21758 | D:13     | Killed a vault guard
 21932 | D:13     | Killed a vault guard
 22456 | D:13     | Killed a vault guard
 22891 | D:13     | Reached skill level 1 in Shields
 23192 | D:13     | Gained mutation: You have very sharp fingernails. [demonic ancestry]
 23192 | D:13     | Reached XP level 13. HP: 99/99 MP: 19/27
 24625 | D:14     | Reached ***** piety under Vehumet
 24643 | D:14     | Offered knowledge of Iskenderun's Battlesphere by Vehumet.
 24650 | D:14     | Learned a level 5 spell: Iskenderun's Battlesphere
 24968 | D:14     | Identified Sif Muna's Guide on Mutagenic Dark Secrets
 25405 | D:15     | Entered Level 15 of the Dungeon
 25674 | D:15     | Noticed an ettin
 26209 | D:15     | Noticed Kirke
 26211 | D:15     | Noticed a sphinx
 26762 | D:15     | Found a staircase to the Depths.
 26937 | D:15     | Reached XP level 14. HP: 106/106 MP: 19/29
 27094 | D:15     | Found a deep blue altar of Sif Muna.
 27097 | D:15     | Found Mijaliesk's Weapon Shop.
 27115 | D:15     | Noticed Louise
 27121 | D:15     | Killed Louise
 27222 | D:15     | Noticed soark's ghost (journeyman DECj)
 28652 | D:9      | Found a transporter.
 28926 | D:12     | Bought a shiny bone wand for 88 gold pieces
 28926 | D:12     | Bought a ring of intelligence for 44 gold pieces
 28926 | D:12     | Bought a scroll labeled ESKYTO RUEMELU for 22 gold pieces
 28926 | D:12     | Bought a scroll of teleportation for 66 gold pieces
 28926 | D:12     | Bought an embroidered scarf for 176 gold pieces
 28926 | D:12     | Bought a potion of haste for 220 gold pieces
 29200 | D:14     | Killed Kirke
 29594 | D:15     | Killed soark's ghost
 29855 | Depths:1 | Entered Level 1 of the Depths
 29861 | Depths:1 | Noticed a stone giant
 30032 | Orc:1    | Entered Level 1 of the Orcish Mines
 30032 | Orc:1    | Found Tyru's Weapon Boutique.
 30048 | Orc:1    | Found Ymeydiewk's Antique Weapon Shop.
 30053 | Orc:1    | Noticed Snorg
 30177 | Orc:1    | Offered knowledge of Spellforged Servitor by Vehumet.
 30187 | Orc:1    | Learned a level 7 spell: Spellforged Servitor
 30414 | Orc:2    | Entered Level 2 of the Orcish Mines
 30415 | Orc:2    | Reached skill level 5 in Dodging
 30424 | Orc:2    | Noticed Saint Roka
 30581 | Orc:1    | Killed Snorg
 30797 | Orc:1    | Found Ysabyl's Assorted Antiques.
 30821 | Orc:1    | Bought a scroll of teleportation for 78 gold pieces
 30831 | Orc:2    | Found a staircase to the Elven Halls.
 30831 | Orc:2    | Found Hoqawnypn's General Store.
 30834 | Orc:2    | Reached skill level 1 in Summonings
 31149 | Orc:1    | Bought a scroll of magic mapping for 91 gold pieces
 31164 | Orc:1    | Found Punekh's Armour Shop.
 31269 | Orc:2    | Found Ikhiynloch's Weapon Shoppe.
 31286 | Orc:2    | Noticed an orc warlord
 32407 | Orc:1    | Killed an orc warlord
 32719 | Orc:2    | Noticed Sonja
 33045 | Orc:2    | Offered knowledge of Bolt of Fire by Vehumet.
 33046 | Orc:2    | Killed Sonja
 33046 | Orc:2    | Paralysed by an orc sorcerer for 2 turns
 33291 | Orc:2    | Noticed an orc warlord
 33298 | Orc:2    | Killed an orc warlord
 33311 | Orc:2    | Gained mutation: You regenerate a lot of health from kills. [demonic ancestry]
 33311 | Orc:2    | Reached XP level 15. HP: 89/115 MP: 7/31
 33751 | Orc:2    | Found Kapp's Jewellery Shop.
 33822 | Orc:2    | Found Kiecza's Antique Armour Emporium.
 33835 | Orc:2    | Found Fihaim's Antique Weapon Shoppe.
 34761 | Orc:2    | Bought a ration for 65 gold pieces
 34761 | Orc:2    | Bought a ration for 65 gold pieces
 34761 | Orc:2    | Bought a scroll of identify for 26 gold pieces
 35244 | Orc:1    | Bought the +10 dagger of Jiumuty {vamp, rC- Int+8 Stlth+} for 982 gold pieces
 35290 | Orc:2    | Killed Saint Roka
 35290 | Orc:2    | Reached skill level 10 in Fighting
 35347 | Elf:1    | Entered Level 1 of the Elven Halls
 35377 | Elf:1    | Found a radiant altar of Vehumet.
 35941 | Elf:1    | Noticed Azrael
 35948 | Elf:1    | Killed Azrael
 36812 | Elf:1    | Learned a level 6 spell: Bolt of Fire
 38053 | Elf:1    | Offered knowledge of Ozocubu's Refrigeration by Vehumet.
 38553 | Elf:1    | Reached skill level 5 in Summonings
 39338 | Elf:3    | Entered Level 3 of the Elven Halls
 39665 | Elf:2    | Noticed Jorgrun
 39669 | Elf:2    | Killed Jorgrun
 40112 | Elf:2    | Got a brightly glowing morningstar
 40154 | Elf:2    | Found a large runed door.
 40154 | Elf:2    | Found a large runed door.
 40181 | Elf:2    | Found a large runed door.
 40181 | Elf:2    | Found a large runed door.
 40482 | Elf:3    | Reached XP level 16. HP: 124/124 MP: 14/33
 40806 | Elf:3    | Noticed an Executioner
 40807 | Elf:3    | Noticed a Hell Sentinel
 40861 | Elf:3    | Noticed a Hell Sentinel
 40862 | Elf:3    | Noticed a Tzitzimitl
 41545 | Elf:3    | Found Taevvix's Jewellery Shoppe.
 41546 | Elf:3    | Found Galaudoq's Gadget Boutique.
 41547 | Elf:3    | Found Xewibaez's Jewellery Shoppe.
 41600 | Elf:3    | Bought the amulet "Zaxt" {Reflect rPois Dex+4 Slay-6 SH+4} for 324 gold pieces
 41611 | Elf:3    | Bought an uncursed ring of magical power for 320 gold pieces
 41825 | Elf:3    | Noticed a deep elf blademaster
 41830 | Elf:3    | Killed a deep elf blademaster
 42138 | Elf:3    | Offered knowledge of Iron Shot by Vehumet.
 42175 | Elf:3    | Learned a level 6 spell: Iron Shot
 42239 | Elf:3    | Got a dazzling morningstar {antimagic}
 42275 | Elf:3    | Reached skill level 1 in Earth Magic
 42800 | Elf:3    | Got a jewelled leather armour
 42802 | Elf:3    | Got a crude great mace {crush}
 42823 | Elf:3    | Noticed a deep elf blademaster
 42837 | Elf:3    | Killed a deep elf blademaster
 42933 | Elf:3    | Noticed a deep elf master archer
 42935 | Elf:3    | Killed a deep elf master archer
 43045 | Elf:3    | Identified the +2 leather armour of the Mutiny {MR++ Int+3} (You took it off a deep elf annihilator on level 3 of the Elven Halls)
 43298 | Elf:3    | Noticed a deep elf master archer
 43299 | Elf:3    | Killed a deep elf master archer
 43429 | Elf:3    | Identified Qeqiode's Guide on Transmigration and Earth
 43432 | Elf:3    | Identified the Collected Works on Dark Protection
 43454 | Elf:3    | Identified a +1 pair of boots of running (You found it on level 3 of the Elven Halls)
 43454 | Elf:3    | Identified a scroll of acquirement
 43457 | Elf:3    | Got a brightly glowing bone ring
 43468 | Elf:3    | Got a warped copper amulet
 43495 | Elf:3    | Got a bloodstained chain mail
 43502 | Elf:3    | Identified the ring "Zapyef" {rPois Str-3 Int+4 Stlth+} (You acquired it on level 3 of the Elven Halls)
 43507 | Elf:3    | Identified the +4 morningstar of Zin's Castigation {freeze, Stlth+} (You found it on level 2 of the Elven Halls)
 43508 | Elf:3    | Identified the +3 morningstar of Havoc {antimagic, *Corrode rElec rPois Str+6} (You took it off a deep elf demonologist on level 3 of the Elven Halls)
 43656 | Elf:3    | Got an iridescent rapier {flame}
 43936 | Lair:1   | Entered Level 1 of the Lair of Beasts
 44208 | Lair:1   | Identified the amulet of Ifreq {Inacc rC++} (You found it on level 3 of the Elven Halls)
 44305 | Lair:1   | Identified the cursed +1 rapier of Vuniowit {flame, MR+} (You took it off a deep elf death mage on level 3 of the Elven Halls)
 45096 | Lair:2   | Offered knowledge of Freezing Cloud by Vehumet.
 45776 | Lair:2   | Identified the +5 chain mail of Kaach {rN+ Slay+5} (You found it on level 3 of the Elven Halls)
 46393 | Lair:3   | Got a heavily runed plate armour
 46553 | Lair:3   | Found a staircase to the Snake Pit.
 46591 | Lair:3   | Reached XP level 17. HP: 129/129 MP: 21/34
 46595 | Lair:3   | Reached skill level 5 in Earth Magic
 47302 | Lair:4   | Identified the +5 great mace "Keocos" {crush, Fragile rPois Str+2} (You took it off a deep elf sorcerer on level 3 of the Elven Halls)
 47475 | Lair:4   | Identified the +6 plate armour of Makhleb's Supremacy {rC+ rN+ SInv} (You found it on level 3 of the Lair of Beasts)
 47693 | Lair:4   | Found a staircase to the Shoals.
 48317 | Lair:5   | Reached skill level 15 in Conjurations
 48579 | Lair:5   | Offered knowledge of Poison Arrow by Vehumet.
 49072 | Lair:6   | Entered Level 6 of the Lair of Beasts
 49525 | Lair:6   | Found a staircase to the Slime Pits.
 50304 | Lair:6   | Reached skill level 15 in Fire Magic
 50446 | Lair:6   | Found an iron altar of Okawaru.
 51145 | Lair:6   | Upgraded the game from 0.22-a0-379-ga9d99d6 to 0.22-a0-388-g09e6169
 51172 | Slime:1  | Entered Level 1 of the Pits of Slime
 51172 | Slime:1  | Noticed an acid blob
 51245 | Lair:6   | Learned a level 8 spell: Ignition
 51256 | Lair:6   | Killed an acid blob
 51496 | Slime:1  | Reached skill level 10 in Dodging
 51584 | Slime:1  | Noticed an acid blob
 51586 | Slime:1  | Noticed an acid blob
 51587 | Slime:1  | Killed an acid blob
 51591 | Slime:1  | Killed an acid blob
 51756 | Slime:2  | Reached ****** piety under Vehumet
 51763 | Slime:2  | Noticed an acid blob
 51766 | Slime:2  | Killed an acid blob
 51909 | Slime:2  | Noticed an acid blob
 51911 | Slime:2  | Killed an acid blob
 52207 | Slime:4  | Noticed an acid blob
 52207 | Slime:4  | Noticed an acid blob
 52207 | Slime:4  | Noticed an acid blob
 52211 | Slime:4  | Killed an acid blob
 52211 | Slime:4  | Killed an acid blob
 52213 | Slime:4  | Killed an acid blob
 52215 | Slime:4  | Noticed an acid blob
 52219 | Slime:4  | Killed an acid blob
 52219 | Slime:4  | Gained mutation: You are completely covered in molten scales. (AC +4, rF+) [demonic ancestry]
 52219 | Slime:4  | Reached XP level 18. HP: 69/138 MP: 11/36
 52353 | Slime:3  | Offered knowledge of Lehudib's Crystal Spear by Vehumet.
 52353 | Slime:3  | Offered knowledge of Shatter by Vehumet.
 52353 | Slime:3  | Offered knowledge of Tornado by Vehumet.
 53278 | Slime:5  | Entered Level 5 of the Pits of Slime
 53680 | Slime:5  | Noticed the Royal Jelly
 54038 | Slime:5  | Gained mutation: You have a pair of small antennae on your head. [a shining eye]
 54154 | Slime:5  | Gained mutation: You are frail. (-10% HP) [a shining eye]
 54886 | Slime:5  | Killed the Royal Jelly
 55069 | Slime:5  | Reached skill level 15 in Spellcasting
 55412 | Slime:5  | Found the +6 Majin-Bo {vamp, Archmagi MP+6 Int+6}
 55413 | Slime:5  | Found the cursed necklace of Bloodlust {*Rage +Rage MR++ Int-3 Slay+6 *Curse}
 55562 | Slime:5  | Got a pair of fine gloves
 55577 | Slime:5  | Got a slimy rune of Zot
 55602 | Slime:5  | Identified the +2 pair of gloves of the Armadillo {MR+++ Str-2 SInv} (You found it on level 5 of the Pits of Slime)
 55607 | Slime:5  | Got a transparent lajatang
 55610 | Slime:5  | Got a heavily runed plate armour
 55625 | Slime:5  | Identified the +10 plate armour "Upsitwao" {Str+5} (You found it on level 5 of the Pits of Slime)
 55649 | Slime:5  | Got distressingly furry ice dragon scales
 56155 | Slime:5  | Reached XP level 19. HP: 115/132 MP: 28/38
 56555 | D:15     | Learned a level 2 spell: Blink
 56558 | D:15     | Learned a level 2 spell: Passwall
 57753 | Depths:1 | Noticed Mara
 58071 | Depths:1 | Killed Mara
 58582 | Depths:1 | Found a gateway to Hell.
 59097 | Depths:1 | Found a one-way gate to the infinite horrors of the Abyss.
 59205 | Depths:2 | Noticed the Enchantress
 59205 | Depths:2 | Reached skill level 1 in Transmutations
 59209 | Depths:2 | Killed the Enchantress
 60699 | Depths:2 | Gained mutation: You have claws for hands. [demonic ancestry]
 60699 | Depths:2 | Reached XP level 20. HP: 140/140 MP: 21/39
 60699 | Depths:2 | Reached skill level 5 in Transmutations
 61850 | Depths:2 | Got faerie dragon scales
 62131 | Depths:2 | Found a one-way gate leading to the halls of Pandemonium.
 62401 | Depths:2 | Identified the +8 faerie dragon scales {MR+ rCorr MP+9} (You took it off the Enchantress on level 2 of the Depths)
 62403 | Depths:2 | Identified the ring "Udaqout" {+Blink rF+ rC+ MP+9} (You took it off a spriggan berserker on level 2 of the Depths)
 63250 | Depths:2 | Learned a level 1 spell: Animate Skeleton
 63304 | Depths:3 | Reached skill level 1 in Necromancy
 63880 | Depths:3 | Noticed a golden dragon
 63886 | Depths:3 | Killed a golden dragon
 64081 | Depths:3 | Reached skill level 5 in Necromancy
 64106 | Depths:3 | Noticed a caustic shrike
 64176 | Depths:3 | Killed a caustic shrike
 65284 | Depths:3 | Gained mutation: You are powered by pain. [demonic ancestry]
 65284 | Depths:3 | Reached XP level 21. HP: 148/148 MP: 31/40
 65758 | Depths:4 | Found Repuescho's Jewellery Emporium.
 65766 | Depths:4 | Found Qoxaxun's Antique Weapon Emporium.
 65768 | Depths:4 | Noticed Sojobo
 65799 | Depths:4 | Found Pabbe's Armour Shoppe.
 66155 | Depths:4 | Noticed a caustic shrike
 66160 | Depths:4 | Killed a caustic shrike
 66551 | Depths:4 | Learned a level 5 spell: Aura of Abjuration
 66676 | Depths:4 | Killed Sojobo
 66676 | Depths:4 | Reached skill level 10 in Transmutations
 66805 | Depths:4 | Found Caoskimo's Magic Scroll Shoppe.
 66815 | Depths:4 | Bought a scroll of blinking for 157 gold pieces
 66815 | Depths:4 | Bought a scroll of enchant armour for 157 gold pieces
 67199 | Depths:4 | Noticed a golden dragon
 67207 | Depths:4 | Killed a golden dragon
 67564 | Depths:4 | Got a scorched whip
 67938 | Depths:4 | Found Macs's Jewellery Emporium.
 67968 | Depths:4 | Found an ornate altar of the Wu Jian Council.
 67970 | Depths:4 | Found a shadowy altar of Dithmenos.
 67970 | Depths:4 | Found an iron altar of Okawaru.
 67972 | Depths:4 | Found a shimmering altar of Xom.
 67972 | Depths:4 | Found a shimmering altar of Xom.
 67972 | Depths:4 | Found a blossoming altar of Fedhas.
 68088 | Depths:5 | Entered Level 5 of the Depths
 68238 | Depths:5 | Found a gateway to a ziggurat.
 68347 | Depths:5 | Noticed a golden dragon
 68350 | Depths:5 | Killed a golden dragon
 68455 | Depths:5 | Reached skill level 10 in Necromancy
 70499 | Depths:5 | Found a gate to the Realm of Zot.
 71601 | Orc:2    | Bought an embroidered robe for 74 gold pieces
 71958 | D:13     | Learned a level 9 spell: Fire Storm
 71963 | Vaults:1 | Entered Level 1 of the Vaults
 72318 | Vaults:1 | Found Feasuywa's Magic Scroll Shop.
 72330 | Vaults:1 | Bought a scroll of fog for 26 gold pieces
 72330 | Vaults:1 | Bought a scroll of fear for 45 gold pieces
 72354 | Vaults:1 | Reached XP level 22. HP: 153/153 MP: 25/42
 72887 | Vaults:1 | Noticed pyroka's ghost (adept HOFi)
 72896 | Vaults:1 | Killed pyroka's ghost
 73549 | Vaults:1 | Identified Sizoism's Volume of the Mutagenic Mountains
 74728 | Vaults:2 | Found Fetiugh's Distillery.
 74748 | Vaults:2 | Bought a potion of curing for 54 gold pieces
 74748 | Vaults:2 | Bought a potion of heal wounds for 90 gold pieces
 74748 | Vaults:2 | Bought a potion of curing for 54 gold pieces
 74748 | Vaults:2 | Bought a potion of curing for 54 gold pieces
 76686 | Vaults:3 | Noticed Mennas
 76977 | Vaults:2 | Learned a level 6 spell: Statue Form
 78121 | Vaults:4 | Lost mutation: You are frail. (-10% HP) [demonic ancestry]
 78121 | Vaults:4 | Gained mutation: You are robust. (+10% HP) [demonic ancestry]
 78121 | Vaults:4 | Reached XP level 23. HP: 133/194 MP: 27/44
 79642 | Vaults:4 | Got an ebony quarterstaff {flame}
 79643 | Vaults:4 | Identified the +5 quarterstaff "Demonspawn's Peril" {flame, +Fly rPois rC- Str+5} (You took it off an ironheart preserver on level 4 of the Vaults)
 79772 | Vaults:4 | Found Camie's Distillery.
 79780 | Vaults:4 | Bought a potion of magic for 136 gold pieces
 79780 | Vaults:4 | Bought a potion of curing for 51 gold pieces
 79780 | Vaults:4 | Bought a potion of heal wounds for 85 gold pieces
 79780 | Vaults:4 | Bought a potion of heal wounds for 85 gold pieces
 79780 | Vaults:4 | Bought a potion of cancellation for 136 gold pieces
 79780 | Vaults:4 | Bought a potion of curing for 51 gold pieces
 79780 | Vaults:4 | Bought a potion of magic for 136 gold pieces
 79780 | Vaults:4 | Bought a potion of invisibility for 136 gold pieces
 81797 | Vaults:5 | Entered Level 5 of the Vaults
 81809 | Vaults:5 | Reached XP level 24. HP: 204/204 MP: 28/45
 82324 | Vaults:5 | Reached skill level 15 in Fighting
 82453 | Vaults:5 | Got a scintillating amethyst amulet
 82471 | Vaults:5 | Got a ripped robe
 82784 | Vaults:5 | Noticed an ancient lich
 82790 | Vaults:5 | Killed an ancient lich
 83475 | Vaults:5 | Reached skill level 15 in Necromancy
 83748 | Vaults:5 | Identified Wes Hyis's Guide on Attacks
 83756 | Vaults:5 | Identified the +1 robe "Zooneg" {+Blink rF+} (You found it on level 5 of the Vaults)
 83757 | Vaults:5 | Identified the amulet of Foolhardiness {Gourm Dex+4} (You found it on level 5 of the Vaults)
 83760 | Vaults:5 | Got a wizard robe
 83761 | Vaults:5 | Identified the +4 robe "Wuijouci" {+Fly rN+} (You found it on level 5 of the Vaults)
 84006 | Vaults:5 | Got a silver rune of Zot
 84336 | Vaults:4 | Bought a potion of mutation for 136 gold pieces
 84396 | Vaults:3 | Found Nukause's Antique Weapon Boutique.
 84461 | Vaults:3 | Killed Mennas
 84599 | Vaults:3 | Found Attumn's Food Shop.
 84607 | Vaults:3 | Bought a ration for 60 gold pieces
 84607 | Vaults:3 | Bought a ration for 60 gold pieces
 84607 | Vaults:3 | Bought a ration for 60 gold pieces
 84607 | Vaults:3 | Bought a ration for 60 gold pieces
 84607 | Vaults:3 | Bought a ration for 60 gold pieces
 84607 | Vaults:3 | Bought a ration for 60 gold pieces
 84607 | Vaults:3 | Bought a ration for 60 gold pieces
 84607 | Vaults:3 | Bought a ration for 60 gold pieces
 84607 | Vaults:3 | Bought a ration for 60 gold pieces
 84607 | Vaults:3 | Bought a ration for 60 gold pieces
 84607 | Vaults:3 | Bought a ration for 60 gold pieces
 84612 | Vaults:3 | Found Nulah's Food Shoppe.
 84629 | Vaults:3 | Bought a ration for 50 gold pieces
 84629 | Vaults:3 | Bought a ration for 50 gold pieces
 84629 | Vaults:3 | Bought a ration for 50 gold pieces
 84629 | Vaults:3 | Bought a ration for 50 gold pieces
 84629 | Vaults:3 | Bought a ration for 50 gold pieces
 84629 | Vaults:3 | Bought a ration for 50 gold pieces
 84629 | Vaults:3 | Bought a ration for 50 gold pieces
 84629 | Vaults:3 | Bought a ration for 50 gold pieces
 84629 | Vaults:3 | Bought a ration for 50 gold pieces
 84629 | Vaults:3 | Bought a ration for 50 gold pieces
 84779 | Vaults:3 | Found Uqiluull's Magic Scroll Boutique.
 84786 | Vaults:3 | Bought a scroll of amnesia for 52 gold pieces
 84786 | Vaults:3 | Bought a scroll of teleportation for 45 gold pieces
 84786 | Vaults:3 | Bought a scroll of amnesia for 52 gold pieces
 84915 | Vaults:3 | Found Wuazicsi's Weapon Shoppe.
 84915 | Vaults:3 | Found Hihog's Book Shoppe.
 84991 | Vaults:3 | Found Deklas's Gadget Shoppe.
 84999 | Vaults:3 | Bought a phantom mirror for 630 gold pieces
 85018 | Vaults:3 | Bought a book of Party Tricks for 900 gold pieces
 85018 | Vaults:3 | Bought a book of Cantrips for 360 gold pieces
 85020 | Vaults:3 | Learned a level 1 spell: Apportation
 85022 | Vaults:3 | Learned a level 1 spell: Summon Butterflies
 85022 | Vaults:3 | Bought a book of Unlife for 1170 gold pieces
 85132 | Vaults:3 | Found a staircase to the Crypt.
 85132 | Vaults:3 | Found an ancient bone altar of Kikubaaqudgha.
 85133 | Vaults:3 | Found a basalt altar of Yredelemnul.
 86216 | D:15     | Identified the +7 lajatang "Giantbane" {drain, rElec MR++} (You found it on level 5 of the Pits of Slime)
 86250 | D:15     | Learned a level 8 spell: Necromutation
 86848 | Snake:1  | Entered Level 1 of the Snake Pit
 86888 | Snake:1  | Gained mutation: You are very robust. (+20% HP) [demonic ancestry]
 86888 | Snake:1  | Reached XP level 25. HP: 206/233 MP: 29/45
 88074 | Snake:2  | Found Faonurgh's Jewellery Shop.
 88074 | Snake:2  | Found Wihuizan's Antique Armour Boutique.
 88082 | Snake:2  | Bought a pair of encrusted boots for 370 gold pieces
 88082 | Snake:2  | Bought a brightly glowing leather armour for 273 gold pieces
 88092 | Snake:2  | Identified the +1 leather armour of Amorality {rCorr} (You bought it in a shop on level 2 of the Snake Pit)
 88195 | Snake:2  | Identified the +0 pair of boots of Ennui {+Blink Str+3 Int+9 Dex-2} (You bought it in a shop on level 2 of the Snake Pit)
 88245 | Snake:2  | Found Liecvefi's Gadget Shop.
 88429 | Snake:2  | Noticed Aizul
 88437 | Snake:2  | Killed Aizul
 89727 | Snake:4  | Entered Level 4 of the Snake Pit
 90174 | Snake:4  | Noticed Vashnia
 90859 | Snake:4  | Killed Vashnia
 92106 | Snake:4  | Got a serpentine rune of Zot
 92710 | D:15     | Got a brightly glowing marble ring
 92711 | D:15     | Identified the ring "Fuxaucos" {rC+ rN++ AC+3} (You acquired it on level 15 of the Dungeon)
 92978 | Shoals:1 | Entered Level 1 of the Shoals
 93187 | Shoals:1 | Noticed Nikola
 93193 | Shoals:1 | Killed Nikola
 95283 | Shoals:3 | Found Piraplun's Assorted Antiques.
 95291 | Shoals:3 | Bought 2 potions of heal wounds for 350 gold pieces
 95291 | Shoals:3 | Bought a scroll of fog for 70 gold pieces
 95291 | Shoals:3 | Bought a metal-bound book for 525 gold pieces
 95841 | Shoals:4 | Entered Level 4 of the Shoals
 95841 | Shoals:4 | Found Webouwn's Weapon Boutique.
 95861 | Shoals:4 | Gained mutation: You are extremely robust. (+30% HP) [demonic ancestry]
 95861 | Shoals:4 | Reached XP level 26. HP: 233/261 MP: 6/46
 95945 | Shoals:4 | Noticed Ilsuiw
 95947 | Shoals:4 | Found Ipruissot's Antique Weapon Shop.
 95957 | Shoals:4 | Killed Ilsuiw
 96401 | Shoals:4 | Got a heavily runed ivory ring
 96754 | Shoals:4 | Got a barnacled rune of Zot
 97762 | Zot:1    | Entered Level 1 of the Realm of Zot
 97763 | Zot:1    | Identified the ring of the Endless Expanse {rN+ MP+9} (You found it on level 4 of the Shoals)
 98333 | Zot:1    | Got a fine lapis lazuli ring
 98617 | Zot:1    | Identified Sif Muna's Grimoire of the Captivating Glacier
100817 | Zot:3    | Noticed an orb of fire
101034 | Zot:3    | Identified the ring of the Death Scarab {rF+ rC+ Str+2 SInv} (You found it on level 1 of the Realm of Zot)
101077 | Zot:3    | Killed an orb of fire
101634 | Zot:3    | Noticed nht's ghost (legendary MiBe)
102456 | Zot:3    | Reached XP level 27. HP: 275/275 MP: 38/46
102694 | Zot:3    | Killed nht's ghost
103660 | Zot:4    | Learned a level 5 spell: Borgnjor's Vile Clutch
104540 | Zot:5    | Entered Level 5 of the Realm of Zot
105116 | Zot:5    | Noticed an orb of fire
105117 | Zot:5    | Noticed an ancient lich
105144 | Zot:5    | Noticed an ancient lich
105151 | Zot:5    | Killed an orb of fire
105152 | Zot:5    | Killed an ancient lich
105310 | Zot:5    | Killed an ancient lich
106649 | Zot:5    | Noticed an ancient lich
106650 | Zot:5    | Killed an ancient lich
106703 | Zot:5    | Noticed an ancient lich
106768 | Zot:5    | Noticed an orb of fire
106776 | Zot:5    | Killed an orb of fire
106868 | Zot:5    | Noticed an ancient lich
106871 | Zot:5    | Killed an ancient lich
107045 | Zot:5    | Noticed an orb of fire
107058 | Zot:5    | Killed an orb of fire
107226 | Zot:5    | Noticed an orb of fire
107232 | Zot:5    | Killed an orb of fire
108205 | Zot:5    | Noticed an orb of fire
108210 | Zot:5    | Killed an orb of fire
108360 | Zot:5    | Noticed an orb of fire
108373 | Zot:5    | Killed an orb of fire
108489 | Zot:5    | Noticed an orb of fire
108502 | Zot:5    | Killed an orb of fire
108913 | Zot:5    | Killed an ancient lich
109534 | Crypt:1  | Entered Level 1 of the Crypt
109541 | Crypt:1  | Noticed a greater mummy
109544 | Crypt:1  | Noticed Khufu
109545 | Crypt:1  | Killed a greater mummy
109548 | Crypt:1  | Noticed a greater mummy
109548 | Crypt:1  | Killed Khufu
109552 | Crypt:1  | Killed a greater mummy
109872 | Crypt:1  | Noticed Xtahua
111660 | Crypt:2  | Found a basalt altar of Yredelemnul.
111864 | Crypt:2  | Killed Xtahua
112087 | Crypt:2  | Found a transporter.
112313 | Crypt:2  | Found a transporter.
112636 | Crypt:2  | Noticed an ancient lich
112649 | Crypt:2  | Killed an ancient lich
113055 | Crypt:2  | Got a sparkling jade amulet
113064 | Crypt:2  | Got an ancient wooden ring
113078 | Crypt:2  | Identified the Incunabulum of Battle Magic and Changing
113094 | Crypt:2  | Identified the amulet of the Four Tales {Spirit rElec rF+ Str+2 Int-2} (You found it on level 2 of the Crypt)
113095 | Crypt:2  | Identified the ring of Light {MP+9 Int+3} (You found it on level 2 of the Crypt)
113157 | Crypt:3  | Entered Level 3 of the Crypt
113362 | Crypt:3  | Reached skill level 15 in Dodging
113758 | Crypt:3  | Noticed Boris
113763 | Crypt:3  | Killed Boris
114411 | Crypt:3  | Noticed an ancient lich
114412 | Crypt:3  | Found an ancient bone altar of Kikubaaqudgha.
114419 | Crypt:3  | Killed an ancient lich
114457 | Crypt:3  | Got a translucent steel ring
114457 | Crypt:3  | Got a crude bone ring
114487 | Crypt:3  | Identified the ring of Miracles {rN+ MR- MP+9 Str+6} (You found it on level 3 of the Crypt)
114622 | Crypt:3  | Found a staircase to the Tomb.
114638 | Tomb:1   | Entered Level 1 of the Tomb of the Ancients
115072 | Tomb:1   | Noticed a greater mummy
115081 | Tomb:1   | Killed a greater mummy
115225 | Tomb:1   | Noticed a greater mummy
115228 | Tomb:1   | Killed a greater mummy
116089 | Tomb:1   | Learned a level 8 spell: Infestation
116859 | Depths:5 | Identified the ring of Nalus {rPois rF+ rN+ Str-2 Stlth+} (You found it on level 3 of the Crypt)
117175 | Zig:1    | Entered Level 1 of a ziggurat
117177 | Zig:1    | Lost strength.
117227 | Zig:2    | Entered Level 2 of a ziggurat
117254 | Zig:3    | Entered Level 3 of a ziggurat
117282 | Zig:4    | Entered Level 4 of a ziggurat
117407 | Zig:5    | Entered Level 5 of a ziggurat
117441 | Zig:6    | Entered Level 6 of a ziggurat
117491 | Zig:7    | Entered Level 7 of a ziggurat
117556 | Zig:8    | Entered Level 8 of a ziggurat
117606 | Zig:8    | Got a brightly glowing plate armour
117610 | Zig:8    | Got a scorched ring mail
117622 | Zig:8    | Identified the +3 ring mail of the Lost People {rC- rN+ Slay+3} (You found it on level 8 of a ziggurat)
117632 | Zig:8    | Identified the +0 plate armour of the Prince of Darkness {rPois Dex+6 Stlth-} (You found it on level 8 of a ziggurat)
117713 | Zig:9    | Entered Level 9 of a ziggurat
117848 | Zig:10   | Entered Level 10 of a ziggurat
117881 | Zig:10   | Found the +3 giant club "Skullcrusher" {speed, Str+7}
117915 | Zig:10   | Identified the cursed +0 robe "Obiusuh" {SInv} (You found it on level 10 of a ziggurat)
117935 | Zig:11   | Entered Level 11 of a ziggurat
117949 | Zig:11   | Found the +7 great mace "Firestarter" {inner flame, rF++}
118027 | Zig:11   | Got a clouded bronze amulet
118049 | Zig:11   | Got a faintly humming hat
118060 | Zig:11   | Identified the +4 hat of Xomne {-Cast rC+ Str+3} (You acquired it on level 11 of a ziggurat)
118077 | Zig:12   | Entered Level 12 of a ziggurat
118085 | Zig:12   | Reached skill level 10 in Earth Magic
118117 | Zig:13   | Entered Level 13 of a ziggurat
118176 | Zig:13   | Got a faintly glowing silver ring
118189 | Zig:13   | Identified the ring of Ishod {rElec MR+ Dex+5} (You found it on level 13 of a ziggurat)
118195 | Zig:14   | Entered Level 14 of a ziggurat
118236 | Zig:14   | Got a pair of crude boots
118243 | Zig:14   | Identified the Disquisition on Beguiling
118251 | Zig:14   | Got a twisted ring mail
118272 | Zig:14   | Identified the +5 ring mail of Inference {Str+4} (You found it on level 14 of a ziggurat)
118294 | Zig:14   | Identified the +2 pair of boots "Erphiqae" {rF- Dex+6 Stlth+} (You found it on level 14 of a ziggurat)
118330 | Zig:15   | Entered Level 15 of a ziggurat
118361 | Zig:15   | Got a sparkling lead ring
118363 | Zig:15   | Got a wavering lapis lazuli ring
118366 | Zig:15   | Identified the Papyrus of Feathery Cold
118375 | Zig:15   | Identified the Catalogue of the Escort and Envenoming
118377 | Zig:15   | Identified the Handbook of Damaging Toxins
118380 | Zig:15   | Identified the cursed ring of Irixeh {rF+ rN+ Str-4 Int+2 Dex+4} (You found it on level 15 of a ziggurat)
118382 | Zig:15   | Identified the ring of the Eagle {Ice rPois} (You found it on level 15 of a ziggurat)
118431 | Zig:16   | Entered Level 16 of a ziggurat
118625 | Zig:16   | Identified the Papyrus of Spatial Toxins
118632 | Zig:16   | Identified the Reference Book on the Voyage and Beguiling
118649 | Zig:16   | Got a faintly glowing quick blade
118652 | Zig:16   | Identified the +4 quick blade "Eviscerator" {pierce, rPois Str+2 Dex+2} (You found it on level 16 of a ziggurat)
118655 | Zig:16   | Identified the amulet of Olijepn {Faith rC+} (You acquired it on level 11 of a ziggurat)
118659 | Zig:17   | Entered Level 17 of a ziggurat
118669 | Zig:17   | Reached skill level 1 in Translocations
118671 | Zig:17   | Noticed a greater mummy
118672 | Zig:17   | Killed a greater mummy
118673 | Zig:17   | Noticed a greater mummy
118673 | Zig:17   | Noticed a greater mummy
118673 | Zig:17   | Noticed a greater mummy
118674 | Zig:17   | Killed a greater mummy
118674 | Zig:17   | Killed a greater mummy
118675 | Zig:17   | Killed a greater mummy
118679 | Zig:17   | Killed a greater mummy
118681 | Zig:17   | Noticed a greater mummy
118681 | Zig:17   | Noticed a greater mummy
118681 | Zig:17   | Killed a greater mummy
118684 | Zig:17   | Killed a greater mummy
118840 | Zig:17   | Identified the Reference Book on the Hurtful Snowflakes
118863 | Zig:17   | Got a heavily runed jade ring
118875 | Zig:17   | Got a smoking ring mail
118887 | Zig:17   | Identified the +1 ring mail "Jest" {rElec rC+++ Str+4 Dex-5} (You found it on level 17 of a ziggurat)
118898 | Zig:17   | Got an ichor-stained cloak
118917 | Zig:17   | Identified the cursed +0 cloak of a volcano {Int+2 Dex+4} (You found it on level 17 of a ziggurat)
118921 | Zig:18   | Entered Level 18 of a ziggurat
118955 | Zig:18   | Found the +3 sling "Punk" {acid, rCorr}
119039 | Zig:19   | Entered Level 19 of a ziggurat
119056 | Zig:19   | Reached skill level 10 in Translocations
119059 | Zig:19   | Noticed an ancient lich
119062 | Zig:19   | Killed an ancient lich
119066 | Zig:19   | Found the +10 zealot's sword {holy, *Rage rN+ EV+3}
119072 | Zig:19   | Identified Dirurrin's Guide on Floating Cold
119076 | Zig:19   | Identified the Tome of Quantum Necromancy
119083 | Zig:19   | Got a shimmering garnet amulet
119151 | Zig:20   | Entered Level 20 of a ziggurat
119220 | Zig:20   | Got a serpentine bone ring
119248 | Zig:20   | Got a heavily runed lead ring
119252 | Zig:20   | Identified the ring "Xepusair" {+Inv rC+ rN++ Str-5 Stlth+} (You found it on level 20 of a ziggurat)
119254 | Zig:20   | Identified the ring "Qulip" {rPois rN+ MR- Int-4 SInv} (You found it on level 17 of a ziggurat)
119258 | Zig:20   | Identified the ring of Taom {Str+3 Dex+7 Stlth-} (You found it on level 20 of a ziggurat)
119302 | Zig:21   | Entered Level 21 of a ziggurat
119315 | Zig:21   | Noticed a greater mummy
119317 | Zig:21   | Noticed a greater mummy
119318 | Zig:21   | Noticed a greater mummy
119319 | Zig:21   | Noticed a greater mummy
119319 | Zig:21   | Noticed a greater mummy
119319 | Zig:21   | Noticed a greater mummy
119320 | Zig:21   | Noticed a greater mummy
119320 | Zig:21   | Killed a greater mummy
119320 | Zig:21   | Killed a greater mummy
119320 | Zig:21   | Killed a greater mummy
119321 | Zig:21   | Killed a greater mummy
119321 | Zig:21   | Killed a greater mummy
119323 | Zig:21   | Killed a greater mummy
119325 | Zig:21   | Killed a greater mummy
119326 | Zig:21   | Noticed a greater mummy
119326 | Zig:21   | Killed a greater mummy
119328 | Zig:21   | Noticed a greater mummy
119328 | Zig:21   | Killed a greater mummy
119330 | Zig:21   | Noticed a greater mummy
119332 | Zig:21   | Noticed a greater mummy
119332 | Zig:21   | Killed a greater mummy
119332 | Zig:21   | Reached skill level 15 in Earth Magic
119333 | Zig:21   | Killed a greater mummy
119343 | Zig:21   | Found the +8 autumn katana {slice, Clar}
119362 | Zig:21   | Got a transparent golden ring
119494 | Zig:22   | Entered Level 22 of a ziggurat
119503 | Zig:22   | Noticed a juggernaut
119504 | Zig:22   | Noticed a juggernaut
119505 | Zig:22   | Killed a juggernaut
119507 | Zig:22   | Killed a juggernaut
119513 | Zig:22   | Noticed a juggernaut
119514 | Zig:22   | Noticed a juggernaut
119515 | Zig:22   | Killed a juggernaut
119516 | Zig:22   | Killed a juggernaut
119517 | Zig:22   | Killed a juggernaut
119519 | Zig:22   | Noticed a juggernaut
119521 | Zig:22   | Killed a juggernaut
119544 | Zig:22   | Got a spiked hat
119557 | Zig:22   | Upgraded the game from 0.22-a0-388-g09e6169 to 0.22-a0-389-g8519d86
119594 | Zig:22   | Learned a level 8 spell: Controlled Blink
119606 | Zig:22   | Identified the +1 hat "Cacheal" {rN+ rCorr} (You found it on level 22 of a ziggurat)
119616 | Zig:22   | Got an ichor-stained whip
119672 | Zig:22   | Identified the ring of Law {+Inv +Fly Str+3 Int+3} (You found it on level 21 of a ziggurat)
119695 | Zig:23   | Entered Level 23 of a ziggurat
119703 | Zig:23   | Reached skill level 15 in Translocations
119710 | Zig:23   | Noticed a greater mummy
119710 | Zig:23   | Noticed a greater mummy
119710 | Zig:23   | Killed a greater mummy
119711 | Zig:23   | Killed a greater mummy
119712 | Zig:23   | Killed a greater mummy
119713 | Zig:23   | Noticed a greater mummy
119715 | Zig:23   | Killed a greater mummy
119717 | Zig:23   | Noticed a greater mummy
119718 | Zig:23   | Killed a greater mummy
119723 | Zig:23   | Noticed a greater mummy
119724 | Zig:23   | Noticed a greater mummy
119726 | Zig:23   | Killed a greater mummy
119726 | Zig:23   | Killed a greater mummy
119733 | Zig:23   | Noticed a greater mummy
119733 | Zig:23   | Killed a greater mummy
119892 | Zig:23   | Got a slimy iron ring
119896 | Zig:23   | Identified Xiufyov's Tome of Dusty Beguiling
119905 | Zig:23   | Got a transparent tin ring
119907 | Zig:23   | Got a twitching steel ring
120098 | Zig:24   | Entered Level 24 of a ziggurat
120098 | Zig:24   | Noticed 4thArraOfDagon's ghost (legendary DsEE)
120108 | Zig:24   | Killed 4thArraOfDagon's ghost
120156 | Zig:24   | Identified the ring of Tied {rPois rF+ Dex+4 Slay-2 Stlth-} (You found it on level 23 of a ziggurat)
120157 | Zig:24   | Identified the amulet of Eggiti {RegenMP rElec rC- Str+5 Int+4} (You found it on level 19 of a ziggurat)
120182 | Zig:24   | Found the ring of the Mage {Wiz MR++ Int+3}
120192 | Zig:24   | Got a slimy silver ring
120240 | Zig:24   | Identified the ring of Kyiz {EV+4 Dex+2} (You found it on level 23 of a ziggurat)
120242 | Zig:24   | Identified the ring "Muymarin" {Ice *Slow +Blink Str+4 Int+4} (You found it on level 24 of a ziggurat)
120244 | Zig:24   | Identified the ring "Zeroic" {rC+++ MR+ Dex-3 SInv Stlth-} (You found it on level 23 of a ziggurat)
120269 | Zig:25   | Entered Level 25 of a ziggurat
120368 | Zig:25   | Identified the Reference Book on Torrid Attacks
120379 | Zig:25   | Identified the ring "Lucwedoj" {rElec rC- Int+2 SInv} (You found it on level 25 of a ziggurat)
120398 | Zig:25   | Identified Viusiah's Arcane Secrets of Wizardry
120420 | Zig:26   | Entered Level 26 of a ziggurat
120449 | Zig:26   | Noticed an ancient lich
120459 | Zig:26   | Noticed an ancient lich
120462 | Zig:26   | Killed an ancient lich
120462 | Zig:26   | Killed an ancient lich
120469 | Zig:26   | Noticed an ancient lich
120473 | Zig:26   | Killed an ancient lich
120490 | Zig:26   | Found the ring of Shadows {Umbra +Inv Stlth+}
120491 | Zig:26   | Found the +8 lance "Wyrmbane" {slay drac, rPois rF+ rC+ AC+3}
120512 | Zig:26   | Got a brightly glowing steel amulet
120525 | Zig:26   | Identified the Catalogue of the Hundredfold Shrikes
120643 | Zig:27   | Entered Level 27 of a ziggurat
120650 | Zig:27   | Noticed a juggernaut
120652 | Zig:27   | Killed a juggernaut
120654 | Zig:27   | Noticed a juggernaut
120655 | Zig:27   | Noticed a juggernaut
120655 | Zig:27   | Noticed a juggernaut
120655 | Zig:27   | Noticed a juggernaut
120657 | Zig:27   | Noticed a juggernaut
120657 | Zig:27   | Killed a juggernaut
120658 | Zig:27   | Killed a juggernaut
120658 | Zig:27   | Killed a juggernaut
120658 | Zig:27   | Killed a juggernaut
120658 | Zig:27   | Killed a juggernaut
120659 | Zig:27   | Noticed a juggernaut
120662 | Zig:27   | Noticed a juggernaut
120662 | Zig:27   | Killed a juggernaut
120663 | Zig:27   | Killed a juggernaut
120664 | Zig:27   | Noticed a juggernaut
120664 | Zig:27   | Noticed a juggernaut
120666 | Zig:27   | Noticed a juggernaut
120667 | Zig:27   | Killed a juggernaut
120667 | Zig:27   | Killed a juggernaut
120667 | Zig:27   | Killed a juggernaut
120668 | Zig:27   | Noticed a juggernaut
120670 | Zig:27   | Killed a juggernaut
120724 | Zig:27   | Got an ichor-stained chain mail
120760 | Zig:27   | Identified the cursed +0 chain mail "Raighaig" {Dex+3} (You found it on level 27 of a ziggurat)
120807 | Depths:5 | Learned a level 7 spell: Malign Gateway
120813 | Depths:5 | Learned a level 5 spell: Borgnjor's Vile Clutch
120816 | Depths:5 | Learned a level 2 spell: Blink
120825 | Zig:1    | Entered Level 1 of a ziggurat
120847 | Zig:2    | Entered Level 2 of a ziggurat
120874 | Zig:3    | Entered Level 3 of a ziggurat
120923 | Zig:3    | Got a scorched lead amulet
120924 | Zig:3    | Identified the amulet "Virumeen" {Acrobat +Inv +Fly rElec rC-} (You found it on level 26 of a ziggurat)
120925 | Zig:3    | Identified the amulet "Gugoetz" {Spirit +Inv rC+ Int+4 Dex-4} (You acquired it on level 3 of a ziggurat)
121030 | Zig:4    | Entered Level 4 of a ziggurat
121178 | Zig:5    | Entered Level 5 of a ziggurat
121180 | Zig:5    | Reached skill level 27 in Spellcasting
121313 | Zig:6    | Entered Level 6 of a ziggurat
121338 | Zig:7    | Entered Level 7 of a ziggurat
121429 | Zig:7    | Identified the cursed +1 short sword of Badimmol {pierce, -Tele rN+ MP+9 Dex+4} (You found it on level 7 of a ziggurat)
121435 | Zig:7    | Got a heavily runed shield
121446 | Zig:7    | Identified the +3 shield of Failure {rN+ Dex+2} (You acquired it on level 7 of a ziggurat)
121577 | Zig:8    | Entered Level 8 of a ziggurat
121607 | Zig:8    | Found the +9 heavy crossbow "Sniper" {velocity, Acc+∞ SInv}
121642 | Zig:8    | Got a steaming broad axe
121689 | Zig:9    | Entered Level 9 of a ziggurat
121697 | Zig:9    | Paralysed by a floating eye for 3 turns
121701 | Zig:9    | Reached skill level 5 in Shields
121744 | Zig:10   | Entered Level 10 of a ziggurat
121813 | Zig:10   | Got a silken robe
121824 | Zig:10   | Identified the cursed +0 robe "Qeleba Kire" {rPois rC++ Str+4 Int-3} (You found it on level 10 of a ziggurat)
121848 | Zig:11   | Entered Level 11 of a ziggurat
121906 | Zig:12   | Entered Level 12 of a ziggurat
121950 | Zig:12   | Identified the Papyrus of Flamy Talismans
121992 | Zig:13   | Entered Level 13 of a ziggurat
122079 | Zig:13   | Lost mutation: You have a pair of small antennae on your head. [potion of mutation]
122079 | Zig:13   | Gained mutation: Your flesh is heat resistant. (rF+) [potion of mutation]
122079 | Zig:13   | Gained mutation: Your spells are a little easier to cast, but a little less powerful. [potion of mutation]
122079 | Zig:13   | Gained mutation: Your mind is acute. (Int +2) [potion of mutation]
122080 | Zig:13   | Lost mutation: Your spells are a little easier to cast, but a little less powerful. [potion of mutation]
122080 | Zig:13   | Lost mutation: Your mind is acute. (Int +2) [potion of mutation]
122080 | Zig:13   | Lost mutation: Your flesh is heat resistant. (rF+) [potion of mutation]
122080 | Zig:13   | Gained mutation: You evolve. [potion of mutation]
122080 | Zig:13   | Gained mutation: Your flesh is heat resistant. (rF+) [potion of mutation]
122080 | Zig:13   | Gained mutation: You have supernaturally acute eyesight. (SInv) [potion of mutation]
122106 | Zig:14   | Entered Level 14 of a ziggurat
122117 | Zig:14   | Noticed an ancient lich
122119 | Zig:14   | Killed an ancient lich
122124 | Zig:14   | Noticed an ancient lich
122125 | Zig:14   | Killed an ancient lich
122138 | Zig:14   | Identified the Collected Works on the Shifting Snowflakes
122159 | Zig:15   | Entered Level 15 of a ziggurat
122298 | Zig:15   | Found the brooch of Shielding {Reflect SH+8}
122367 | Zig:16   | Entered Level 16 of a ziggurat
122391 | Zig:16   | Reached skill level 10 in Shields
122412 | Zig:16   | Identified the Compendium of Destructive Changing
122436 | Zig:16   | Identified the Tome of Displaced Combat Magic
122456 | Zig:16   | Identified the +8 scale mail "Obucacw" {-Cast rPois MR+} (You found it on level 16 of a ziggurat)
122563 | Zig:17   | Entered Level 17 of a ziggurat
122597 | Zig:17   | Found the +2 cloak of the Thief {+Fog Slay-2 SInv Stlth+}
122677 | Zig:17   | Identified the Handbook of Ashen Dark Rituals
122681 | Zig:17   | Identified the Guide on the Warped Oath
122707 | Zig:17   | Got a pair of faintly humming boots
122720 | Zig:17   | Identified the +2 pair of boots of Nink {Slay+2} (You found it on level 17 of a ziggurat)
122730 | Zig:17   | Got a scorched iron ring
122738 | Zig:17   | Got a bloodstained leather armour
122761 | Zig:17   | Identified the +1 leather armour of Grace {rElec rC- Int+2 Stlth+} (You found it on level 17 of a ziggurat)
122769 | Zig:17   | Identified the ring "Ivest" {rF+ rC- AC+4 Str+2 SInv} (You found it on level 17 of a ziggurat)
122916 | Zig:18   | Entered Level 18 of a ziggurat
122978 | Zig:18   | Got a twisted plate armour
122989 | Zig:18   | Identified the +5 plate armour of Darkness {Dex+6} (You found it on level 18 of a ziggurat)
123048 | Zig:19   | Entered Level 19 of a ziggurat
123057 | Zig:19   | Noticed a juggernaut
123059 | Zig:19   | Noticed a juggernaut
123061 | Zig:19   | Noticed a juggernaut
123063 | Zig:19   | Noticed a juggernaut
123063 | Zig:19   | Killed a juggernaut
123064 | Zig:19   | Killed a juggernaut
123064 | Zig:19   | Killed a juggernaut
123065 | Zig:19   | Killed a juggernaut
123067 | Zig:19   | Noticed a juggernaut
123070 | Zig:19   | Noticed a juggernaut
123072 | Zig:19   | Killed a juggernaut
123077 | Zig:19   | Killed a juggernaut
123080 | Zig:19   | Noticed a juggernaut
123083 | Zig:19   | Killed a juggernaut
123170 | Zig:19   | Got a brightly glowing leather armour
123193 | Zig:19   | Got a crude silver ring
123197 | Zig:19   | Identified the ring "Buiserph" {Wiz +Blink Int+4 SInv} (You found it on level 19 of a ziggurat)
123213 | Zig:20   | Entered Level 20 of a ziggurat
123235 | Zig:20   | Noticed Esaunt the pandemonium lord
123239 | Zig:20   | Killed Esaunt the pandemonium lord
123338 | Zig:20   | Got a brightly glowing platinum ring
123354 | Zig:20   | Identified the ring of Vih Furi {*Corrode rPois rN+ Str+2} (You found it on level 20 of a ziggurat)
123361 | Zig:21   | Entered Level 21 of a ziggurat
123374 | Zig:21   | Noticed a greater mummy
123375 | Zig:21   | Noticed a greater mummy
123376 | Zig:21   | Killed a greater mummy
123377 | Zig:21   | Killed a greater mummy
123382 | Zig:21   | Noticed a greater mummy
123382 | Zig:21   | Noticed a greater mummy
123383 | Zig:21   | Killed a greater mummy
123383 | Zig:21   | Killed a greater mummy
123386 | Zig:21   | Noticed a greater mummy
123388 | Zig:21   | Noticed a greater mummy
123388 | Zig:21   | Killed a greater mummy
123389 | Zig:21   | Killed a greater mummy
123390 | Zig:21   | Noticed a greater mummy
123391 | Zig:21   | Noticed a greater mummy
123391 | Zig:21   | Noticed a greater mummy
123392 | Zig:21   | Killed a greater mummy
123392 | Zig:21   | Killed a greater mummy
123392 | Zig:21   | Killed a greater mummy
123394 | Zig:21   | Noticed a greater mummy
123394 | Zig:21   | Noticed a greater mummy
123395 | Zig:21   | Killed a greater mummy
123396 | Zig:21   | Noticed a greater mummy
123397 | Zig:21   | Killed a greater mummy
123397 | Zig:21   | Killed a greater mummy
123400 | Zig:21   | Noticed a greater mummy
123401 | Zig:21   | Killed a greater mummy
123419 | Zig:21   | Identified the Catalogue of Snow and the Arsonist
123425 | Zig:21   | Got a faintly glowing zirconium amulet
123431 | Zig:21   | Reached skill level 27 in Conjurations
123454 | Zig:21   | Identified the amulet "Nupu" {Acrobat rPois rN+ Dex+4} (You found it on level 21 of a ziggurat)
123553 | Zig:22   | Entered Level 22 of a ziggurat
123565 | Zig:22   | Reached skill level 27 in Fighting
123666 | Zig:22   | Identified the Handbook of Glamour
123668 | Zig:22   | Identified Guimoite's Volume of Confrontation
123799 | Zig:23   | Entered Level 23 of a ziggurat
123849 | Zig:23   | Found the +7 captain's cutlass {speed, disarm}
123851 | Zig:23   | Found the macabre finger necklace {rN+}
123858 | Zig:23   | Got a glittering sapphire amulet
123864 | Zig:23   | Got a bloodstained helmet
123893 | Zig:23   | Identified the cursed -7 helmet of Musesk {Int+2} (You found it on level 23 of a ziggurat)
123904 | Zig:23   | Got an ancient robe
123917 | Zig:23   | Identified the +4 robe of Kets {MR+} (You found it on level 23 of a ziggurat)
123951 | Zig:23   | Got a dazzling plate armour
123957 | Zig:23   | Identified the cursed +0 plate armour "Ymouth" {*Contam rElec rC+ Dex+3} (You found it on level 23 of a ziggurat)
124097 | Zig:24   | Entered Level 24 of a ziggurat
124114 | Zig:24   | Noticed a juggernaut
124117 | Zig:24   | Noticed a juggernaut
124117 | Zig:24   | Killed a juggernaut
124121 | Zig:24   | Killed a juggernaut
124169 | Zig:24   | Identified Ciwkeh's Compendium of Boosting Transformation
124194 | Zig:24   | Identified the amulet "Wioteibivio" {Gourm Str+4} (You found it on level 23 of a ziggurat)
124196 | Zig:24   | Identified the +7 double sword of Dairevuc {slice, +Fly} (You found it on level 24 of a ziggurat)
124199 | Zig:24   | Identified the cursed +0 chain mail "Toocionewa" {*Contam Str+8 Dex+2} (You found it on level 24 of a ziggurat)
124209 | Zig:25   | Entered Level 25 of a ziggurat
124232 | Zig:25   | Reached skill level 27 in Fire Magic
124287 | Zig:25   | Identified the Incunabulum of the Bewitching Birds
124365 | Zig:26   | Entered Level 26 of a ziggurat
124468 | Zig:26   | Identified Further Steps in Wizardry
124475 | Zig:26   | Got a flickering copper ring
124491 | Zig:26   | Identified the +11 chain mail of Lifelessness {rF- Int+4} (You found it on level 26 of a ziggurat)
124495 | Zig:26   | Identified the ring of Moanica {rElec EV+6 Int+2} (You found it on level 26 of a ziggurat)
124500 | Zig:26   | Identified the -3 pair of boots of the Snail {+Blink rPois Regen+ Dex-3} (You found it on level 26 of a ziggurat)
124523 | Zig:27   | Entered Level 27 of a ziggurat
124541 | Zig:27   | Reached skill level 27 in Dodging
124589 | Zig:27   | Found the +8 demon blade "Leech" {vamp, rN+ AC-3 EV-3}
124596 | Zig:27   | Got a smoking pewter amulet
124599 | Zig:27   | Got a translucent steel ring
124602 | Zig:27   | Got a coiled wooden ring
124627 | Zig:27   | Got a transparent shield
124638 | Zig:27   | Identified the cursed +0 shield "Utyuzuaj" {Stlth+} (You found it on level 27 of a ziggurat)
124655 | Zig:27   | Identified the ring "Jouc" {EV+2 Str-2 SInv Stlth+} (You found it on level 27 of a ziggurat)
124657 | Zig:27   | Identified the ring of Reolenia {rN++ Int-4 Stlth+} (You found it on level 27 of a ziggurat)
124682 | Zig:1    | Entered Level 1 of a ziggurat
124699 | Zig:2    | Entered Level 2 of a ziggurat
124716 | Zig:3    | Entered Level 3 of a ziggurat
124718 | Zig:3    | Noticed an orb of fire
124719 | Zig:3    | Noticed an orb of fire
124724 | Zig:3    | Killed an orb of fire
124725 | Zig:3    | Killed an orb of fire
124790 | Zig:4    | Entered Level 4 of a ziggurat
124848 | Zig:5    | Entered Level 5 of a ziggurat
124893 | Zig:6    | Entered Level 6 of a ziggurat
124949 | Zig:6    | Identified the ring of Conversion {rF+ Str+3 SInv Stlth-} (You found it on level 6 of a ziggurat)
124950 | Zig:6    | Identified the amulet "Beoduizo" {Regen+ Str+5} (You found it on level 27 of a ziggurat)
124968 | Zig:7    | Entered Level 7 of a ziggurat
124987 | Zig:7    | Gained mutation: You are resistant to hostile enchantments. (MR+) [evolution]
124987 | Zig:7    | Lost mutation: You evolve. [end of evolution]
125005 | Zig:7    | Got a fine scythe
125011 | Zig:7    | Learned a level 1 spell: Freeze
125024 | Zig:7    | Learned a level 9 spell: Shatter
125091 | Zig:7    | Learned a level 9 spell: Glaciate
125092 | Zig:8    | Entered Level 8 of a ziggurat
125099 | Zig:8    | Reached skill level 1 in Ice Magic
125136 | Zig:9    | Entered Level 9 of a ziggurat
125145 | Zig:9    | Noticed an ancient lich
125147 | Zig:9    | Reached skill level 15 in Shields
125148 | Zig:9    | Reached skill level 5 in Ice Magic
125149 | Zig:9    | Killed an ancient lich
125156 | Zig:9    | Found the +10 dark maul {crush}
125183 | Zig:9    | Identified Sif Muna's Almanac of Damage Dealing
125211 | Zig:9    | Got a shimmering turquoise ring
125320 | Zig:10   | Entered Level 10 of a ziggurat
125332 | Zig:10   | Noticed an ancient lich
125334 | Zig:10   | Noticed an ancient lich
125334 | Zig:10   | Killed an ancient lich
125334 | Zig:10   | Killed an ancient lich
125338 | Zig:10   | Noticed an ancient lich
125340 | Zig:10   | Killed an ancient lich
125342 | Zig:10   | Found the +0 sword of Power
125418 | Zig:11   | Entered Level 11 of a ziggurat
125557 | Zig:11   | Reached skill level 10 in Ice Magic
125573 | Zig:11   | Identified the ring of Fragile Peace {rElec MR+ SInv} (You found it on level 9 of a ziggurat)
125682 | Zig:12   | Entered Level 12 of a ziggurat
125748 | Zig:12   | Got a jewelled plate armour
125752 | Zig:13   | Entered Level 13 of a ziggurat
125761 | Zig:13   | Reached skill level 1 in Armour
125769 | Zig:13   | Reached skill level 5 in Armour
125784 | Zig:13   | Identified the Volume of Shape Shifting and Weightlessness
125796 | Zig:13   | Identified the Volume of Protection and Cold
125922 | Zig:14   | Entered Level 14 of a ziggurat
125936 | Zig:14   | Reached skill level 15 in Ice Magic
125970 | Zig:14   | Identified Sif Muna's Handbook of Weightlessness
125986 | Zig:15   | Entered Level 15 of a ziggurat
126000 | Zig:15   | Noticed a greater mummy
126001 | Zig:15   | Noticed a greater mummy
126003 | Zig:15   | Noticed a greater mummy
126005 | Zig:15   | Killed a greater mummy
126006 | Zig:15   | Killed a greater mummy
126007 | Zig:15   | Reached skill level 10 in Armour
126008 | Zig:15   | Noticed a greater mummy
126009 | Zig:15   | Killed a greater mummy
126010 | Zig:15   | Noticed a greater mummy
126011 | Zig:15   | Killed a greater mummy
126013 | Zig:15   | Killed a greater mummy
126014 | Zig:15   | Noticed a greater mummy
126014 | Zig:15   | Noticed a greater mummy
126014 | Zig:15   | Killed a greater mummy
126016 | Zig:15   | Noticed a greater mummy
126016 | Zig:15   | Killed a greater mummy
126017 | Zig:15   | Killed a greater mummy
126021 | Zig:15   | Noticed a greater mummy
126023 | Zig:15   | Killed a greater mummy
126040 | Zig:15   | Found the +9 scales of the Dragon King {rPois rF+ rC+ MR+}
126047 | Zig:15   | Identified The Intricacies of Magic
126071 | Zig:15   | Identified the Reference Book on Fetching Air
126083 | Zig:16   | Entered Level 16 of a ziggurat
126117 | Zig:16   | Found the +2 Maxwell's thermic engine {flame, freeze, rF- rC-}
126120 | Zig:16   | Found the ring of Phasing {EV+8}
126134 | Zig:16   | Identified the Disquisition on Unholy Boosts
126136 | Zig:16   | Identified the Incunabulum of Conjuration
126152 | Zig:16   | Identified the Reference Book on Flames and Poisoning
126154 | Zig:16   | Identified Sif Muna's Disquisition on Icy Poison
126222 | Zig:17   | Entered Level 17 of a ziggurat
126302 | Zig:17   | Identified the +8 plate armour of the Poles {rPois rN+ Slay+2} (You found it on level 12 of a ziggurat)
126307 | Zig:17   | Identified the +5 scale mail of Celoum {rC+ Str-5 Dex+5} (You found it on level 17 of a ziggurat)
126309 | Zig:17   | Identified a +2 pair of boots of running (You found it on level 17 of a ziggurat)
126382 | Zig:18   | Entered Level 18 of a ziggurat
126437 | Zig:18   | Found the +11 plutonium sword {*Contam Stlth-}
126442 | Zig:18   | Identified the Reference Book on Destructive Companions
126449 | Zig:18   | Got a slimy copper ring
126464 | Zig:18   | Got a heavily runed jade ring
126472 | Zig:18   | Identified the +6 plate armour "Qaokidae" {rElec} (You found it on level 18 of a ziggurat)
126513 | Zig:19   | Entered Level 19 of a ziggurat
126524 | Zig:19   | Noticed an ancient lich
126530 | Zig:19   | Killed an ancient lich
126546 | Zig:19   | Noticed an ancient lich
126547 | Zig:19   | Noticed an ancient lich
126547 | Zig:19   | Killed an ancient lich
126549 | Zig:19   | Killed an ancient lich
126550 | Zig:19   | Noticed an ancient lich
126552 | Zig:19   | Killed an ancient lich
126572 | Zig:19   | Got a vibrating lead amulet
126573 | Zig:19   | Identified the Almanac of Lucky Lightness
126622 | Zig:19   | Identified the cursed +0 chain mail "Migisof" {MR+} (You found it on level 19 of a ziggurat)
126631 | Zig:19   | Identified the amulet "Feiriuk" {Spirit rN+} (You found it on level 19 of a ziggurat)
126635 | Zig:20   | Entered Level 20 of a ziggurat
126690 | Zig:20   | Got a wavering diamond amulet
126706 | Zig:20   | Got a steaming silver amulet
126710 | Zig:20   | Got a pitted iron ring
126736 | Zig:20   | Got a bound pewter ring
126743 | Zig:21   | Entered Level 21 of a ziggurat
126759 | Zig:21   | Noticed an ancient lich
126762 | Zig:21   | Killed an ancient lich
126765 | Zig:21   | Noticed an ancient lich
126766 | Zig:21   | Killed an ancient lich
126767 | Zig:21   | Killed an ancient lich
126778 | Zig:21   | Noticed an ancient lich
126778 | Zig:21   | Killed an ancient lich
126778 | Zig:21   | Reached skill level 27 in Ice Magic
126796 | Zig:21   | Found the +8 glaive of the Guard {elec, +Rage AC+5 SInv}
126806 | Zig:21   | Identified the Almanac of the Sinister Voyage
126811 | Zig:21   | Got a heavily runed copper ring
126817 | Zig:21   | Got a clouded tin ring
126822 | Zig:22   | Entered Level 22 of a ziggurat
126924 | Zig:22   | Identified the ring "Hubih" {Int+5 Stlth+} (You found it on level 20 of a ziggurat)
126926 | Zig:22   | Identified the cursed ring "Ifiux Tisch" {+Fly rElec AC-2 Dex-5} (You found it on level 18 of a ziggurat)
126928 | Zig:22   | Identified the ring "Ulom" {AC+3 Dex+2 SInv} (You found it on level 21 of a ziggurat)
126930 | Zig:22   | Identified the cursed ring of Ochig {EV-2 Str+2} (You found it on level 20 of a ziggurat)
126933 | Zig:22   | Identified the ring of Emoqav {Ice Str+2 Dex+3} (You found it on level 21 of a ziggurat)
126935 | Zig:22   | Identified the ring "Wueji" {Fire MR+ Int-4 Dex+2 SInv} (You found it on level 18 of a ziggurat)
126953 | Zig:22   | Identified the amulet "Tamats" {+Rage Dex+4} (You found it on level 20 of a ziggurat)
126969 | Zig:23   | Entered Level 23 of a ziggurat
126987 | Zig:23   | Noticed a greater mummy
126987 | Zig:23   | Noticed a greater mummy
126987 | Zig:23   | Noticed a greater mummy
126990 | Zig:23   | Noticed a greater mummy
126990 | Zig:23   | Noticed a greater mummy
126991 | Zig:23   | Noticed a greater mummy
126992 | Zig:23   | Noticed a greater mummy
126992 | Zig:23   | Killed a greater mummy
126992 | Zig:23   | Killed a greater mummy
126992 | Zig:23   | Killed a greater mummy
126993 | Zig:23   | Noticed a greater mummy
126994 | Zig:23   | Noticed a greater mummy
126994 | Zig:23   | Killed a greater mummy
126994 | Zig:23   | Killed a greater mummy
126995 | Zig:23   | Killed a greater mummy
126995 | Zig:23   | Killed a greater mummy
126996 | Zig:23   | Noticed a greater mummy
126996 | Zig:23   | Killed a greater mummy
126996 | Zig:23   | Killed a greater mummy
126997 | Zig:23   | Killed a greater mummy
126998 | Zig:23   | Noticed a greater mummy
126998 | Zig:23   | Killed a greater mummy
127000 | Zig:23   | Killed a greater mummy
127003 | Zig:23   | Killed a greater mummy
127005 | Zig:23   | Noticed a greater mummy
127006 | Zig:23   | Noticed a greater mummy
127006 | Zig:23   | Killed a greater mummy
127010 | Zig:23   | Noticed a greater mummy
127011 | Zig:23   | Noticed a greater mummy
127011 | Zig:23   | Killed a greater mummy
127011 | Zig:23   | Killed a greater mummy
127011 | Zig:23   | Killed a greater mummy
127012 | Zig:23   | Noticed a greater mummy
127014 | Zig:23   | Noticed a greater mummy
127014 | Zig:23   | Noticed a greater mummy
127014 | Zig:23   | Killed a greater mummy
127015 | Zig:23   | Killed a greater mummy
127015 | Zig:23   | Killed a greater mummy
127017 | Zig:23   | Killed a greater mummy
127028 | Zig:23   | Noticed a greater mummy
127029 | Zig:23   | Killed a greater mummy
127046 | Zig:23   | Found the +2 shield of Resistance {rF+ rC+ MR+}
127046 | Zig:23   | Found the +7 Spriggan's Knife {MR+ EV+4 Dex+4 Stlth+}
127068 | Zig:23   | Learned a level 4 spell: Airstrike
127070 | Zig:23   | Got a brightly glowing steel ring
127081 | Zig:23   | Identified the cursed +0 scale mail of the Ladybird {rF+} (You found it on level 23 of a ziggurat)
127208 | Zig:24   | Entered Level 24 of a ziggurat
127224 | Zig:24   | Reached skill level 5 in Air Magic
127240 | Zig:24   | Reached skill level 10 in Air Magic
127264 | Zig:24   | Identified the Almanac of the Toxic Birds
127291 | Zig:24   | Identified Sif Muna's Handbook of the Hills
127303 | Zig:24   | Identified the amulet of Lotak {Harm *Drain rPois} (You found it on level 20 of a ziggurat)
127304 | Zig:24   | Identified the ring "Nainal" {rF+ rC+ Str+4 Dex+4} (You found it on level 23 of a ziggurat)
127308 | Zig:25   | Entered Level 25 of a ziggurat
127319 | Zig:25   | Noticed Hyolatag the pandemonium lord
127321 | Zig:25   | Noticed Esacralu the pandemonium lord
127322 | Zig:25   | Noticed Ceiro the pandemonium lord
127325 | Zig:25   | Noticed Peojowkosmu the pandemonium lord
127325 | Zig:25   | Noticed Atirep the pandemonium lord
127325 | Zig:25   | Killed Esacralu the pandemonium lord
127326 | Zig:25   | Noticed Hemelox the pandemonium lord
127327 | Zig:25   | Killed Ceiro the pandemonium lord
127327 | Zig:25   | Killed Atirep the pandemonium lord
127327 | Zig:25   | Paralysed by Hyolatag for 4 turns
127327 | Zig:25   | Killed Hyolatag the pandemonium lord
127329 | Zig:25   | Noticed Ytidde the pandemonium lord
127331 | Zig:25   | Noticed Asua the pandemonium lord
127331 | Zig:25   | Noticed Tugg the pandemonium lord
127331 | Zig:25   | Noticed Ypeng the pandemonium lord
127332 | Zig:25   | Killed Ypeng the pandemonium lord
127333 | Zig:25   | Noticed Tumpinkoj the pandemonium lord
127334 | Zig:25   | Noticed Lisiz the pandemonium lord
127334 | Zig:25   | Killed Hemelox the pandemonium lord
127335 | Zig:25   | Noticed Zouzyexe the pandemonium lord
127336 | Zig:25   | Killed Ytidde the pandemonium lord
127336 | Zig:25   | Killed Tugg the pandemonium lord
127336 | Zig:25   | Killed Asua the pandemonium lord
127337 | Zig:25   | Noticed Meiqetz the pandemonium lord
127337 | Zig:25   | Killed Zouzyexe the pandemonium lord
127339 | Zig:25   | Noticed Limegyna the pandemonium lord
127339 | Zig:25   | Noticed Awnegeupuo the pandemonium lord
127339 | Zig:25   | Reached skill level 15 in Air Magic
127339 | Zig:25   | Killed Lisiz the pandemonium lord
127339 | Zig:25   | Killed Tumpinkoj the pandemonium lord
127340 | Zig:25   | Noticed Beolaiha the pandemonium lord
127340 | Zig:25   | Noticed Catojoits the pandemonium lord
127340 | Zig:25   | Killed Peojowkosmu the pandemonium lord
127341 | Zig:25   | Noticed Oneineal the pandemonium lord
127343 | Zig:25   | Noticed Malist the pandemonium lord
127343 | Zig:25   | Killed Awnegeupuo the pandemonium lord
127344 | Zig:25   | Noticed Join the pandemonium lord
127344 | Zig:25   | Killed Beolaiha the pandemonium lord
127344 | Zig:25   | Killed Meiqetz the pandemonium lord
127344 | Zig:25   | Killed Catojoits the pandemonium lord
127345 | Zig:25   | Killed Limegyna the pandemonium lord
127346 | Zig:25   | Noticed Cuos the pandemonium lord
127346 | Zig:25   | Noticed Makhlata the pandemonium lord
127346 | Zig:25   | Killed Muohuurph the pandemonium lord
127347 | Zig:25   | Killed Makhlata the pandemonium lord
127351 | Zig:25   | Killed Join the pandemonium lord
127352 | Zig:25   | Killed Oneineal the pandemonium lord
127352 | Zig:25   | Killed Malist the pandemonium lord
127356 | Zig:25   | Killed Cuos the pandemonium lord
127359 | Zig:25   | Noticed Inack the pandemonium lord
127360 | Zig:25   | Killed Inack the pandemonium lord
127361 | Zig:25   | Noticed Jeoshaz the pandemonium lord
127365 | Zig:25   | Killed Jeoshaz the pandemonium lord
127443 | Zig:25   | Got a slimy iron ring
127458 | Zig:25   | Got a crude iron ring
127460 | Zig:25   | Identified the Grimoire of the Glacier and Boosts
127465 | Zig:25   | Identified Sif Muna's Guide on the Helpful Rocks
127468 | Zig:25   | Identified the cursed -4 pair of boots "Paynlaez" {Dex+2 Slay+2} (You found it on level 25 of a ziggurat)
127483 | Zig:25   | Identified the ring of Qegel {rElec rPois Str+2 Dex+4} (You found it on level 25 of a ziggurat)
127484 | Zig:25   | Identified the ring "Cusaigokh" {+Fly rPois Stlth+} (You found it on level 25 of a ziggurat)
127490 | Zig:26   | Entered Level 26 of a ziggurat
127542 | Zig:26   | Found the +5 demon whip "Spellbinder" {antimagic, MR+}
127544 | Zig:26   | Found the amulet of the Four Winds {rN+ MR+++ Clar}
127544 | Zig:26   | Found the +10 morningstar "Eos" {elec, Halo rElec}
127549 | Zig:26   | Got a translucent jade ring
127573 | Zig:26   | Got a pitted platinum ring
127584 | Zig:26   | Identified the ring "Ciamniat" {rN+ Int+3 Stlth+} (You found it on level 26 of a ziggurat)
127590 | Zig:26   | Identified the ring of the Prince {EV+2 Str+2 Int+2} (You found it on level 26 of a ziggurat)
127612 | Zig:27   | Entered Level 27 of a ziggurat
127698 | Zig:27   | Found the +8 Wrath of Trog {antimagic, *Rage}
127862 | Zig:1    | Entered Level 1 of a ziggurat
127909 | Zig:2    | Entered Level 2 of a ziggurat
127947 | Zig:2    | Learned a level 9 spell: Tornado
127950 | Zig:3    | Entered Level 3 of a ziggurat
127951 | Zig:3    | Reached skill level 1 in Charms
127961 | Zig:3    | Got a clouded bone amulet
127963 | Zig:4    | Entered Level 4 of a ziggurat
128053 | Zig:4    | Got a glittering copper ring
128157 | Zig:5    | Entered Level 5 of a ziggurat
128162 | Zig:5    | Found the +9 sword of Zonguldrok {reap}
128163 | Zig:5    | Reached skill level 5 in Charms
128190 | Zig:6    | Entered Level 6 of a ziggurat
128212 | Zig:6    | Got a ripped robe
128226 | Zig:6    | Identified the +1 robe "Haureaso" {+Fly rN+ MR-} (You found it on level 6 of a ziggurat)
128237 | Zig:6    | Identified the amulet "Tereybb" {RegenMP rElec rC+} (You found it on level 3 of a ziggurat)
128264 | Zig:7    | Entered Level 7 of a ziggurat
128276 | Zig:7    | Noticed Eseamaro the pandemonium lord
128280 | Zig:7    | Killed Eseamaro the pandemonium lord
128317 | Zig:7    | Reached skill level 10 in Charms
128319 | Zig:8    | Entered Level 8 of a ziggurat
128383 | Zig:9    | Entered Level 9 of a ziggurat
128510 | Zig:9    | Identified the Almanac of Envenoming and the Frostbite
128598 | Zig:10   | Entered Level 10 of a ziggurat
128635 | Zig:10   | Got a crude turquoise ring
128638 | Zig:10   | Got a pitted scale mail
128703 | Zig:11   | Entered Level 11 of a ziggurat
128709 | Zig:11   | Noticed a greater mummy
128710 | Zig:11   | Noticed a greater mummy
128714 | Zig:11   | Noticed a greater mummy
128714 | Zig:11   | Killed a greater mummy
128716 | Zig:11   | Noticed a greater mummy
128716 | Zig:11   | Killed a greater mummy
128717 | Zig:11   | Killed a greater mummy
128718 | Zig:11   | Noticed a greater mummy
128718 | Zig:11   | Killed a greater mummy
128720 | Zig:11   | Killed a greater mummy
128722 | Zig:11   | Noticed a greater mummy
128725 | Zig:11   | Killed a greater mummy
128753 | Zig:11   | Identified the Grimoire of Enthralling Toxins
128755 | Zig:11   | Identified Sif Muna's Reference Book on Curses
128793 | Zig:12   | Entered Level 12 of a ziggurat
128817 | Zig:12   | Found the ring of the Octopus King
128832 | Zig:12   | Got a ring of the Octopus King
128837 | Zig:12   | Identified Sif Muna's Almanac of Dusty Transmutation
128945 | Zig:13   | Entered Level 13 of a ziggurat
128953 | Zig:13   | Reached skill level 27 in Air Magic
129002 | Zig:13   | Got a shimmering ivory amulet
129005 | Zig:13   | Got a translucent amethyst amulet
129010 | Zig:14   | Entered Level 14 of a ziggurat
129136 | Zig:15   | Entered Level 15 of a ziggurat
129234 | Zig:15   | Found the +8 storm bow {elec}
129272 | Zig:15   | Identified the amulet "Xaiwati" {Gourm *Contam Int+5} (You found it on level 13 of a ziggurat)
129277 | Zig:15   | Got a twisted robe
129389 | Zig:15   | Identified the cursed +0 robe of Disguise {rN+ Str+6 Int-3} (You found it on level 15 of a ziggurat)
129400 | Zig:15   | Identified the +4 scale mail "Jiyvoet" {rPois} (You found it on level 10 of a ziggurat)
129506 | Zig:16   | Entered Level 16 of a ziggurat
129515 | Zig:16   | Noticed Raowagg the pandemonium lord
129517 | Zig:16   | Noticed Loeckyes the pandemonium lord
129518 | Zig:16   | Reached skill level 1 in Evocations
129520 | Zig:16   | Noticed Qeqas the pandemonium lord
129520 | Zig:16   | Killed Raowagg the pandemonium lord
129521 | Zig:16   | Killed Loeckyes the pandemonium lord
129522 | Zig:16   | Noticed Xamoyvor the pandemonium lord
129522 | Zig:16   | Killed Qeqas the pandemonium lord
129523 | Zig:16   | Noticed Luxzous the pandemonium lord
129523 | Zig:16   | Killed Xamoyvor the pandemonium lord
129527 | Zig:16   | Noticed Cumeum the pandemonium lord
129527 | Zig:16   | Killed Luxzous the pandemonium lord
129529 | Zig:16   | Killed Cumeum the pandemonium lord
129529 | Zig:16   | Reached skill level 10 in Evocations
129530 | Zig:16   | Noticed Qabic the pandemonium lord
129531 | Zig:16   | Noticed Onwuocuy the pandemonium lord
129532 | Zig:16   | Noticed Diloz the pandemonium lord
129533 | Zig:16   | Killed Onwuocuy the pandemonium lord
129535 | Zig:16   | Killed Yreuqae the pandemonium lord
129535 | Zig:16   | Killed Qabic the pandemonium lord
129537 | Zig:16   | Noticed Tirghoddu the pandemonium lord
129537 | Zig:16   | Killed Tirghoddu the pandemonium lord
129540 | Zig:16   | Killed Diloz the pandemonium lord
129544 | Zig:16   | Noticed Ezopro the pandemonium lord
129554 | Zig:16   | Killed Ezopro the pandemonium lord
129554 | Zig:16   | Reached skill level 27 in Shields
129560 | Zig:16   | Noticed Rief the pandemonium lord
129562 | Zig:16   | Noticed Dumm the pandemonium lord
129562 | Zig:16   | Killed Rief the pandemonium lord
129563 | Zig:16   | Killed Veag the pandemonium lord
129565 | Zig:16   | Killed Dumm the pandemonium lord
129697 | Zig:16   | Found the cursed +14 obsidian axe {chop, +Fly SInv *Curse}
129717 | Zig:16   | Got a shimmering ruby amulet
129736 | Zig:16   | Got a slimy scale mail
129757 | Zig:16   | Identified the +4 scale mail "Saixeuk" {+Blink Int-4 Slay+3} (You found it on level 16 of a ziggurat)
129795 | Zig:17   | Entered Level 17 of a ziggurat
129803 | Zig:17   | Noticed Panafrar the pandemonium lord
129804 | Zig:17   | Noticed Daet the pandemonium lord
129805 | Zig:17   | Noticed Daxuq the pandemonium lord
129805 | Zig:17   | Killed Panafrar the pandemonium lord
129805 | Zig:17   | Reached skill level 1 in Throwing
129806 | Zig:17   | Noticed Hooghio the pandemonium lord
129806 | Zig:17   | Noticed Toitravu the pandemonium lord
129807 | Zig:17   | Noticed Kyczuir the pandemonium lord
129807 | Zig:17   | Noticed Hyji the pandemonium lord
129807 | Zig:17   | Noticed Buega the pandemonium lord
129807 | Zig:17   | Killed Daxuq the pandemonium lord
129808 | Zig:17   | Noticed Fokhoch the pandemonium lord
129809 | Zig:17   | Noticed Gearavek the pandemonium lord
129809 | Zig:17   | Noticed Ublach the pandemonium lord
129809 | Zig:17   | Noticed Kocvon the pandemonium lord
129809 | Zig:17   | Killed Kyczuir the pandemonium lord
129809 | Zig:17   | Killed Daet the pandemonium lord
129809 | Zig:17   | Killed Hooghio the pandemonium lord
129810 | Zig:17   | Noticed Cefitt the pandemonium lord
129810 | Zig:17   | Noticed Zixotiny the pandemonium lord
129810 | Zig:17   | Killed Fokhoch the pandemonium lord
129810 | Zig:17   | Reached skill level 5 in Throwing
129810 | Zig:17   | Killed Hyji the pandemonium lord
129811 | Zig:17   | Killed Zixotiny the pandemonium lord
129812 | Zig:17   | Noticed Oriunib the pandemonium lord
129812 | Zig:17   | Killed Toitravu the pandemonium lord
129812 | Zig:17   | Killed Gearavek the pandemonium lord
129812 | Zig:17   | Killed Ublach the pandemonium lord
129813 | Zig:17   | Noticed Aqeutan the pandemonium lord
129815 | Zig:17   | Killed Kocvon the pandemonium lord
129815 | Zig:17   | Killed Buega the pandemonium lord
129817 | Zig:17   | Killed Cefitt the pandemonium lord
129818 | Zig:17   | Noticed Inkaxut the pandemonium lord
129818 | Zig:17   | Killed Aqeutan the pandemonium lord
129818 | Zig:17   | Killed Oriunib the pandemonium lord
129820 | Zig:17   | Noticed Toseirch the pandemonium lord
129820 | Zig:17   | Killed Inkaxut the pandemonium lord
129822 | Zig:17   | Noticed Gecunewk the pandemonium lord
129822 | Zig:17   | Noticed Ypat the pandemonium lord
129823 | Zig:17   | Killed Toseirch the pandemonium lord
129826 | Zig:17   | Noticed Poekoego the pandemonium lord
129826 | Zig:17   | Killed Gecunewk the pandemonium lord
129831 | Zig:17   | Killed Poekoego the pandemonium lord
129832 | Zig:17   | Killed Ypat the pandemonium lord
129859 | Zig:17   | Found the amulet of Vitality {Regen+ HP+15}
129882 | Zig:17   | Identified the cursed ring of the Secret Ghosts {+Inv rPois Str-2 Int-3 Dex+8} (You found it on level 10 of a ziggurat)
129883 | Zig:17   | Identified the amulet of Yjefull {Fragile +Inv rC+++ Regen+ Slay+3} (You found it on level 13 of a ziggurat)
129884 | Zig:17   | Identified the amulet "Tual" {+Rage rElec} (You found it on level 16 of a ziggurat)
129885 | Zig:17   | Identified the ring "Vowafos" {*Contam MR+ Int+2 Dex+4 SInv} (You found it on level 4 of a ziggurat)
129916 | Zig:17   | Identified the Collected Works on the Frostbite and Weightlessness
129921 | Zig:17   | Identified a ring of the Octopus King {rN+ AC+1 EV+1 Str+1 Int+1 Dex+1} (You found it on level 12 of a ziggurat)
129937 | Zig:18   | Entered Level 18 of a ziggurat
129949 | Zig:18   | Noticed a juggernaut
129950 | Zig:18   | Reached skill level 10 in Throwing
129951 | Zig:18   | Noticed a juggernaut
129951 | Zig:18   | Noticed a juggernaut
129951 | Zig:18   | Noticed a juggernaut
129952 | Zig:18   | Noticed a juggernaut
129953 | Zig:18   | Noticed a juggernaut
129953 | Zig:18   | Killed a juggernaut
129953 | Zig:18   | Killed a juggernaut
129954 | Zig:18   | Killed a juggernaut
129954 | Zig:18   | Reached skill level 15 in Armour
129954 | Zig:18   | Killed a juggernaut
129955 | Zig:18   | Killed a juggernaut
129956 | Zig:18   | Killed a juggernaut
129957 | Zig:18   | Noticed a juggernaut
129957 | Zig:18   | Noticed a juggernaut
129958 | Zig:18   | Noticed a juggernaut
129959 | Zig:18   | Killed a juggernaut
129959 | Zig:18   | Killed a juggernaut
129960 | Zig:18   | Killed a juggernaut
129961 | Zig:18   | Killed a juggernaut
129994 | Zig:18   | Got a heavily runed pewter ring
130006 | Zig:18   | Identified the Almanac of Lightness and Intoxication
130021 | Zig:18   | Got a crude silver ring
130028 | Zig:18   | Identified the ring of Fun {*Tele rC++} (You found it on level 18 of a ziggurat)
130029 | Zig:18   | Identified the ring "Nouq Ypn" {Fire *Slow Str+5} (You found it on level 18 of a ziggurat)
130038 | Zig:19   | Entered Level 19 of a ziggurat
130058 | Zig:19   | Reached skill level 15 in Throwing
130134 | Zig:19   | Identified the +6 plate armour "Dononise" {-Cast rN++ MR+++ Str-5} (You found it on level 19 of a ziggurat)
130147 | Zig:19   | Learned a level 2 spell: Sublimation of Blood
130153 | Zig:19   | Learned a level 5 spell: Borgnjor's Vile Clutch
130156 | Zig:20   | Entered Level 20 of a ziggurat
130173 | Zig:20   | Reached skill level 1 in Staves
130173 | Zig:20   | Noticed an ancient lich
130174 | Zig:20   | Noticed an ancient lich
130175 | Zig:20   | Noticed an ancient lich
130176 | Zig:20   | Killed an ancient lich
130179 | Zig:20   | Killed an ancient lich
130181 | Zig:20   | Noticed an ancient lich
130182 | Zig:20   | Noticed an ancient lich
130182 | Zig:20   | Killed an ancient lich
130183 | Zig:20   | Noticed an ancient lich
130183 | Zig:20   | Killed an ancient lich
130183 | Zig:20   | Killed an ancient lich
130184 | Zig:20   | Noticed an ancient lich
130185 | Zig:20   | Killed an ancient lich
130186 | Zig:20   | Killed an ancient lich
130245 | Zig:20   | Identified Warghyl's Volume of Summoning
130247 | Zig:20   | Identified Theurgy, Part Two
130254 | Zig:21   | Entered Level 21 of a ziggurat
130268 | Zig:21   | Noticed a juggernaut
130272 | Zig:21   | Killed a juggernaut
130272 | Zig:21   | Reached skill level 5 in Staves
130275 | Zig:21   | Noticed a juggernaut
130277 | Zig:21   | Noticed a juggernaut
130278 | Zig:21   | Killed a juggernaut
130280 | Zig:21   | Killed a juggernaut
130302 | Zig:21   | Got a fine iron ring
130327 | Zig:21   | Identified the Guide on Quantum Good Luck
130330 | Zig:21   | Identified the +6 scale mail "Sisuallien" {rF+} (You found it on level 21 of a ziggurat)
130331 | Zig:21   | Identified the ring of Tomorrow {+Blink rPois rC+ Dex+2} (You found it on level 21 of a ziggurat)
130373 | Zig:22   | Entered Level 22 of a ziggurat
130396 | Zig:22   | Reached skill level 10 in Staves
130454 | Zig:22   | Got an ancient marble ring
130456 | Zig:22   | Identified the cursed +1 scale mail of the Endless Expanse {Regen+ Dex+3} (You found it on level 22 of a ziggurat)
130459 | Zig:22   | Identified the Reference Book on Evil Arts
130465 | Zig:22   | Identified Thaumaturgy, Part Five
130469 | Zig:22   | Got a steaming robe
130484 | Zig:22   | Identified the +3 robe of Courage {rF+ rC- Int+4 Dex+4} (You found it on level 22 of a ziggurat)
130553 | Zig:23   | Entered Level 23 of a ziggurat
130727 | Zig:23   | Found the +7 longbow "Piercer" {penet, EV-2}
130769 | Zig:23   | Got a crude graven amulet
130778 | Zig:24   | Entered Level 24 of a ziggurat
130809 | Zig:24   | Noticed an ancient lich
130812 | Zig:24   | Killed an ancient lich
131018 | Zig:24   | Got a slimy iron ring
131022 | Zig:24   | Got a steaming helmet
131033 | Zig:24   | Identified the +0 helmet of the Barber Surgeon {rF++ MR- Str+2} (You found it on level 24 of a ziggurat)
131050 | Zig:24   | Identified the ring "Qot Karo" {rPois rN+ Dex-4 Slay+3} (You found it on level 24 of a ziggurat)
131052 | Zig:24   | Identified the ring "Otapreask" {rF+ rC- rN+ EV+3 Dex+2} (You found it on level 22 of a ziggurat)
131078 | Zig:25   | Entered Level 25 of a ziggurat
131088 | Zig:25   | Noticed a greater mummy
131088 | Zig:25   | Noticed a greater mummy
131090 | Zig:25   | Noticed a greater mummy
131091 | Zig:25   | Noticed a greater mummy
131092 | Zig:25   | Noticed a greater mummy
131093 | Zig:25   | Noticed a greater mummy
131093 | Zig:25   | Noticed a greater mummy
131093 | Zig:25   | Killed a greater mummy
131094 | Zig:25   | Killed a greater mummy
131094 | Zig:25   | Killed a greater mummy
131094 | Zig:25   | Killed a greater mummy
131095 | Zig:25   | Noticed a greater mummy
131096 | Zig:25   | Noticed a greater mummy
131096 | Zig:25   | Killed a greater mummy
131096 | Zig:25   | Killed a greater mummy
131096 | Zig:25   | Killed a greater mummy
131097 | Zig:25   | Killed a greater mummy
131100 | Zig:25   | Noticed a greater mummy
131101 | Zig:25   | Noticed a greater mummy
131101 | Zig:25   | Noticed a greater mummy
131102 | Zig:25   | Noticed a greater mummy
131103 | Zig:25   | Noticed a greater mummy
131103 | Zig:25   | Killed a greater mummy
131104 | Zig:25   | Noticed a greater mummy
131104 | Zig:25   | Killed a greater mummy
131104 | Zig:25   | Killed a greater mummy
131105 | Zig:25   | Noticed a greater mummy
131105 | Zig:25   | Noticed a greater mummy
131105 | Zig:25   | Noticed a greater mummy
131105 | Zig:25   | Killed a greater mummy
131105 | Zig:25   | Killed a greater mummy
131106 | Zig:25   | Killed a greater mummy
131106 | Zig:25   | Killed a greater mummy
131107 | Zig:25   | Killed a greater mummy
131107 | Zig:25   | Killed a greater mummy
131108 | Zig:25   | Noticed a greater mummy
131108 | Zig:25   | Killed a greater mummy
131110 | Zig:25   | Killed a greater mummy
131111 | Zig:25   | Noticed a greater mummy
131112 | Zig:25   | Noticed a greater mummy
131114 | Zig:25   | Killed a greater mummy
131115 | Zig:25   | Noticed a greater mummy
131116 | Zig:25   | Noticed a greater mummy
131116 | Zig:25   | Noticed a greater mummy
131117 | Zig:25   | Noticed a greater mummy
131117 | Zig:25   | Noticed a greater mummy
131118 | Zig:25   | Noticed a greater mummy
131118 | Zig:25   | Killed a greater mummy
131119 | Zig:25   | Killed a greater mummy
131119 | Zig:25   | Killed a greater mummy
131119 | Zig:25   | Killed a greater mummy
131119 | Zig:25   | Killed a greater mummy
131120 | Zig:25   | Killed a greater mummy
131120 | Zig:25   | Killed a greater mummy
131120 | Zig:25   | Killed a greater mummy
131120 | Zig:25   | Killed a greater mummy
131121 | Zig:25   | Noticed a greater mummy
131123 | Zig:25   | Noticed a greater mummy
131123 | Zig:25   | Killed a greater mummy
131124 | Zig:25   | Killed a greater mummy
131125 | Zig:25   | Noticed a greater mummy
131126 | Zig:25   | Noticed a greater mummy
131126 | Zig:25   | Noticed a greater mummy
131126 | Zig:25   | Killed a greater mummy
131126 | Zig:25   | Killed a greater mummy
131127 | Zig:25   | Killed a greater mummy
131128 | Zig:25   | Noticed a greater mummy
131128 | Zig:25   | Killed a greater mummy
131129 | Zig:25   | Killed a greater mummy
131167 | Zig:25   | Found the +6 shillelagh "Devastator" {shatter}
131174 | Zig:25   | Identified the Volume of the Helpful Snowflakes
131186 | Zig:25   | Identified the Almanac of the End
131209 | Zig:25   | Identified the amulet of Beroaheo {Inacc MR- Str+9 Int+4} (You found it on level 23 of a ziggurat)
131297 | Zig:26   | Entered Level 26 of a ziggurat
131317 | Zig:26   | Noticed Ilikijov the pandemonium lord
131319 | Zig:26   | Noticed Wusat the pandemonium lord
131319 | Zig:26   | Killed Ilikijov the pandemonium lord
131320 | Zig:26   | Noticed Oshriq the pandemonium lord
131321 | Zig:26   | Killed Oshriq the pandemonium lord
131323 | Zig:26   | Noticed Sacayf the pandemonium lord
131323 | Zig:26   | Noticed Hohiocum the pandemonium lord
131323 | Zig:26   | Noticed Palimemp the pandemonium lord
131323 | Zig:26   | Noticed Gischenk the pandemonium lord
131323 | Zig:26   | Killed Wusat the pandemonium lord
131324 | Zig:26   | Noticed Derphuru the pandemonium lord
131324 | Zig:26   | Noticed Fyiplir the pandemonium lord
131325 | Zig:26   | Noticed Getoapy the pandemonium lord
131325 | Zig:26   | Noticed Vexuqikk the pandemonium lord
131325 | Zig:26   | Killed Hohiocum the pandemonium lord
131326 | Zig:26   | Noticed Soghidag the pandemonium lord
131326 | Zig:26   | Noticed Xoneojinou the pandemonium lord
131326 | Zig:26   | Killed Gischenk the pandemonium lord
131326 | Zig:26   | Killed Xoneojinou the pandemonium lord
131327 | Zig:26   | Noticed Geta the pandemonium lord
131327 | Zig:26   | Killed Palimemp the pandemonium lord
131328 | Zig:26   | Noticed Woweim the pandemonium lord
131328 | Zig:26   | Killed Soghidag the pandemonium lord
131328 | Zig:26   | Reached skill level 27 in Throwing
131328 | Zig:26   | Killed Sacayf the pandemonium lord
131329 | Zig:26   | Noticed Nucoper the pandemonium lord
131329 | Zig:26   | Noticed Vaqeocka the pandemonium lord
131329 | Zig:26   | Killed Woweim the pandemonium lord
131329 | Zig:26   | Reached skill level 27 in Necromancy
131330 | Zig:26   | Noticed Keff the pandemonium lord
131330 | Zig:26   | Noticed Deqi the pandemonium lord
131330 | Zig:26   | Noticed Luiss the pandemonium lord
131330 | Zig:26   | Noticed Teiwkewep the pandemonium lord
131330 | Zig:26   | Killed Vexuqikk the pandemonium lord
131331 | Zig:26   | Noticed Rioly the pandemonium lord
131331 | Zig:26   | Noticed Vaohumog the pandemonium lord
131331 | Zig:26   | Killed Derphuru the pandemonium lord
131331 | Zig:26   | Killed Geta the pandemonium lord
131332 | Zig:26   | Noticed Asishel the pandemonium lord
131332 | Zig:26   | Noticed Nairosua the pandemonium lord
131332 | Zig:26   | Noticed Eghisif the pandemonium lord
131334 | Zig:26   | Noticed Qasulor the pandemonium lord
131334 | Zig:26   | Killed Fyiplir the pandemonium lord
131334 | Zig:26   | Killed Keff the pandemonium lord
131335 | Zig:26   | Noticed Tuceum the pandemonium lord
131335 | Zig:26   | Noticed Osaguih the pandemonium lord
131335 | Zig:26   | Killed Nucoper the pandemonium lord
131337 | Zig:26   | Killed Teiwkewep the pandemonium lord
131337 | Zig:26   | Killed Deqi the pandemonium lord
131337 | Zig:26   | Killed Luiss the pandemonium lord
131337 | Zig:26   | Killed Getoapy the pandemonium lord
131343 | Zig:26   | Killed Vaohumog the pandemonium lord
131344 | Zig:26   | Killed Nairosua the pandemonium lord
131345 | Zig:26   | Killed Tuceum the pandemonium lord
131345 | Zig:26   | Killed Asishel the pandemonium lord
131346 | Zig:26   | Noticed Etrulorr the pandemonium lord
131346 | Zig:26   | Killed Rioly the pandemonium lord
131347 | Zig:26   | Noticed Riledategoo the pandemonium lord
131347 | Zig:26   | Killed Osaguih the pandemonium lord
131348 | Zig:26   | Noticed Niot the pandemonium lord
131348 | Zig:26   | Killed Vaqeocka the pandemonium lord
131349 | Zig:26   | Killed Riledategoo the pandemonium lord
131350 | Zig:26   | Killed Qasulor the pandemonium lord
131350 | Zig:26   | Killed Niot the pandemonium lord
131350 | Zig:26   | Killed Eghisif the pandemonium lord
131352 | Zig:26   | Noticed Waneew the pandemonium lord
131353 | Zig:26   | Killed Waneew the pandemonium lord
131354 | Zig:26   | Noticed Axzih the pandemonium lord
131355 | Zig:26   | Killed Axzih the pandemonium lord
131357 | Zig:26   | Killed Etrulorr the pandemonium lord
131358 | Zig:26   | Noticed Bedatt the pandemonium lord
131358 | Zig:26   | Noticed Wetiunnoe the pandemonium lord
131359 | Zig:26   | Noticed Ysegga the pandemonium lord
131359 | Zig:26   | Noticed Eluoty the pandemonium lord
131365 | Zig:26   | Killed Wetiunnoe the pandemonium lord
131365 | Zig:26   | Killed Ysegga the pandemonium lord
131370 | Zig:26   | Killed Eluoty the pandemonium lord
131373 | Zig:26   | Noticed Wamopt the pandemonium lord
131375 | Zig:26   | Killed Bedatt the pandemonium lord
131375 | Zig:26   | Killed Wamopt the pandemonium lord
131381 | Zig:26   | Reached skill level 27 in Armour
131382 | Zig:26   | Noticed Apra the pandemonium lord
131383 | Zig:26   | Killed Apra the pandemonium lord
131391 | Zig:26   | Noticed Fuyqul the pandemonium lord
131392 | Zig:26   | Noticed Raet Fuj the pandemonium lord
131392 | Zig:26   | Killed Fuyqul the pandemonium lord
131395 | Zig:26   | Noticed Jocic the pandemonium lord
131395 | Zig:26   | Killed Jocic the pandemonium lord
131397 | Zig:26   | Killed Raet Fuj the pandemonium lord
131423 | Zig:26   | Found the +9 staff of Olgreb {rPois}
131427 | Zig:26   | Found the +8 mithril axe "Arga" {speed, MR+}
131446 | Zig:26   | Identified the Collected Works on Warped Malediction
131451 | Zig:26   | Got a translucent golden ring
131459 | Zig:26   | Identified the Catalogue of Dusty Snow
131469 | Zig:26   | Identified the Catalogue of Creative Poison
131477 | Zig:26   | Identified the +2 pair of boots of Acann {+Blink Int+5} (You found it on level 26 of a ziggurat)
131490 | Zig:26   | Identified the Catalogue of Assistive Transmutation
131506 | Zig:26   | Identified the ring "Elocupa" {rElec rN+ Dex+5 Stlth-} (You found it on level 26 of a ziggurat)
131509 | Zig:26   | Reached skill level 15 in Evocations
131641 | Zig:27   | Entered Level 27 of a ziggurat
131683 | Zig:27   | Noticed Tewetz the pandemonium lord
131690 | Zig:27   | Killed Tewetz the pandemonium lord
131694 | Zig:27   | Reached skill level 10 in Summonings
131763 | Zig:27   | Found the amulet of the Air {Inacc +Fly rElec EV+5 RMsl}
131793 | Zig:27   | Got a faintly glowing ruby amulet
131802 | Zig:27   | Identified the amulet of Devotion {Spirit rPois rN+ Int-3} (You found it on level 27 of a ziggurat)
132814 | Depths:5 | Lost mutation: You have supernaturally acute eyesight. (SInv) [potion of mutation]
132814 | Depths:5 | Lost mutation: You are resistant to hostile enchantments. (MR+) [potion of mutation]
132814 | Depths:5 | Gained mutation: Scrolls take you a little longer to read. [potion of mutation]
132814 | Depths:5 | Gained mutation: You are agile. (Dex +2) [potion of mutation]
132815 | Depths:5 | Lost mutation: Scrolls take you a little longer to read. [potion of mutation]
132815 | Depths:5 | Lost mutation: Your flesh is heat resistant. (rF+) [potion of mutation]
132815 | Depths:5 | Lost mutation: You are agile. (Dex +2) [potion of mutation]
132815 | Depths:5 | Gained mutation: You are dopey. (Int -2) [potion of mutation]
132815 | Depths:5 | Gained mutation: You evolve. [potion of mutation]
132816 | Depths:5 | Lost mutation: You are dopey. (Int -2) [potion of mutation]
132816 | Depths:5 | Lost mutation: You evolve. [potion of mutation]
132816 | Depths:5 | Gained mutation: You have sharp toenails. [potion of mutation]
132816 | Depths:5 | Gained mutation: You evolve. [potion of mutation]
132816 | Depths:5 | Gained mutation: You have a pair of small horns on your head. [potion of mutation]
132817 | Depths:5 | Lost mutation: You have sharp toenails. [potion of mutation]
132817 | Depths:5 | Lost mutation: You have a pair of small horns on your head. [potion of mutation]
132817 | Depths:5 | Lost mutation: You evolve. [potion of mutation]
132817 | Depths:5 | Gained mutation: You expend magic power (3 MP) to strengthen your wands. [potion of mutation]
132817 | Depths:5 | Gained mutation: You are resistant to electric shocks. (rElec) [potion of mutation]
132817 | Depths:5 | Gained mutation: Your magical capacity is low. (-10% MP) [potion of mutation]
132817 | Depths:5 | Gained mutation: You can translocate small distances at will. [potion of mutation]
132818 | Depths:5 | Lost mutation: Your magical capacity is low. (-10% MP) [potion of mutation]
132818 | Depths:5 | Lost mutation: You expend magic power (3 MP) to strengthen your wands. [potion of mutation]
132818 | Depths:5 | Lost mutation: You are resistant to electric shocks. (rElec) [potion of mutation]
132818 | Depths:5 | Gained mutation: You are clumsy. (Dex -2) [potion of mutation]
132818 | Depths:5 | Gained mutation: Your flesh is heat resistant. (rF+) [potion of mutation]
132819 | Depths:5 | Lost mutation: You are clumsy. (Dex -2) [potion of mutation]
132819 | Depths:5 | Lost mutation: You can translocate small distances at will. [potion of mutation]
132819 | Depths:5 | Gained mutation: You have supernaturally acute eyesight. (SInv) [potion of mutation]
132819 | Depths:5 | Lost mutation: You have supernaturally acute eyesight. (SInv) [potion of mutation]
132819 | Depths:5 | Gained mutation: You passively map a small area around you. [potion of mutation]
132820 | Depths:5 | Lost mutation: Your flesh is heat resistant. (rF+) [potion of mutation]
132820 | Depths:5 | Lost mutation: You passively map a small area around you. [potion of mutation]
132820 | Depths:5 | Gained mutation: You have large cloven feet. [potion of mutation]
132820 | Depths:5 | Gained mutation: Your mind is acute. (Int +2) [potion of mutation]
132820 | Depths:5 | Lost mutation: You have large cloven feet. [potion of mutation]
132820 | Depths:5 | Gained mutation: Your flesh is cold resistant. (rC+) [potion of mutation]
132821 | Depths:5 | Lost mutation: Your flesh is cold resistant. (rC+) [potion of mutation]
132821 | Depths:5 | Lost mutation: Your mind is acute. (Int +2) [potion of mutation]
132821 | Depths:5 | Gained mutation: Armour fits poorly on your strangely shaped body. [potion of mutation]
132821 | Depths:5 | Gained mutation: You have large cloven feet. [potion of mutation]
132821 | Depths:5 | Gained mutation: Your mind is acute. (Int +2) [potion of mutation]
132822 | Depths:5 | Lost mutation: You have large cloven feet. [potion of mutation]
132822 | Depths:5 | Lost mutation: Armour fits poorly on your strangely shaped body. [potion of mutation]
132822 | Depths:5 | Gained mutation: You are somewhat resistant to further mutation. [potion of mutation]
132822 | Depths:5 | Gained mutation: Your flesh is cold resistant. (rC+) [potion of mutation]
132823 | Depths:5 | Lost mutation: You are somewhat resistant to further mutation. [potion of mutation]
132823 | Depths:5 | Lost mutation: Your flesh is cold resistant. (rC+) [potion of mutation]
132823 | Depths:5 | Gained mutation: Potions are less effective at restoring your health. [potion of mutation]
132823 | Depths:5 | Gained mutation: You evolve. [potion of mutation]
132823 | Depths:5 | Gained mutation: You have sharp toenails. [potion of mutation]
132823 | Depths:5 | Gained mutation: You are covered in fur. (AC +1) [potion of mutation]
132824 | Depths:5 | Lost mutation: You have sharp toenails. [potion of mutation]
132824 | Depths:5 | Lost mutation: Your mind is acute. (Int +2) [potion of mutation]
132824 | Depths:5 | Gained mutation: You are agile. (Dex +2) [potion of mutation]
132825 | Depths:5 | Lost mutation: You evolve. [potion of mutation]
132825 | Depths:5 | Lost mutation: You are agile. (Dex +2) [potion of mutation]
132825 | Depths:5 | Lost mutation: You are covered in fur. (AC +1) [potion of mutation]
132825 | Depths:5 | Lost mutation: Potions are less effective at restoring your health. [potion of mutation]
132825 | Depths:5 | Gained mutation: Your spells are a little easier to cast, but a little less powerful. [potion of mutation]
132825 | Depths:5 | Lost mutation: Your spells are a little easier to cast, but a little less powerful. [potion of mutation]
132825 | Depths:5 | Gained mutation: Your flesh is cold resistant. (rC+) [potion of mutation]
132825 | Depths:5 | Gained mutation: Your muscles are strong. (Str +2) [potion of mutation]
132826 | Depths:5 | Lost mutation: Your muscles are strong. (Str +2) [potion of mutation]
132826 | Depths:5 | Lost mutation: Your flesh is cold resistant. (rC+) [potion of mutation]
132826 | Depths:5 | Gained mutation: You possess an exceptional clarity of mind. [potion of mutation]
132826 | Depths:5 | Gained mutation: Your muscles are strong. (Str +2) [potion of mutation]
132826 | Depths:5 | Gained mutation: You have a pair of small antennae on your head. [potion of mutation]
133687 | Depths:5 | Lost mutation: You possess an exceptional clarity of mind. [potion of mutation]
133687 | Depths:5 | Lost mutation: Your muscles are strong. (Str +2) [potion of mutation]
133687 | Depths:5 | Gained mutation: Scrolls take you a little longer to read. [potion of mutation]
133687 | Depths:5 | Gained mutation: You expend magic power (3 MP) to strengthen your wands. [potion of mutation]
133688 | Depths:5 | Lost mutation: Scrolls take you a little longer to read. [potion of mutation]
133688 | Depths:5 | Lost mutation: You expend magic power (3 MP) to strengthen your wands. [potion of mutation]
133688 | Depths:5 | Lost mutation: You have a pair of small antennae on your head. [potion of mutation]
133688 | Depths:5 | Gained mutation: You are dopey. (Int -2) [potion of mutation]
133688 | Depths:5 | Gained mutation: You have a pair of small horns on your head. [potion of mutation]
133688 | Depths:5 | Lost mutation: You are dopey. (Int -2) [potion of mutation]
133689 | Depths:5 | Lost mutation: You have a pair of small horns on your head. [potion of mutation]
133689 | Depths:5 | Gained mutation: Your mind is acute. (Int +2) [potion of mutation]
133689 | Depths:5 | Gained mutation: Your system is resistant to poisons. (rPois) [potion of mutation]
133690 | Depths:5 | Lost mutation: Your system is resistant to poisons. (rPois) [potion of mutation]
133690 | Depths:5 | Lost mutation: Your mind is acute. (Int +2) [potion of mutation]
133690 | Depths:5 | Gained mutation: You have large cloven feet. [potion of mutation]
133690 | Depths:5 | Gained mutation: Your muscles are strong. (Str +2) [potion of mutation]
133690 | Depths:5 | Gained mutation: You are covered in fur. (AC +1) [potion of mutation]
133691 | Depths:5 | Lost mutation: Your muscles are strong. (Str +2) [potion of mutation]
133691 | Depths:5 | Lost mutation: You have large cloven feet. [potion of mutation]
133691 | Depths:5 | Gained mutation: You can translocate small distances at will. [potion of mutation]
133691 | Depths:5 | Gained mutation: You passively map a small area around you. [potion of mutation]
133691 | Depths:5 | Gained mutation: You are weak. (Str -2) [potion of mutation]
133691 | Depths:5 | Gained mutation: You are covered in thick fur. (AC +2) [potion of mutation]
133692 | Depths:5 | Lost mutation: You can translocate small distances at will. [potion of mutation]
133692 | Depths:5 | Lost mutation: You are weak. (Str -2) [potion of mutation]
133692 | Depths:5 | Lost mutation: You are covered in thick fur. (AC +2) [potion of mutation]
133692 | Depths:5 | Gained mutation: Armour fits poorly on your strangely shaped body. [potion of mutation]
133692 | Depths:5 | Gained mutation: Your body sometimes deteriorates upon taking damage. [potion of mutation]
133692 | Depths:5 | Gained mutation: You passively map the area around you. [potion of mutation]
133692 | Depths:5 | Gained mutation: You are agile. (Dex +2) [potion of mutation]
133693 | Depths:5 | Lost mutation: Armour fits poorly on your strangely shaped body. [potion of mutation]
133693 | Depths:5 | Lost mutation: You are agile. (Dex +2) [potion of mutation]
133693 | Depths:5 | Gained mutation: You have a pair of small antennae on your head. [potion of mutation]
133693 | Depths:5 | Gained mutation: Your spells are a little harder to cast, but a little more powerful. [potion of mutation]
133693 | Depths:5 | Gained mutation: You do not regenerate when monsters are visible. [potion of mutation]
133693 | Depths:5 | Gained mutation: Your system is resistant to poisons. (rPois) [potion of mutation]
133694 | Depths:5 | Lost mutation: You have a pair of small antennae on your head. [potion of mutation]
133694 | Depths:5 | Lost mutation: Your body sometimes deteriorates upon taking damage. [potion of mutation]
133694 | Depths:5 | Lost mutation: Your spells are a little harder to cast, but a little more powerful. [potion of mutation]
133694 | Depths:5 | Gained mutation: Your body sometimes deteriorates upon taking damage. [potion of mutation]
133694 | Depths:5 | Gained mutation: You are agile. (Dex +2) [potion of mutation]
133695 | Depths:5 | Lost mutation: You passively map the area around you. [potion of mutation]
133695 | Depths:5 | Lost mutation: Your body sometimes deteriorates upon taking damage. [potion of mutation]
133695 | Depths:5 | Lost mutation: You are agile. (Dex +2) [potion of mutation]
133695 | Depths:5 | Lost mutation: You are covered in fur. (AC +1) [potion of mutation]
133695 | Depths:5 | Gained mutation: You are weak. (Str -2) [potion of mutation]
133695 | Depths:5 | Gained mutation: You have large cloven feet. [potion of mutation]
133696 | Depths:5 | Lost mutation: You have large cloven feet. [potion of mutation]
133696 | Depths:5 | Lost mutation: You do not regenerate when monsters are visible. [potion of mutation]
133696 | Depths:5 | Lost mutation: You are weak. (Str -2) [potion of mutation]
133696 | Depths:5 | Gained mutation: Scrolls take you a little longer to read. [potion of mutation]
133696 | Depths:5 | Gained mutation: You have large cloven feet. [potion of mutation]
133696 | Depths:5 | Gained mutation: You are somewhat resistant to further mutation. [potion of mutation]
133697 | Depths:5 | Lost mutation: You passively map a small area around you. [potion of mutation]
133697 | Depths:5 | Lost mutation: Scrolls take you a little longer to read. [potion of mutation]
133698 | Depths:5 | Lost mutation: You have large cloven feet. [potion of mutation]
133698 | Depths:5 | Lost mutation: Your system is resistant to poisons. (rPois) [potion of mutation]
133699 | Depths:5 | Lost mutation: You are somewhat resistant to further mutation. [potion of mutation]
133699 | Depths:5 | Gained mutation: Your magical capacity is low. (-10% MP) [potion of mutation]
133699 | Depths:5 | Gained mutation: Your spells are a little harder to cast, but a little more powerful. [potion of mutation]
133700 | Depths:5 | Lost mutation: Your spells are a little harder to cast, but a little more powerful. [potion of mutation]
133700 | Depths:5 | Lost mutation: Your magical capacity is low. (-10% MP) [potion of mutation]
133700 | Depths:5 | Gained mutation: You passively map a small area around you. [potion of mutation]
133700 | Depths:5 | Gained mutation: Armour fits poorly on your strangely shaped body. [potion of mutation]
133700 | Depths:5 | Gained mutation: You passively map the area around you. [potion of mutation]
133700 | Depths:5 | Gained mutation: You have large cloven feet. [potion of mutation]
133701 | Depths:5 | Lost mutation: You have large cloven feet. [potion of mutation]
133701 | Depths:5 | Lost mutation: Armour fits poorly on your strangely shaped body. [potion of mutation]
133701 | Depths:5 | Gained mutation: You expend magic power (3 MP) to strengthen your wands. [potion of mutation]
133701 | Depths:5 | Gained mutation: You are agile. (Dex +2) [potion of mutation]
133702 | Depths:5 | Lost mutation: You expend magic power (3 MP) to strengthen your wands. [potion of mutation]
133702 | Depths:5 | Lost mutation: You are agile. (Dex +2) [potion of mutation]
133702 | Depths:5 | Gained mutation: You evolve. [potion of mutation]
133702 | Depths:5 | Gained mutation: You expend magic power (3 MP) to strengthen your wands. [potion of mutation]
133702 | Depths:5 | Gained mutation: You have very sharp teeth. [potion of mutation]
133703 | Depths:5 | Lost mutation: You expend magic power (3 MP) to strengthen your wands. [potion of mutation]
133703 | Depths:5 | Lost mutation: You evolve. [potion of mutation]
133703 | Depths:5 | Lost mutation: You have very sharp teeth. [potion of mutation]
133703 | Depths:5 | Lost mutation: You passively map the area around you. [potion of mutation]
133703 | Depths:5 | Gained mutation: You are covered in fur. (AC +1) [potion of mutation]
133703 | Depths:5 | Gained mutation: Your mind is acute. (Int +2) [potion of mutation]
133703 | Depths:5 | Gained mutation: Your magical capacity is low. (-10% MP) [potion of mutation]
133703 | Depths:5 | Gained mutation: Your system is resistant to poisons. (rPois) [potion of mutation]
133704 | Depths:5 | Lost mutation: Your magical capacity is low. (-10% MP) [potion of mutation]
133704 | Depths:5 | Lost mutation: You passively map a small area around you. [potion of mutation]
133704 | Depths:5 | Lost mutation: Your mind is acute. (Int +2) [potion of mutation]
133704 | Depths:5 | Lost mutation: Your system is resistant to poisons. (rPois) [potion of mutation]
133704 | Depths:5 | Gained mutation: You are resistant to hostile enchantments. (MR+) [potion of mutation]
133704 | Depths:5 | Gained mutation: Your mind is acute. (Int +2) [potion of mutation]
133704 | Depths:5 | Gained mutation: You possess an exceptional clarity of mind. [potion of mutation]
133720 | Zig:1    | Entered Level 1 of a ziggurat
133739 | Zig:2    | Entered Level 2 of a ziggurat
133750 | Zig:2    | Reached skill level 15 in Staves
133824 | Zig:3    | Entered Level 3 of a ziggurat
133867 | Zig:4    | Entered Level 4 of a ziggurat
133895 | Zig:5    | Entered Level 5 of a ziggurat
133907 | Zig:5    | Found the +7 Singing Sword
133934 | Zig:6    | Entered Level 6 of a ziggurat
133936 | Zig:6    | Noticed Sypis the pandemonium lord
133936 | Zig:6    | Noticed Roaczem the pandemonium lord
133936 | Zig:6    | Noticed Vuff the pandemonium lord
133939 | Zig:6    | Killed Sypis the pandemonium lord
133940 | Zig:6    | Killed Roaczem the pandemonium lord
133941 | Zig:6    | Killed Vuff the pandemonium lord
133966 | Zig:7    | Entered Level 7 of a ziggurat
134064 | Zig:7    | Got a warped lead ring
134088 | Zig:8    | Entered Level 8 of a ziggurat
134120 | Zig:8    | Identified the Papyrus of Frigorific Feathers
134126 | Zig:8    | Identified Ixiyzxoo's Incunabulum of Warped Flight
134178 | Zig:9    | Entered Level 9 of a ziggurat
134190 | Zig:9    | Noticed an ancient lich
134193 | Zig:9    | Killed an ancient lich
134234 | Zig:10   | Entered Level 10 of a ziggurat
134279 | Zig:10   | Got a brightly glowing triple sword
134299 | Zig:11   | Entered Level 11 of a ziggurat
134305 | Zig:11   | Noticed a greater mummy
134310 | Zig:11   | Killed a greater mummy
134311 | Zig:11   | Noticed a greater mummy
134312 | Zig:11   | Noticed a greater mummy
134314 | Zig:11   | Noticed a greater mummy
134315 | Zig:11   | Noticed a greater mummy
134317 | Zig:11   | Killed a greater mummy
134318 | Zig:11   | Killed a greater mummy
134319 | Zig:11   | Killed a greater mummy
134320 | Zig:11   | Noticed a greater mummy
134322 | Zig:11   | Killed a greater mummy
134322 | Zig:11   | Killed a greater mummy
134324 | Zig:11   | Noticed a greater mummy
134325 | Zig:11   | Killed a greater mummy
134362 | Zig:12   | Entered Level 12 of a ziggurat
134370 | Zig:12   | Noticed an ancient lich
134371 | Zig:12   | Killed an ancient lich
134371 | Zig:12   | Killed an ancient lich
134378 | Zig:12   | Noticed an ancient lich
134380 | Zig:12   | Killed an ancient lich
134388 | Zig:12   | Noticed an ancient lich
134389 | Zig:12   | Killed an ancient lich
134396 | Zig:12   | Found the ring of the Octopus King
134422 | Zig:12   | Identified the ring of Liuroeh {rPois rF+ rN+} (You found it on level 7 of a ziggurat)
134425 | Zig:12   | Got a ring of the Octopus King
134430 | Zig:12   | Got a fine steel ring
134433 | Zig:13   | Entered Level 13 of a ziggurat
134488 | Zig:13   | Identified Wenobleo's Grimoire of Beguiling
134491 | Zig:13   | Identified Lubluos's Disquisition on Sinister Arts and Intoxication
134506 | Zig:13   | Got an ivory mace
134509 | Zig:13   | Identified the Disquisition on Weightlessness and Stones
134519 | Zig:13   | Identified the +6 mace of Xom's Vengeance {crush, rPois Dex+3} (You found it on level 13 of a ziggurat)
134524 | Zig:13   | Got an ichor-stained scale mail
134535 | Zig:13   | Identified the +0 scale mail of Kemo Ros {rElec rF+} (You found it on level 13 of a ziggurat)
134567 | Zig:13   | Identified the ring of Ysaufarr {rPois rF+ rC+ Str+3} (You found it on level 12 of a ziggurat)
134585 | Zig:14   | Entered Level 14 of a ziggurat
134593 | Zig:14   | Noticed a greater mummy
134595 | Zig:14   | Noticed a greater mummy
134595 | Zig:14   | Noticed a greater mummy
134597 | Zig:14   | Killed a greater mummy
134598 | Zig:14   | Noticed a greater mummy
134599 | Zig:14   | Noticed a greater mummy
134600 | Zig:14   | Killed a greater mummy
134600 | Zig:14   | Killed a greater mummy
134602 | Zig:14   | Killed a greater mummy
134602 | Zig:14   | Killed a greater mummy
134613 | Zig:14   | Noticed a greater mummy
134616 | Zig:14   | Noticed a greater mummy
134616 | Zig:14   | Killed a greater mummy
134617 | Zig:14   | Killed a greater mummy
134630 | Zig:14   | Found the +8 whip "Snakebite" {curare, rPois}
134645 | Zig:14   | Identified the Almanac of Unholy Rites and Envenoming
134655 | Zig:14   | Got a bound platinum amulet
134656 | Zig:14   | Identified the amulet of Ycsuf {Inacc rElec Str+4 Int+3} (You found it on level 14 of a ziggurat)
134770 | Zig:15   | Entered Level 15 of a ziggurat
134810 | Zig:15   | Found the fabulously ornate robe
134817 | Zig:15   | Identified the Tome of Ashen Calling
134821 | Zig:15   | Identified Bomaply's Last Papyrus of the Prophet
134825 | Zig:15   | Identified the Reference Book on Fetching Shape Shifting
134833 | Zig:15   | Got a warped golden ring
134841 | Zig:15   | Identified the ring "Ocsom" {rCorr MR+} (You found it on level 15 of a ziggurat)
134848 | Zig:15   | Got a fabulously ornate robe
134852 | Zig:15   | Identified the +2 plate armour of Peyvoxtuo {rF+} (You found it on level 15 of a ziggurat)
134863 | Zig:15   | Identified the cursed -5 robe of Misfortune {-Cast *Contam *Tele *Drain EV-5 Stlth-- *Curse} (You found it on level 15 of a ziggurat)
134892 | Zig:16   | Entered Level 16 of a ziggurat
134905 | Zig:16   | Noticed Ribau the pandemonium lord
134905 | Zig:16   | Noticed Woapix the pandemonium lord
134908 | Zig:16   | Noticed Vastrec the pandemonium lord
134908 | Zig:16   | Killed Ribau the pandemonium lord
134911 | Zig:16   | Noticed Buryemp the pandemonium lord
134911 | Zig:16   | Killed Zupeesy the pandemonium lord
134912 | Zig:16   | Noticed Iquroc the pandemonium lord
134912 | Zig:16   | Killed Buryemp the pandemonium lord
134912 | Zig:16   | Killed Vastrec the pandemonium lord
134913 | Zig:16   | Noticed Ifreg the pandemonium lord
134913 | Zig:16   | Noticed Rafyth the pandemonium lord
134913 | Zig:16   | Killed Woapix the pandemonium lord
134914 | Zig:16   | Killed Ifreg the pandemonium lord
134915 | Zig:16   | Killed Rafyth the pandemonium lord
134915 | Zig:16   | Reached skill level 27 in Evocations
134915 | Zig:16   | Killed Zuloo the pandemonium lord
134916 | Zig:16   | Noticed Kiju the pandemonium lord
134916 | Zig:16   | Noticed Ukhlij the pandemonium lord
134916 | Zig:16   | Killed War Fos the pandemonium lord
134918 | Zig:16   | Killed Iquroc the pandemonium lord
134919 | Zig:16   | Noticed Lasy the pandemonium lord
134919 | Zig:16   | Killed Ukhlij the pandemonium lord
134920 | Zig:16   | Killed Lasy the pandemonium lord
134920 | Zig:16   | Killed Tapn the pandemonium lord
134920 | Zig:16   | Killed Toizops the pandemonium lord
134923 | Zig:16   | Killed Kiju the pandemonium lord
134926 | Zig:16   | Killed Zuahaab the pandemonium lord
134957 | Zig:16   | Got a pitted jade ring
134958 | Zig:16   | Identified the Catalogue of the Oath and Darkness
134979 | Zig:16   | Got a steaming wooden ring
134984 | Zig:16   | Identified the +6 plate armour of Snakes and Ladders {Str+8} (You found it on level 16 of a ziggurat)
134985 | Zig:16   | Identified the ring of Mistrust {MR+ Str-4 Dex+7} (You found it on level 16 of a ziggurat)
134986 | Zig:16   | Identified the ring of Wapiylac {+Blink rF++ Str+3 Dex-5 Stlth+} (You found it on level 16 of a ziggurat)
135071 | Zig:17   | Entered Level 17 of a ziggurat
135079 | Zig:17   | Reached skill level 1 in Maces & Flails
135091 | Zig:17   | Reached skill level 5 in Maces & Flails
135097 | Zig:17   | Reached skill level 15 in Charms
135115 | Zig:17   | Found the +7 great mace "Undeadhunter" {disrupt, rN+}
135176 | Zig:17   | Got a translucent halberd
135213 | Zig:18   | Entered Level 18 of a ziggurat
135232 | Zig:18   | Reached skill level 10 in Maces & Flails
135251 | Zig:18   | Found the +9 staff of Wucad Mu {channel}
135259 | Zig:18   | Identified the Grimoire of Feathery Unholy Rites
135264 | Zig:18   | Got a slimy great sword
135275 | Zig:18   | Identified Sif Muna's Almanac of Ensnaring Air
135278 | Zig:18   | Got a crude bone amulet
135296 | Zig:18   | Got a sparkling tin ring
135318 | Zig:18   | Got an ancient long sword
135322 | Zig:18   | Identified the +6 long sword "Counan" {antimagic, +Rage Str+4 Dex+3} (You found it on level 18 of a ziggurat)
135401 | Zig:19   | Entered Level 19 of a ziggurat
135414 | Zig:19   | Noticed a greater mummy
135414 | Zig:19   | Noticed a greater mummy
135417 | Zig:19   | Killed a greater mummy
135417 | Zig:19   | Killed a greater mummy
135419 | Zig:19   | Noticed a greater mummy
135421 | Zig:19   | Noticed a greater mummy
135423 | Zig:19   | Noticed a greater mummy
135423 | Zig:19   | Killed a greater mummy
135423 | Zig:19   | Killed a greater mummy
135424 | Zig:19   | Noticed a greater mummy
135425 | Zig:19   | Noticed a greater mummy
135428 | Zig:19   | Noticed a greater mummy
135428 | Zig:19   | Killed a greater mummy
135429 | Zig:19   | Killed a greater mummy
135429 | Zig:19   | Reached skill level 15 in Summonings
135430 | Zig:19   | Killed a greater mummy
135433 | Zig:19   | Noticed a greater mummy
135433 | Zig:19   | Noticed a greater mummy
135433 | Zig:19   | Killed a greater mummy
135435 | Zig:19   | Noticed a greater mummy
135435 | Zig:19   | Killed a greater mummy
135435 | Zig:19   | Killed a greater mummy
135435 | Zig:19   | Killed a greater mummy
135438 | Zig:19   | Noticed a greater mummy
135439 | Zig:19   | Noticed a greater mummy
135440 | Zig:19   | Noticed a greater mummy
135442 | Zig:19   | Killed a greater mummy
135442 | Zig:19   | Killed a greater mummy
135442 | Zig:19   | Killed a greater mummy
135443 | Zig:19   | Noticed a greater mummy
135444 | Zig:19   | Killed a greater mummy
135445 | Zig:19   | Noticed a greater mummy
135445 | Zig:19   | Noticed a greater mummy
135446 | Zig:19   | Noticed a greater mummy
135446 | Zig:19   | Killed a greater mummy
135447 | Zig:19   | Killed a greater mummy
135450 | Zig:19   | Killed a greater mummy
135453 | Zig:19   | Noticed a greater mummy
135453 | Zig:19   | Noticed a greater mummy
135453 | Zig:19   | Killed a greater mummy
135454 | Zig:19   | Noticed a greater mummy
135454 | Zig:19   | Killed a greater mummy
135454 | Zig:19   | Killed a greater mummy
135494 | Zig:19   | Identified the amulet of Cazxuif {Reflect *Drain rN+ Dex+4 SH+3 SInv} (You found it on level 18 of a ziggurat)
135513 | Zig:19   | Identified Giplaet's Catalogue of Attacks and the Traveller
135526 | Zig:19   | Identified the ring "Waob" {*Slow rPois rF+ Int+8 Stlth+} (You found it on level 18 of a ziggurat)
135531 | Zig:19   | Identified the ring "Xaoxtal" {rElec rC+ Int+5 Dex+4} (You found it on level 19 of a ziggurat)
135540 | Zig:19   | Got a faintly glowing ivory ring
135549 | Zig:19   | Got a flickering lapis lazuli ring
135555 | Zig:19   | Got a transparent lapis lazuli ring
135559 | Zig:19   | Identified the ring of the Well-Known Dances {+Fly rElec rPois rF- Dex+4} (You found it on level 19 of a ziggurat)
135561 | Zig:19   | Identified the ring of Sastreas {+Fly MP+9 Int+7 Dex+3} (You found it on level 19 of a ziggurat)
135563 | Zig:19   | Identified the ring of Faqupn {rElec rN+ MP+9 Str+4} (You found it on level 19 of a ziggurat)
135643 | Zig:20   | Entered Level 20 of a ziggurat
135663 | Zig:20   | Noticed an ancient lich
135664 | Zig:20   | Noticed an ancient lich
135664 | Zig:20   | Noticed an ancient lich
135665 | Zig:20   | Killed an ancient lich
135665 | Zig:20   | Killed an ancient lich
135666 | Zig:20   | Killed an ancient lich
135666 | Zig:20   | Reached skill level 27 in Staves
135668 | Zig:20   | Noticed an ancient lich
135668 | Zig:20   | Killed an ancient lich
135669 | Zig:20   | Noticed an ancient lich
135669 | Zig:20   | Killed an ancient lich
135670 | Zig:20   | Noticed an ancient lich
135671 | Zig:20   | Noticed an ancient lich
135671 | Zig:20   | Killed an ancient lich
135671 | Zig:20   | Killed an ancient lich
135672 | Zig:20   | Noticed an ancient lich
135672 | Zig:20   | Killed an ancient lich
135674 | Zig:20   | Noticed an ancient lich
135675 | Zig:20   | Killed an ancient lich
135675 | Zig:20   | Killed an ancient lich
135678 | Zig:20   | Killed an ancient lich
135680 | Zig:20   | Noticed an ancient lich
135681 | Zig:20   | Killed an ancient lich
135730 | Zig:20   | Identified Ojiqical's Tome of Feathery Dislocation
135753 | Zig:20   | Got a bloodstained mace
135757 | Zig:20   | Identified the +3 mace "Perecoz" {flame, rPois Str+2} (You found it on level 20 of a ziggurat)
135760 | Zig:21   | Entered Level 21 of a ziggurat
135775 | Zig:21   | Noticed a juggernaut
135780 | Zig:21   | Killed a juggernaut
135781 | Zig:21   | Noticed a juggernaut
135782 | Zig:21   | Noticed a juggernaut
135782 | Zig:21   | Noticed a juggernaut
135783 | Zig:21   | Noticed a juggernaut
135783 | Zig:21   | Killed a juggernaut
135784 | Zig:21   | Killed a juggernaut
135784 | Zig:21   | Killed a juggernaut
135784 | Zig:21   | Killed a juggernaut
135786 | Zig:21   | Killed a juggernaut
135788 | Zig:21   | Noticed a juggernaut
135788 | Zig:21   | Noticed a juggernaut
135789 | Zig:21   | Killed a juggernaut
135789 | Zig:21   | Killed a juggernaut
135791 | Zig:21   | Noticed a juggernaut
135792 | Zig:21   | Killed a juggernaut
135850 | Zig:21   | Identified the Compendium of Excruciating Aid
135854 | Zig:21   | Identified the Almanac of Unstable Arcane Weapons
135863 | Zig:21   | Got a steaming platinum ring
135956 | Zig:22   | Entered Level 22 of a ziggurat
135984 | Zig:22   | Reached skill level 27 in Summonings
135993 | Zig:22   | Noticed Munysm the pandemonium lord
135996 | Zig:22   | Killed Munysm the pandemonium lord
135996 | Zig:22   | Reached skill level 27 in Earth Magic
136007 | Zig:22   | Reached skill level 15 in Transmutations
136032 | Zig:22   | Found the +3 Elemental Staff {rElec rF++ rC++ MR++ AC+5}
136069 | Zig:22   | Identified Golephes's Tome of the Warped Rocks
136071 | Zig:22   | Identified the ring "Vytu Wav" {+Fly rPois rF+ Str+5 Slay-6} (You found it on level 21 of a ziggurat)
136075 | Zig:22   | Got an ancient bone ring
136116 | Zig:22   | Got a brightly glowing copper amulet
136124 | Zig:23   | Entered Level 23 of a ziggurat
136193 | Zig:23   | Found the +8 longbow "Zephyr" {speed, Dex+3 SInv}
136197 | Zig:23   | Identified the ring "Azavurit" {rF- Str+8 Int+3} (You found it on level 22 of a ziggurat)
136218 | Zig:23   | Got a warped silver ring
136241 | Zig:23   | Identified the ring "Wuolas" {+Fly rElec MR++} (You found it on level 23 of a ziggurat)
136244 | Zig:24   | Entered Level 24 of a ziggurat
136328 | Zig:24   | Found the +7 lajatang of Order {silver, rMut}
136328 | Zig:24   | Found the +8 frozen axe "Frostbite" {freezing cloud, *Noise +Fly rC+}
136443 | Zig:24   | Identified Etauky Zici's Guide on Icy Air
136451 | Zig:24   | Got a pair of brightly glowing boots
136457 | Zig:24   | Identified the Reference Book on Mutagenic Black Arts
136489 | Zig:24   | Identified the +1 pair of boots of Inquiry {Str+3} (You found it on level 24 of a ziggurat)
136506 | Zig:25   | Entered Level 25 of a ziggurat
136577 | Zig:25   | Found the +8 demon blade "Bloodbane" {slice, *Rage +Rage Stlth-}
136588 | Zig:25   | Identified the Incunabulum of the Supportive Snowflakes
136590 | Zig:25   | Identified the Tome of Unholy Hexes
136621 | Zig:25   | Got a pitted crystal plate armour
136633 | Zig:25   | Identified the +0 crystal plate armour "Heuhaez" {Dex+3 Slay+3} (You acquired it on level 25 of a ziggurat)
136662 | Zig:26   | Entered Level 26 of a ziggurat
136678 | Zig:26   | Reached skill level 5 in Long Blades
136693 | Zig:26   | Reached skill level 10 in Long Blades
136741 | Zig:26   | Got a transparent bronze ring
136745 | Zig:26   | Identified the Collected Works on Twisted Creation
136753 | Zig:26   | Identified the Volume of Battle Magic
136777 | Zig:26   | Identified the Compendium of Harmful Beguiling
136785 | Zig:26   | Got a shimmering ivory ring
136788 | Zig:26   | Identified the ring of the Harvest {Str+2 Slay+6} (You found it on level 26 of a ziggurat)
136790 | Zig:26   | Identified the ring "Udodwuq" {Ice SInv} (You found it on level 26 of a ziggurat)
136798 | Zig:26   | Got a shimmering granite ring
136799 | Zig:26   | Identified the ring of the Princeling {rElec rF++ rC- MR+ Dex+4} (You found it on level 26 of a ziggurat)
136953 | Zig:27   | Entered Level 27 of a ziggurat
136957 | Zig:27   | Noticed Kairos's ghost (legendary VSFi)
136990 | Zig:27   | Reached skill level 15 in Long Blades
136991 | Zig:27   | Killed Kairos's ghost
137060 | Zig:27   | Found the +5 pair of quick blades "Gyre" and "Gimble" {pierce, Dex-3}
137060 | Zig:27   | Found the +4 arc blade {discharge, rElec}
137064 | Zig:27   | Got a flickering ivory ring
137068 | Zig:27   | Got a transparent tin amulet
137075 | Zig:27   | Identified the Grimoire of Helpful Changing
137090 | Zig:27   | Identified the ring of Curiosity {Ice +Inv rElec rN+ Int-5} (You found it on level 27 of a ziggurat)
137099 | Zig:27   | Got a bound silver ring
137104 | Zig:27   | Got a heavily runed lapis lazuli ring
137105 | Zig:27   | Identified the Reference Book on the Damaging Frostbite
137108 | Zig:27   | Identified the Compendium of the Arsonist
137114 | Zig:27   | Got a scorched marble ring
137118 | Zig:27   | Identified the ring "Yruab" {rPois MR+ SInv} (You found it on level 27 of a ziggurat)
137120 | Zig:27   | Identified the ring "Josmawna" {rN+ MP+9 Int+3 Dex+4} (You found it on level 27 of a ziggurat)
137122 | Zig:27   | Identified the ring "Luuforit" {Wiz rElec MR+++ Dex-2 Slay+3} (You found it on level 27 of a ziggurat)
137151 | Zig:27   | Got a smoking tin ring
137167 | Depths:5 | Identified the ring "Qoer" {+Inv rC+} (You found it on level 27 of a ziggurat)
137193 | Zig:1    | Entered Level 1 of a ziggurat
137195 | Zig:1    | Reached skill level 1 in Unarmed Combat
137276 | Zig:2    | Entered Level 2 of a ziggurat
137293 | Zig:3    | Entered Level 3 of a ziggurat
137296 | Zig:3    | Reached skill level 5 in Unarmed Combat
137328 | Zig:4    | Entered Level 4 of a ziggurat
137328 | Zig:4    | Noticed a greater mummy
137328 | Zig:4    | Noticed a greater mummy
137328 | Zig:4    | Noticed a greater mummy
137331 | Zig:4    | Killed a greater mummy
137331 | Zig:4    | Killed a greater mummy
137331 | Zig:4    | Killed a greater mummy
137338 | Zig:4    | Reached skill level 27 in Translocations
137357 | Zig:4    | Got a serpentine pewter ring
137414 | Zig:4    | Identified the ring "Cyptis" {MP+9 EV+4 Dex+5 Stlth+} (You found it on level 4 of a ziggurat)
137421 | Zig:5    | Entered Level 5 of a ziggurat
137522 | Zig:6    | Entered Level 6 of a ziggurat
137525 | Zig:6    | Noticed an ancient lich
137526 | Zig:6    | Reached skill level 10 in Unarmed Combat
137527 | Zig:6    | Noticed an ancient lich
137527 | Zig:6    | Killed an ancient lich
137528 | Zig:6    | Killed an ancient lich
137613 | Zig:7    | Entered Level 7 of a ziggurat
137656 | Zig:8    | Entered Level 8 of a ziggurat
137657 | Zig:8    | Reached skill level 1 in Short Blades
137694 | Zig:8    | Identified the Handbook of Ignition and the Snowflakes
137696 | Zig:8    | Identified the Disquisition on the Rocks
137859 | Zig:9    | Entered Level 9 of a ziggurat
137863 | Zig:9    | Reached skill level 5 in Short Blades
137867 | Zig:9    | Noticed an ancient lich
137869 | Zig:9    | Reached skill level 5 in Stealth
137872 | Zig:9    | Killed an ancient lich
137936 | Zig:9    | Identified the amulet of Hasaytov {+Rage Int+4 Dex+4} (You found it on level 27 of a ziggurat)
137937 | Zig:9    | Identified the amulet "Dosinona" {Faith rPois rF+++ Dex-3 Slay+2} (You found it on level 22 of a ziggurat)
137965 | Zig:10   | Entered Level 10 of a ziggurat
137974 | Zig:10   | Reached skill level 10 in Short Blades
137992 | Zig:10   | Found the ring of the Octopus King
138007 | Zig:10   | Identified Sif Muna's Papyrus of Displacement and Augmentations
138025 | Zig:10   | Got a ring of the Octopus King
138110 | Zig:11   | Entered Level 11 of a ziggurat
138139 | Zig:11   | Found the ring of the Octopus King
138155 | Zig:11   | Identified Milioz's Papyrus of the Doomed Blaze
138158 | Zig:11   | Identified a ring of the Octopus King {AC+1 EV+1 Str+1 Int+1 Dex+1 SInv} (You found it on level 10 of a ziggurat)
138173 | Zig:12   | Entered Level 12 of a ziggurat
138185 | Zig:12   | Reached skill level 10 in Stealth
138197 | Zig:12   | Reached skill level 15 in Short Blades
138199 | Zig:12   | Found the ring of the Octopus King
138244 | Zig:12   | Got a ring of the Octopus King
138251 | Zig:12   | Reached skill level 15 in Unarmed Combat
138297 | Zig:13   | Entered Level 13 of a ziggurat
138297 | Zig:13   | Noticed a juggernaut
138297 | Zig:13   | Noticed a juggernaut
138299 | Zig:13   | Noticed a juggernaut
138302 | Zig:13   | Killed a juggernaut
138304 | Zig:13   | Killed a juggernaut
138304 | Zig:13   | Killed a juggernaut
138307 | Zig:13   | Noticed a juggernaut
138307 | Zig:13   | Noticed a juggernaut
138309 | Zig:13   | Noticed a juggernaut
138309 | Zig:13   | Noticed a juggernaut
138312 | Zig:13   | Killed a juggernaut
138313 | Zig:13   | Killed a juggernaut
138313 | Zig:13   | Killed a juggernaut
138314 | Zig:13   | Killed a juggernaut
138325 | Zig:13   | Found the +7 sceptre of Torment
138326 | Zig:13   | Found the +8 trident of the Octopus King {venom, rElec rPois MR+}
138328 | Zig:13   | Found the ring of the Octopus King
138348 | Zig:13   | Identified the Volume of Dusty Changing
138368 | Zig:13   | Identified Sif Muna's Catalogue of the Congealing Traveller
138389 | Zig:14   | Entered Level 14 of a ziggurat
138394 | Zig:14   | Reached skill level 27 in Transmutations
138439 | Zig:14   | Got a heavily runed bone ring
138441 | Zig:14   | Identified Qenas's Compendium of Unholy Transmutation
138453 | Zig:14   | Identified the cursed ring of Icenaud {rN+ Dex-3} (You found it on level 14 of a ziggurat)
138458 | Zig:15   | Entered Level 15 of a ziggurat
138515 | Zig:15   | Got a faintly humming robe
138524 | Zig:15   | Got a brightly glowing ruby amulet
138550 | Zig:15   | Identified the cursed +1 robe of the Beggar {*Contam Str+4 Dex+5} (You found it on level 15 of a ziggurat)
138611 | Zig:16   | Entered Level 16 of a ziggurat
138614 | Zig:16   | Noticed an ancient lich
138615 | Zig:16   | Noticed an ancient lich
138615 | Zig:16   | Noticed an ancient lich
138617 | Zig:16   | Killed an ancient lich
138619 | Zig:16   | Killed an ancient lich
138620 | Zig:16   | Noticed an ancient lich
138620 | Zig:16   | Reached skill level 15 in Stealth
138622 | Zig:16   | Noticed an ancient lich
138623 | Zig:16   | Killed an ancient lich
138624 | Zig:16   | Killed an ancient lich
138625 | Zig:16   | Noticed an ancient lich
138626 | Zig:16   | Killed an ancient lich
138626 | Zig:16   | Killed an ancient lich
138627 | Zig:16   | Noticed an ancient lich
138628 | Zig:16   | Killed an ancient lich
138628 | Zig:16   | Killed an ancient lich
138632 | Zig:16   | Noticed an ancient lich
138636 | Zig:16   | Killed an ancient lich
138636 | Zig:16   | Killed an ancient lich
138643 | Zig:16   | Noticed an ancient lich
138645 | Zig:16   | Killed an ancient lich
138657 | Zig:16   | Found the +3 robe of Clouds {+Fly rElec}
138667 | Zig:16   | Identified the Papyrus of Dark Augmentations
138679 | Zig:16   | Identified Sif Muna's Almanac of the Gliding Snowflakes
138681 | Zig:16   | Identified the amulet "Dofrimah" {Gourm rElec rN+ Int-4 Dex+6} (You found it on level 15 of a ziggurat)
138753 | Zig:17   | Entered Level 17 of a ziggurat
138803 | Zig:17   | Got a shimmering iron ring
138811 | Zig:17   | Identified the ring "Podicos" {rPois Int+2} (You found it on level 17 of a ziggurat)
138830 | Zig:18   | Entered Level 18 of a ziggurat
138865 | Zig:18   | Found the +3 warlock's mirror {reflect}
138902 | Zig:18   | Identified Veoniess's Handbook of Ignition and the Frostbite
138921 | Zig:19   | Entered Level 19 of a ziggurat
138931 | Zig:19   | Noticed an ancient lich
138935 | Zig:19   | Killed an ancient lich
138942 | Zig:19   | Noticed an ancient lich
138943 | Zig:19   | Noticed an ancient lich
138943 | Zig:19   | Killed an ancient lich
138944 | Zig:19   | Killed an ancient lich
138946 | Zig:19   | Noticed an ancient lich
138946 | Zig:19   | Killed an ancient lich
138967 | Zig:19   | Found the +4 dagger "Morg" {pain, MR+ Int+5}
138978 | Zig:19   | Identified the Grimoire of Transformation and Intoxication
138997 | Zig:19   | Identified the Almanac of Pyromania
139010 | Zig:19   | Got a polished hat
139011 | Zig:19   | Identified the +0 hat "Wuowkorenn" {rF+ MR- rCorr} (You acquired it on level 19 of a ziggurat)
139028 | Zig:20   | Entered Level 20 of a ziggurat
139056 | Zig:20   | Found the +2 robe of Vines {NoPotionHeal Regen+7}
139064 | Zig:20   | Identified Epor's Grimoire of Unholy Secrets and the Blaze
139074 | Zig:20   | Identified the Incunabulum of Confrontation
139080 | Zig:20   | Got a brightly glowing steel ring
139085 | Zig:20   | Got a transparent copper ring
139087 | Zig:20   | Got a transparent golden ring
139094 | Zig:20   | Identified the cursed +1 crystal plate armour of the Well-Known Gods {Str+4 Dex+6} (You found it on level 20 of a ziggurat)
139100 | Zig:20   | Identified the ring of Surprise {MR+ Slay+2 Stlth+} (You found it on level 20 of a ziggurat)
139101 | Zig:20   | Identified the cursed ring of Mienoebburr {+Blink rElec Int-6 Slay-4} (You found it on level 20 of a ziggurat)
139102 | Zig:20   | Identified the ring of Symmetry {Wiz rF+ Str-5 Int+6 Stlth+} (You found it on level 20 of a ziggurat)
139115 | Zig:21   | Entered Level 21 of a ziggurat
139122 | Zig:21   | Noticed an ancient lich
139125 | Zig:21   | Noticed an ancient lich
139126 | Zig:21   | Noticed an ancient lich
139126 | Zig:21   | Noticed an ancient lich
139128 | Zig:21   | Killed an ancient lich
139128 | Zig:21   | Killed an ancient lich
139129 | Zig:21   | Killed an ancient lich
139131 | Zig:21   | Killed an ancient lich
139132 | Zig:21   | Noticed an ancient lich
139133 | Zig:21   | Killed an ancient lich
139144 | Zig:21   | Noticed an ancient lich
139144 | Zig:21   | Killed an ancient lich
139146 | Zig:21   | Noticed an ancient lich
139152 | Zig:21   | Killed an ancient lich
139183 | Zig:21   | Identified the Papyrus of Blistering Evil Secrets
139187 | Zig:21   | Got a heavily runed brass ring
139192 | Zig:21   | Identified the Papyrus of Poison and the Mountains
139207 | Zig:21   | Identified the Compendium of Enhancements and Toxins
139212 | Zig:21   | Identified Kusoneap's Guide on Enthralling Arcane Weapons
139214 | Zig:21   | Identified the Grimoire of Assistive Confrontation
139226 | Zig:21   | Identified the Compendium of Boosts
139249 | Zig:21   | Identified the ring "Naiqaj" {rF- rC+ Int+2 Slay+2 Stlth-} (You found it on level 21 of a ziggurat)
139253 | Zig:21   | Got an ancient large shield
139254 | Zig:21   | Identified the +7 large shield of Ixkiy {rC+} (You acquired it on level 21 of a ziggurat)
139283 | Zig:22   | Entered Level 22 of a ziggurat
139419 | Zig:22   | Got a coiled marble ring
139434 | Zig:22   | Got a wavering emerald amulet
139441 | Zig:22   | Got a twitching copper amulet
139455 | Zig:22   | Identified the Reference Book on the Traveller
139462 | Zig:22   | Upgraded the game from 0.22-a0-389-g8519d86 to 0.22-a0-392-g5dc3fd9
139471 | Zig:22   | Identified the cursed +1 scale mail of Oneoloev {rElec rC++ SInv Stlth+} (You found it on level 22 of a ziggurat)
139519 | Zig:22   | Got a translucent double sword
139524 | Zig:22   | Identified the cursed +1 double sword of Soprag {flame, rPois} (You found it on level 22 of a ziggurat)
139605 | Zig:23   | Entered Level 23 of a ziggurat
139612 | Zig:23   | Noticed a juggernaut
139613 | Zig:23   | Reached skill level 27 in Short Blades
139613 | Zig:23   | Killed a juggernaut
139614 | Zig:23   | Noticed a juggernaut
139615 | Zig:23   | Noticed a juggernaut
139615 | Zig:23   | Noticed a juggernaut
139617 | Zig:23   | Killed a juggernaut
139617 | Zig:23   | Killed a juggernaut
139620 | Zig:23   | Killed a juggernaut
139622 | Zig:23   | Noticed a juggernaut
139624 | Zig:23   | Noticed a juggernaut
139626 | Zig:23   | Killed a juggernaut
139627 | Zig:23   | Killed a juggernaut
139638 | Zig:23   | Noticed a juggernaut
139639 | Zig:23   | Killed a juggernaut
139653 | Zig:23   | Found the +27 Lear's hauberk
139653 | Zig:23   | Found the +12 glaive of Prune {chop}
139655 | Zig:23   | Identified Riehor's Grimoire of Creative Lightness
139667 | Zig:23   | Identified Sif Muna's Grimoire of the Mountains and Darkness
139680 | Zig:23   | Got a brightly glowing bone ring
139685 | Zig:23   | Identified the ring of Qewumidd {Ice rPois MR- MP-9 Dex+7} (You found it on level 23 of a ziggurat)
139687 | Zig:23   | Identified the ring of Pifiv {+Fly rPois rC+ Int-5} (You found it on level 22 of a ziggurat)
139725 | Zig:24   | Entered Level 24 of a ziggurat
139752 | Zig:24   | Reached skill level 27 in Stealth
139756 | Zig:24   | Reached skill level 27 in Unarmed Combat
139758 | Zig:24   | Noticed Zivuink the pandemonium lord
139759 | Zig:24   | Killed Zivuink the pandemonium lord
139847 | Zig:24   | Identified Sif Muna's Disquisition on Bewitching Transformation
139872 | Zig:24   | Identified the amulet "Ruwk" {Inacc Int+4 Dex+3} (You found it on level 24 of a ziggurat)
139879 | Zig:24   | Identified the ring of Witaloge {MR+ Int+2} (You found it on level 24 of a ziggurat)
139884 | Zig:24   | Identified the ring "Kuzuong" {Fire Dex+3} (You found it on level 24 of a ziggurat)
139927 | Zig:24   | Got a polished buckler
139938 | Zig:24   | Identified the +3 buckler of the Devil's Team {+Inv Slay+2} (You found it on level 24 of a ziggurat)
139975 | Zig:25   | Entered Level 25 of a ziggurat
139982 | Zig:25   | Noticed a juggernaut
139982 | Zig:25   | Noticed a juggernaut
139982 | Zig:25   | Noticed a juggernaut
139984 | Zig:25   | Killed a juggernaut
139985 | Zig:25   | Killed a juggernaut
139986 | Zig:25   | Killed a juggernaut
139987 | Zig:25   | Noticed a juggernaut
139988 | Zig:25   | Noticed a juggernaut
139988 | Zig:25   | Killed a juggernaut
139991 | Zig:25   | Killed a juggernaut
139993 | Zig:25   | Noticed a juggernaut
139993 | Zig:25   | Noticed a juggernaut
139995 | Zig:25   | Noticed a juggernaut
139995 | Zig:25   | Noticed a juggernaut
139998 | Zig:25   | Killed a juggernaut
139998 | Zig:25   | Killed a juggernaut
139998 | Zig:25   | Killed a juggernaut
139998 | Zig:25   | Killed a juggernaut
139999 | Zig:25   | Noticed a juggernaut
140001 | Zig:25   | Killed a juggernaut
140002 | Zig:25   | Noticed a juggernaut
140004 | Zig:25   | Killed a juggernaut
140159 | Zig:26   | Entered Level 26 of a ziggurat
140186 | Zig:26   | Noticed Moplarch the pandemonium lord
140189 | Zig:26   | Killed Moplarch the pandemonium lord
140242 | Zig:26   | Found the ring of the Octopus King
140262 | Zig:26   | Got a glittering golden ring
140273 | Zig:26   | Identified the Papyrus of Orientation and Envenoming
140290 | Zig:26   | Identified the Papyrus of Congealing Good Luck
140296 | Zig:26   | Got a vibrating sapphire amulet
140308 | Zig:26   | Identified the cursed ring of the Kangaroo {MR+ AC-2} (You found it on level 26 of a ziggurat)
140314 | Zig:26   | Got a wavering ruby amulet
140367 | Zig:27   | Entered Level 27 of a ziggurat
140426 | Zig:27   | Found the ring of the Octopus King
140435 | Zig:27   | Identified Xaots's Disquisition on the Arsonist and the Mountains
140466 | Zig:27   | Got a glittering tin ring
140472 | Zig:27   | Identified the ring of Okawaru's Supremacy {+Fly rPois} (You found it on level 27 of a ziggurat)
140473 | Zig:27   | Identified the amulet "Deymno Vyce" {Acrobat rF++ Str+8 Int-3} (You found it on level 26 of a ziggurat)
140474 | Zig:27   | Identified the amulet of Idejic {Faith Fragile rN+ Str+5} (You found it on level 26 of a ziggurat)
140479 | Zig:27   | Got a ring of the Octopus King
140484 | Zig:27   | Identified Sif Muna's Almanac of Igneous Venom
140488 | Zig:27   | Identified the ring "Reaxeapp" {+Blink rF+++ MR+ Dex-2 Slay-3} (You found it on level 27 of a ziggurat)
140522 | Zig:1    | Entered Level 1 of a ziggurat
140553 | Zig:2    | Entered Level 2 of a ziggurat
140647 | Zig:3    | Entered Level 3 of a ziggurat
140658 | Zig:4    | Entered Level 4 of a ziggurat
140670 | Zig:4    | Identified the Incunabulum of Creative Attacks
140683 | Zig:5    | Entered Level 5 of a ziggurat
140708 | Zig:5    | Got a heavily runed brass ring
140714 | Zig:5    | Identified the ring "Vyalyut" {rC+ MR+ SInv} (You found it on level 5 of a ziggurat)
140717 | Zig:6    | Entered Level 6 of a ziggurat
140719 | Zig:6    | Noticed Vexywn the pandemonium lord
140719 | Zig:6    | Noticed Pozxun the pandemonium lord
140722 | Zig:6    | Noticed Poosm the pandemonium lord
140722 | Zig:6    | Noticed Nucaac the pandemonium lord
140722 | Zig:6    | Killed Pozxun the pandemonium lord
140724 | Zig:6    | Killed Vexywn the pandemonium lord
140726 | Zig:6    | Killed Nucaac the pandemonium lord
140726 | Zig:6    | Killed Poosm the pandemonium lord
140740 | Zig:7    | Entered Level 7 of a ziggurat
140774 | Zig:7    | Got a warped copper ring
140789 | Zig:7    | Got a wavering golden ring
140796 | Zig:7    | Identified the amulet "Xuamadus" {Faith *Slow +Blink rF+ Int+3} (You found it on level 22 of a ziggurat)
140902 | Zig:8    | Entered Level 8 of a ziggurat
140912 | Zig:8    | Noticed Jauckaf the pandemonium lord
140917 | Zig:8    | Killed Jauckaf the pandemonium lord
141036 | Zig:9    | Entered Level 9 of a ziggurat
141061 | Zig:9    | Got a crude silver amulet
141076 | Zig:9    | Identified the ring of Kokkapp {*Tele Dex+2} (You found it on level 7 of a ziggurat)
141077 | Zig:9    | Identified the ring "Kenwur" {rF+ rC+ Dex+4} (You found it on level 7 of a ziggurat)
141089 | Zig:9    | Identified the Handbook of Quantum Unholy Rites
141095 | Zig:10   | Entered Level 10 of a ziggurat
141151 | Zig:11   | Entered Level 11 of a ziggurat
141194 | Zig:11   | Identified the Papyrus of the Valley
141200 | Zig:12   | Entered Level 12 of a ziggurat
141246 | Zig:12   | Identified the Handbook of Enhancements
141260 | Zig:13   | Entered Level 13 of a ziggurat
141262 | Zig:13   | Noticed a greater mummy
141264 | Zig:13   | Noticed a greater mummy
141265 | Zig:13   | Noticed a greater mummy
141266 | Zig:13   | Noticed a greater mummy
141267 | Zig:13   | Killed a greater mummy
141267 | Zig:13   | Killed a greater mummy
141268 | Zig:13   | Noticed a greater mummy
141268 | Zig:13   | Killed a greater mummy
141268 | Zig:13   | Killed a greater mummy
141269 | Zig:13   | Noticed a greater mummy
141270 | Zig:13   | Noticed a greater mummy
141270 | Zig:13   | Noticed a greater mummy
141271 | Zig:13   | Noticed a greater mummy
141271 | Zig:13   | Killed a greater mummy
141271 | Zig:13   | Killed a greater mummy
141272 | Zig:13   | Killed a greater mummy
141272 | Zig:13   | Killed a greater mummy
141272 | Zig:13   | Killed a greater mummy
141273 | Zig:13   | Noticed a greater mummy
141275 | Zig:13   | Noticed a greater mummy
141277 | Zig:13   | Noticed a greater mummy
141277 | Zig:13   | Killed a greater mummy
141277 | Zig:13   | Killed a greater mummy
141278 | Zig:13   | Killed a greater mummy
141281 | Zig:13   | Noticed a greater mummy
141283 | Zig:13   | Noticed a greater mummy
141283 | Zig:13   | Killed a greater mummy
141286 | Zig:13   | Killed a greater mummy
141316 | Zig:13   | Identified the amulet "Fuiskug" {+Rage +Fly rC+} (You found it on level 22 of a ziggurat)
141318 | Zig:13   | Identified the amulet of the Trilobite {Inacc Dex+2} (You found it on level 13 of a ziggurat)
141319 | Zig:13   | Identified the amulet of Ratane {+Rage rC+} (You found it on level 9 of a ziggurat)
141329 | Zig:13   | Reached skill level 27 in Charms
141332 | Zig:14   | Entered Level 14 of a ziggurat
141394 | Zig:14   | Got a coiled garnet amulet
141408 | Zig:15   | Entered Level 15 of a ziggurat
141457 | Zig:15   | Got a clouded ivory ring
141463 | Zig:15   | Got a sparkling glass ring
141478 | Zig:16   | Entered Level 16 of a ziggurat
141531 | Zig:16   | Identified the +4 shield of Gatroesau {Stlth+} (You found it on level 16 of a ziggurat)
141532 | Zig:16   | Identified the ring "Ucigagg" {Fire *Contam MP+9 Int+4 SInv} (You found it on level 15 of a ziggurat)
141533 | Zig:16   | Identified the ring "Doiff" {Dex+3 Stlth+} (You found it on level 15 of a ziggurat)
141554 | Zig:16   | Got a wavering crystal amulet
141561 | Zig:16   | Got a jade-encrusted plate armour
141576 | Zig:16   | Identified the cursed +1 plate armour of Depression {rC+ Int+3} (You found it on level 16 of a ziggurat)
141583 | Zig:16   | Got a smoking plate armour
141589 | Zig:16   | Identified the +3 plate armour of the Apprentice {*Slow +Inv Slay+3} (You found it on level 16 of a ziggurat)
141639 | Zig:17   | Entered Level 17 of a ziggurat
141684 | Zig:17   | Found the +3 pair of gauntlets of War {Slay+5}
141692 | Zig:17   | Got a warped copper ring
141732 | Zig:18   | Entered Level 18 of a ziggurat
141769 | Zig:18   | Found the +2 hat of the Bear Spirit {Spirit, +Rage rN+ MR++}
141795 | Zig:18   | Identified the amulet of Xom's Passing Interest {Reflect rPois SH+3} (You found it on level 16 of a ziggurat)
141813 | Zig:18   | Identified the amulet of Xotesek {Reflect rPois rN+ Str+2 Dex+2 SH+3} (You found it on level 14 of a ziggurat)
141824 | Zig:19   | Entered Level 19 of a ziggurat
141886 | Zig:19   | Got a heavily runed granite ring
141894 | Zig:19   | Identified the ring "Jassap" {rPois EV+6 Int+2 Dex-2 Stlth+} (You found it on level 17 of a ziggurat)
141895 | Zig:19   | Identified the ring of Ephemeral Luck {-Tele rF+ rN+ EV+2} (You found it on level 19 of a ziggurat)
141913 | Zig:19   | Got a smoking robe
141919 | Zig:19   | Got a wavering bronze ring
141946 | Zig:19   | Identified the +2 robe "Revvey" {+Blink rF+ MR+} (You found it on level 19 of a ziggurat)
141985 | Zig:20   | Entered Level 20 of a ziggurat
141995 | Zig:20   | Noticed a greater mummy
141995 | Zig:20   | Noticed a greater mummy
141998 | Zig:20   | Killed a greater mummy
141999 | Zig:20   | Noticed a greater mummy
142000 | Zig:20   | Noticed a greater mummy
142000 | Zig:20   | Killed a greater mummy
142002 | Zig:20   | Noticed a greater mummy
142002 | Zig:20   | Noticed a greater mummy
142002 | Zig:20   | Killed a greater mummy
142003 | Zig:20   | Noticed a greater mummy
142003 | Zig:20   | Noticed a greater mummy
142003 | Zig:20   | Killed a greater mummy
142003 | Zig:20   | Killed a greater mummy
142004 | Zig:20   | Noticed a greater mummy
142004 | Zig:20   | Noticed a greater mummy
142004 | Zig:20   | Killed a greater mummy
142004 | Zig:20   | Killed a greater mummy
142005 | Zig:20   | Noticed a greater mummy
142005 | Zig:20   | Killed a greater mummy
142007 | Zig:20   | Noticed a greater mummy
142007 | Zig:20   | Noticed a greater mummy
142007 | Zig:20   | Noticed a greater mummy
142007 | Zig:20   | Noticed a greater mummy
142008 | Zig:20   | Noticed a greater mummy
142008 | Zig:20   | Noticed a greater mummy
142008 | Zig:20   | Noticed a greater mummy
142008 | Zig:20   | Noticed a greater mummy
142008 | Zig:20   | Killed a greater mummy
142009 | Zig:20   | Killed a greater mummy
142009 | Zig:20   | Killed a greater mummy
142009 | Zig:20   | Killed a greater mummy
142010 | Zig:20   | Noticed a greater mummy
142010 | Zig:20   | Killed a greater mummy
142010 | Zig:20   | Killed a greater mummy
142010 | Zig:20   | Killed a greater mummy
142010 | Zig:20   | Killed a greater mummy
142011 | Zig:20   | Killed a greater mummy
142011 | Zig:20   | Killed a greater mummy
142011 | Zig:20   | Killed a greater mummy
142012 | Zig:20   | Noticed a greater mummy
142012 | Zig:20   | Noticed a greater mummy
142012 | Zig:20   | Killed a greater mummy
142013 | Zig:20   | Noticed a greater mummy
142014 | Zig:20   | Noticed a greater mummy
142015 | Zig:20   | Killed a greater mummy
142015 | Zig:20   | Killed a greater mummy
142015 | Zig:20   | Killed a greater mummy
142017 | Zig:20   | Killed a greater mummy
142019 | Zig:20   | Noticed a greater mummy
142020 | Zig:20   | Killed a greater mummy
142022 | Zig:20   | Noticed a greater mummy
142022 | Zig:20   | Noticed a greater mummy
142023 | Zig:20   | Noticed a greater mummy
142023 | Zig:20   | Killed a greater mummy
142024 | Zig:20   | Killed a greater mummy
142024 | Zig:20   | Killed a greater mummy
142026 | Zig:20   | Noticed a greater mummy
142026 | Zig:20   | Noticed a greater mummy
142028 | Zig:20   | Killed a greater mummy
142029 | Zig:20   | Killed a greater mummy
142058 | Zig:20   | Identified the Collected Works on Arcane Weapons
142077 | Zig:20   | Got a shimmering crystal amulet
142122 | Zig:21   | Entered Level 21 of a ziggurat
142127 | Zig:21   | Noticed a greater mummy
142130 | Zig:21   | Noticed a greater mummy
142130 | Zig:21   | Killed a greater mummy
142133 | Zig:21   | Noticed a greater mummy
142135 | Zig:21   | Noticed a greater mummy
142135 | Zig:21   | Noticed a greater mummy
142136 | Zig:21   | Killed a greater mummy
142136 | Zig:21   | Killed a greater mummy
142137 | Zig:21   | Noticed a greater mummy
142139 | Zig:21   | Killed a greater mummy
142140 | Zig:21   | Noticed a greater mummy
142141 | Zig:21   | Killed a greater mummy
142142 | Zig:21   | Noticed a greater mummy
142143 | Zig:21   | Noticed a greater mummy
142143 | Zig:21   | Killed a greater mummy
142143 | Zig:21   | Killed a greater mummy
142144 | Zig:21   | Noticed a greater mummy
142144 | Zig:21   | Noticed a greater mummy
142145 | Zig:21   | Killed a greater mummy
142146 | Zig:21   | Noticed a greater mummy
142146 | Zig:21   | Killed a greater mummy
142147 | Zig:21   | Killed a greater mummy
142147 | Zig:21   | Killed a greater mummy
142148 | Zig:21   | Noticed a greater mummy
142148 | Zig:21   | Killed a greater mummy
142148 | Zig:21   | Killed a greater mummy
142148 | Zig:21   | Killed a greater mummy
142149 | Zig:21   | Noticed a greater mummy
142149 | Zig:21   | Noticed a greater mummy
142150 | Zig:21   | Noticed a greater mummy
142150 | Zig:21   | Noticed a greater mummy
142150 | Zig:21   | Killed a greater mummy
142151 | Zig:21   | Killed a greater mummy
142152 | Zig:21   | Killed a greater mummy
142153 | Zig:21   | Noticed a greater mummy
142153 | Zig:21   | Noticed a greater mummy
142153 | Zig:21   | Killed a greater mummy
142153 | Zig:21   | Killed a greater mummy
142154 | Zig:21   | Noticed a greater mummy
142154 | Zig:21   | Noticed a greater mummy
142155 | Zig:21   | Noticed a greater mummy
142155 | Zig:21   | Killed a greater mummy
142156 | Zig:21   | Noticed a greater mummy
142156 | Zig:21   | Killed a greater mummy
142156 | Zig:21   | Killed a greater mummy
142156 | Zig:21   | Killed a greater mummy
142156 | Zig:21   | Killed a greater mummy
142157 | Zig:21   | Noticed a greater mummy
142157 | Zig:21   | Noticed a greater mummy
142159 | Zig:21   | Noticed a greater mummy
142159 | Zig:21   | Noticed a greater mummy
142159 | Zig:21   | Killed a greater mummy
142160 | Zig:21   | Noticed a greater mummy
142160 | Zig:21   | Noticed a greater mummy
142160 | Zig:21   | Killed a greater mummy
142160 | Zig:21   | Killed a greater mummy
142161 | Zig:21   | Killed a greater mummy
142161 | Zig:21   | Killed a greater mummy
142167 | Zig:21   | Noticed a greater mummy
142167 | Zig:21   | Killed a greater mummy
142168 | Zig:21   | Killed a greater mummy
142171 | Zig:21   | Noticed a greater mummy
142173 | Zig:21   | Noticed a greater mummy
142173 | Zig:21   | Noticed a greater mummy
142176 | Zig:21   | Noticed a greater mummy
142176 | Zig:21   | Noticed a greater mummy
142176 | Zig:21   | Killed a greater mummy
142176 | Zig:21   | Killed a greater mummy
142177 | Zig:21   | Killed a greater mummy
142178 | Zig:21   | Killed a greater mummy
142179 | Zig:21   | Killed a greater mummy
142180 | Zig:21   | Noticed a greater mummy
142183 | Zig:21   | Killed a greater mummy
142211 | Zig:21   | Got a smoking steel ring
142221 | Zig:21   | Identified the Incunabulum of a Billion Runes
142239 | Zig:21   | Identified the ring of Xom's Capriciousness {rCorr *Drain +Fly rF++ Int+2} (You found it on level 21 of a ziggurat)
142240 | Zig:21   | Identified the amulet "Suops" {RegenMP Str+4 Slay+3} (You found it on level 20 of a ziggurat)
142241 | Zig:21   | Identified the ring of Yxatseroyv {rF+ MR+++ Str+6 Int+4 Dex-3} (You found it on level 21 of a ziggurat)
142242 | Zig:21   | Identified the ring "Wageaci" {+Inv rN+ Int+7} (You found it on level 19 of a ziggurat)
142265 | Zig:22   | Entered Level 22 of a ziggurat
142332 | Zig:22   | Identified the Catalogue of Attacks and Protection
142339 | Zig:22   | Identified the Handbook of Supportive Cold
142356 | Zig:22   | Got a scorched marble ring
142382 | Zig:22   | Identified the Guide on Captivating Envenoming
142389 | Zig:22   | Identified the ring of Nozug {Str-4 Int+3 Dex+4} (You found it on level 22 of a ziggurat)
142453 | Zig:23   | Entered Level 23 of a ziggurat
142460 | Zig:23   | Noticed Raim the pandemonium lord
142460 | Zig:23   | Noticed Xitroeru the pandemonium lord
142465 | Zig:23   | Noticed Teeluis the pandemonium lord
142465 | Zig:23   | Killed Xitroeru the pandemonium lord
142465 | Zig:23   | Killed Raim the pandemonium lord
142466 | Zig:23   | Noticed Ceeroty the pandemonium lord
142466 | Zig:23   | Killed Teeluis the pandemonium lord
142468 | Zig:23   | Noticed Ygeocepe the pandemonium lord
142468 | Zig:23   | Noticed Jukhea the pandemonium lord
142469 | Zig:23   | Noticed Oqush the pandemonium lord
142470 | Zig:23   | Noticed Idaahun the pandemonium lord
142470 | Zig:23   | Killed Ceeroty the pandemonium lord
142470 | Zig:23   | Killed Tigac the pandemonium lord
142470 | Zig:23   | Killed Jukhea the pandemonium lord
142477 | Zig:23   | Killed Idaahun the pandemonium lord
142479 | Zig:23   | Killed Oqush the pandemonium lord
142479 | Zig:23   | Killed Ydwuo the pandemonium lord
142481 | Zig:23   | Noticed Dighaas the pandemonium lord
142481 | Zig:23   | Noticed Luptoy the pandemonium lord
142481 | Zig:23   | Noticed Hichoak the pandemonium lord
142481 | Zig:23   | Noticed Meygho Kexuh the pandemonium lord
142482 | Zig:23   | Noticed Kewnool the pandemonium lord
142483 | Zig:23   | Noticed Lenogoof the pandemonium lord
142483 | Zig:23   | Noticed Poudo Hyusy the pandemonium lord
142483 | Zig:23   | Killed Ygeocepe the pandemonium lord
142484 | Zig:23   | Noticed Wiply the pandemonium lord
142484 | Zig:23   | Killed Kewnool the pandemonium lord
142484 | Zig:23   | Killed Lenogoof the pandemonium lord
142484 | Zig:23   | Killed Dighaas the pandemonium lord
142485 | Zig:23   | Noticed Ikeeq the pandemonium lord
142486 | Zig:23   | Noticed Voevup the pandemonium lord
142486 | Zig:23   | Noticed Dyuwirif the pandemonium lord
142486 | Zig:23   | Killed Poudo Hyusy the pandemonium lord
142486 | Zig:23   | Killed Meygho Kexuh the pandemonium lord
142486 | Zig:23   | Killed Luptoy the pandemonium lord
142486 | Zig:23   | Killed Wiply the pandemonium lord
142487 | Zig:23   | Noticed Sabayj the pandemonium lord
142487 | Zig:23   | Noticed Zeuson the pandemonium lord
142487 | Zig:23   | Killed Voevup the pandemonium lord
142488 | Zig:23   | Noticed Haxiarug the pandemonium lord
142488 | Zig:23   | Killed Zeuson the pandemonium lord
142489 | Zig:23   | Noticed Houmo the pandemonium lord
142489 | Zig:23   | Killed Sabayj the pandemonium lord
142489 | Zig:23   | Killed Dyuwirif the pandemonium lord
142489 | Zig:23   | Killed Eqaromai the pandemonium lord
142491 | Zig:23   | Noticed Meqobb the pandemonium lord
142491 | Zig:23   | Noticed Puicici the pandemonium lord
142491 | Zig:23   | Killed Haxiarug the pandemonium lord
142492 | Zig:23   | Killed Meqobb the pandemonium lord
142493 | Zig:23   | Noticed Tubrang the pandemonium lord
142493 | Zig:23   | Killed Houmo the pandemonium lord
142493 | Zig:23   | Killed Puicici the pandemonium lord
142493 | Zig:23   | Killed Hichoak the pandemonium lord
142494 | Zig:23   | Noticed Vab Tulo the pandemonium lord
142495 | Zig:23   | Killed Vab Tulo the pandemonium lord
142496 | Zig:23   | Killed Tubrang the pandemonium lord
142497 | Zig:23   | Noticed Doileuly the pandemonium lord
142497 | Zig:23   | Noticed Qamn the pandemonium lord
142497 | Zig:23   | Noticed Vawyzell the pandemonium lord
142500 | Zig:23   | Noticed Deoklesma the pandemonium lord
142500 | Zig:23   | Killed Vawyzell the pandemonium lord
142501 | Zig:23   | Noticed Anui the pandemonium lord
142501 | Zig:23   | Noticed Vinaawn the pandemonium lord
142502 | Zig:23   | Noticed Pidonaf the pandemonium lord
142502 | Zig:23   | Noticed Qouckuos the pandemonium lord
142503 | Zig:23   | Noticed Maiseil the pandemonium lord
142504 | Zig:23   | Noticed Bawae the pandemonium lord
142504 | Zig:23   | Noticed Atryppas the pandemonium lord
142504 | Zig:23   | Killed Ikeeq the pandemonium lord
142505 | Zig:23   | Noticed Tacyrint the pandemonium lord
142508 | Zig:23   | Noticed Qupt the pandemonium lord
142509 | Zig:23   | Noticed Wyanod the pandemonium lord
142509 | Zig:23   | Noticed Tof Xed the pandemonium lord
142509 | Zig:23   | Killed Doileuly the pandemonium lord
142510 | Zig:23   | Noticed Zyeliov the pandemonium lord
142511 | Zig:23   | Killed Tof Xed the pandemonium lord
142512 | Zig:23   | Noticed Uwium the pandemonium lord
142512 | Zig:23   | Noticed Wink the pandemonium lord
142512 | Zig:23   | Noticed Deskihel the pandemonium lord
142512 | Zig:23   | Noticed Joamat the pandemonium lord
142512 | Zig:23   | Noticed Fixoam the pandemonium lord
142512 | Zig:23   | Noticed Ifiykk the pandemonium lord
142512 | Zig:23   | Noticed Senemimeh the pandemonium lord
142512 | Zig:23   | Noticed Odgham the pandemonium lord
142512 | Zig:23   | Noticed Zimpang the pandemonium lord
142512 | Zig:23   | Noticed Xohicaj the pandemonium lord
142515 | Zig:23   | Killed Qupt the pandemonium lord
142515 | Zig:23   | Killed Wyanod the pandemonium lord
142517 | Zig:23   | Killed Deskihel the pandemonium lord
142517 | Zig:23   | Killed Uwium the pandemonium lord
142531 | Zig:23   | Killed Joamat the pandemonium lord
142531 | Zig:23   | Killed Vinaawn the pandemonium lord
142532 | Zig:23   | Killed Qamn the pandemonium lord
142533 | Zig:23   | Noticed Deetal the pandemonium lord
142533 | Zig:23   | Killed Deetal the pandemonium lord
142534 | Zig:23   | Killed Fixoam the pandemonium lord
142534 | Zig:23   | Paralysed by you for 7 turns
142541 | Zig:23   | Noticed Puhieddaqi the pandemonium lord
142542 | Zig:23   | Killed Anui the pandemonium lord
142543 | Zig:23   | Killed Puhieddaqi the pandemonium lord
142544 | Zig:23   | Killed Maiseil the pandemonium lord
142544 | Zig:23   | Killed Atryppas the pandemonium lord
142544 | Zig:23   | Killed Xohicaj the pandemonium lord
142545 | Zig:23   | Killed Odgham the pandemonium lord
142545 | Zig:23   | Killed Wink the pandemonium lord
142545 | Zig:23   | Killed Ifiykk the pandemonium lord
142546 | Zig:23   | Killed Qouckuos the pandemonium lord
142552 | Zig:23   | Noticed Tuyshri the pandemonium lord
142555 | Zig:23   | Killed Tacyrint the pandemonium lord
142558 | Zig:23   | Killed Bawae the pandemonium lord
142559 | Zig:23   | Noticed Zorefehe the pandemonium lord
142559 | Zig:23   | Killed Tuyshri the pandemonium lord
142561 | Zig:23   | Killed Zyeliov the pandemonium lord
142562 | Zig:23   | Killed Zorefehe the pandemonium lord
142562 | Zig:23   | Killed Deoklesma the pandemonium lord
142566 | Zig:23   | Noticed Cuot the pandemonium lord
142566 | Zig:23   | Killed Cuot the pandemonium lord
142567 | Zig:23   | Noticed Qesit the pandemonium lord
142567 | Zig:23   | Killed Qesit the pandemonium lord
142568 | Zig:23   | Noticed Vibbi the pandemonium lord
142568 | Zig:23   | Killed Pidonaf the pandemonium lord
142569 | Zig:23   | Noticed Dyjir the pandemonium lord
142570 | Zig:23   | Noticed Jinafo Duphi the pandemonium lord
142571 | Zig:23   | Killed Dyjir the pandemonium lord
142572 | Zig:23   | Killed Vibbi the pandemonium lord
142573 | Zig:23   | Killed Jinafo Duphi the pandemonium lord
142575 | Zig:23   | Killed Zimpang the pandemonium lord
142575 | Zig:23   | Killed Cehueluo the pandemonium lord
142575 | Zig:23   | Killed Meufyics the pandemonium lord
142580 | Zig:23   | Noticed Yniaj the pandemonium lord
142583 | Zig:23   | Killed Yniaj the pandemonium lord
142593 | Zig:23   | Killed Senemimeh the pandemonium lord
142652 | Zig:23   | Got a transparent iron amulet
142679 | Zig:23   | Identified the +9 scale mail of Ziviofipn {Int+3} (You found it on level 23 of a ziggurat)
142680 | Zig:23   | Identified the amulet "Quemn" {Reflect rElec SH+4} (You found it on level 23 of a ziggurat)
142741 | Zig:24   | Entered Level 24 of a ziggurat
142831 | Zig:24   | Identified Buepp's Tome of Assistive Summoning
142962 | Zig:25   | Entered Level 25 of a ziggurat
143025 | Zig:25   | Got a slimy steel ring
143045 | Zig:25   | Identified Pafesorgh's Disquisition on Flight and the Snowflakes
143048 | Zig:25   | Identified the ring of Fedhas's Pride {rC+ SInv Stlth+} (You found it on level 25 of a ziggurat)
143067 | Zig:26   | Entered Level 26 of a ziggurat
143083 | Zig:26   | Noticed an ancient lich
143084 | Zig:26   | Noticed an ancient lich
143086 | Zig:26   | Noticed an ancient lich
143086 | Zig:26   | Killed an ancient lich
143087 | Zig:26   | Noticed an ancient lich
143087 | Zig:26   | Killed an ancient lich
143088 | Zig:26   | Killed an ancient lich
143090 | Zig:26   | Noticed an ancient lich
143093 | Zig:26   | Killed an ancient lich
143094 | Zig:26   | Noticed an ancient lich
143094 | Zig:26   | Noticed an ancient lich
143094 | Zig:26   | Killed an ancient lich
143096 | Zig:26   | Killed an ancient lich
143097 | Zig:26   | Noticed an ancient lich
143098 | Zig:26   | Noticed an ancient lich
143098 | Zig:26   | Noticed an ancient lich
143100 | Zig:26   | Killed an ancient lich
143101 | Zig:26   | Noticed an ancient lich
143101 | Zig:26   | Killed an ancient lich
143103 | Zig:26   | Killed an ancient lich
143104 | Zig:26   | Noticed an ancient lich
143105 | Zig:26   | Killed an ancient lich
143105 | Zig:26   | Killed an ancient lich
143107 | Zig:26   | Killed an ancient lich
143114 | Zig:26   | Noticed an ancient lich
143114 | Zig:26   | Killed an ancient lich
143116 | Zig:26   | Noticed an ancient lich
143121 | Zig:26   | Killed an ancient lich
143121 | Zig:26   | Killed an ancient lich
143174 | Zig:26   | Got a transparent pewter ring
143190 | Zig:26   | Identified the ring of Lachae {*Drain +Inv MR+ MP+9} (You found it on level 26 of a ziggurat)
143200 | Zig:26   | Reached skill level 27 in Long Blades
143200 | Zig:26   | Reached skill level 27 in Axes
143200 | Zig:26   | Reached skill level 27 in Maces & Flails
143200 | Zig:26   | Reached skill level 27 in Polearms
143201 | Zig:26   | Reached skill level 27 in Poison Magic
143202 | Zig:26   | Reached skill level 27 in Hexes
143307 | Zig:26   | Got a translucent bone ring
143309 | Zig:26   | Identified the ring "Muzinwuz" {rC+ rN++ MR- Dex+4 Stlth-} (You found it on level 26 of a ziggurat)
143317 | Zig:27   | Entered Level 27 of a ziggurat
143375 | Zig:27   | Found the +3 salamander hide armour {+Rage rF++}
143377 | Zig:27   | Found the +0 mask of the Dragon {MR+ Slay+3 SInv}
143398 | Zig:27   | Identified the Papyrus of Attacks
143412 | Zig:27   | Got a brightly glowing jade ring
143416 | Zig:27   | Identified the ring "Bocwar" {rC+ Int+2} (You found it on level 27 of a ziggurat)
143455 | Zig:1    | Entered Level 1 of a ziggurat
143473 | Zig:2    | Entered Level 2 of a ziggurat
143488 | Zig:3    | Entered Level 3 of a ziggurat
143505 | Zig:4    | Entered Level 4 of a ziggurat
143557 | Zig:4    | Got a brightly glowing turquoise ring
143579 | Zig:5    | Entered Level 5 of a ziggurat
143678 | Zig:6    | Entered Level 6 of a ziggurat
143715 | Zig:7    | Entered Level 7 of a ziggurat
143751 | Zig:8    | Entered Level 8 of a ziggurat
143789 | Zig:9    | Entered Level 9 of a ziggurat
143861 | Zig:9    | Identified the ring of Yskohise {MR+ Slay+3} (You found it on level 9 of a ziggurat)
143869 | Zig:10   | Entered Level 10 of a ziggurat
143914 | Zig:10   | Got a wavering amber ring
143928 | Zig:11   | Entered Level 11 of a ziggurat
143979 | Zig:11   | Got a glittering bone ring
144030 | Zig:12   | Entered Level 12 of a ziggurat
144130 | Zig:13   | Entered Level 13 of a ziggurat
144198 | Zig:13   | Identified the amulet of Darkness {Inacc *Corrode MR+ Int+3 Dex+6} (You found it on level 13 of a ziggurat)
144211 | Zig:13   | Got a coiled copper ring
144213 | Zig:13   | Identified the Disquisition on Boosting Stolen Souls
144224 | Zig:13   | Identified the ring of Usewnoim {Wiz Dex+5 Stlth+} (You found it on level 4 of a ziggurat)
144226 | Zig:13   | Identified the ring of Bytwi {rF+ Str+5 Stlth-} (You found it on level 13 of a ziggurat)
144228 | Zig:13   | Identified the ring "Rygh" {+Inv rN++ MR+ MP+9 Int-5} (You found it on level 11 of a ziggurat)
144230 | Zig:13   | Identified the ring "Ofuomit" {rPois rF+ Str+2 Slay+3 Stlth+} (You found it on level 10 of a ziggurat)
144255 | Zig:14   | Entered Level 14 of a ziggurat
144265 | Zig:14   | Noticed an ancient lich
144266 | Zig:14   | Killed an ancient lich
144268 | Zig:14   | Noticed an ancient lich
144270 | Zig:14   | Killed an ancient lich
144271 | Zig:14   | Noticed an ancient lich
144271 | Zig:14   | Noticed an ancient lich
144275 | Zig:14   | Killed an ancient lich
144275 | Zig:14   | Killed an ancient lich
144280 | Zig:14   | Killed an ancient lich
144299 | Zig:14   | Found the +2 pair of boots of the Assassin {Detection Stab+ Stlth++}
144347 | Zig:15   | Entered Level 15 of a ziggurat
144414 | Zig:15   | Identified the Handbook of the Snowflakes and Protection
144416 | Zig:15   | Identified the Incunabulum of the Oath
144430 | Zig:15   | Identified the ring of Xajuodd {rCorr rN+} (You found it on level 15 of a ziggurat)
144514 | Zig:16   | Entered Level 16 of a ziggurat
144522 | Zig:16   | Noticed a juggernaut
144523 | Zig:16   | Noticed a juggernaut
144527 | Zig:16   | Noticed a juggernaut
144527 | Zig:16   | Killed a juggernaut
144527 | Zig:16   | Killed a juggernaut
144528 | Zig:16   | Killed a juggernaut
144529 | Zig:16   | Noticed a juggernaut
144529 | Zig:16   | Noticed a juggernaut
144530 | Zig:16   | Killed a juggernaut
144533 | Zig:16   | Noticed a juggernaut
144533 | Zig:16   | Killed a juggernaut
144536 | Zig:16   | Noticed a juggernaut
144537 | Zig:16   | Killed a juggernaut
144538 | Zig:16   | Killed a juggernaut
144558 | Zig:16   | Identified the Guide on Harmful Evil Magic
144568 | Zig:16   | Got a vibrating zirconium amulet
144581 | Zig:17   | Entered Level 17 of a ziggurat
144587 | Zig:17   | Noticed a greater mummy
144587 | Zig:17   | Noticed a greater mummy
144587 | Zig:17   | Noticed a greater mummy
144587 | Zig:17   | Noticed a greater mummy
144589 | Zig:17   | Noticed a greater mummy
144589 | Zig:17   | Noticed a greater mummy
144590 | Zig:17   | Killed a greater mummy
144591 | Zig:17   | Killed a greater mummy
144591 | Zig:17   | Killed a greater mummy
144591 | Zig:17   | Killed a greater mummy
144592 | Zig:17   | Noticed a greater mummy
144592 | Zig:17   | Killed a greater mummy
144592 | Zig:17   | Killed a greater mummy
144594 | Zig:17   | Noticed a greater mummy
144595 | Zig:17   | Killed a greater mummy
144596 | Zig:17   | Noticed a greater mummy
144597 | Zig:17   | Noticed a greater mummy
144597 | Zig:17   | Noticed a greater mummy
144597 | Zig:17   | Killed a greater mummy
144598 | Zig:17   | Noticed a greater mummy
144598 | Zig:17   | Noticed a greater mummy
144598 | Zig:17   | Killed a greater mummy
144598 | Zig:17   | Killed a greater mummy
144599 | Zig:17   | Noticed a greater mummy
144599 | Zig:17   | Killed a greater mummy
144600 | Zig:17   | Noticed a greater mummy
144600 | Zig:17   | Killed a greater mummy
144601 | Zig:17   | Noticed a greater mummy
144601 | Zig:17   | Killed a greater mummy
144601 | Zig:17   | Killed a greater mummy
144602 | Zig:17   | Noticed a greater mummy
144602 | Zig:17   | Noticed a greater mummy
144602 | Zig:17   | Killed a greater mummy
144604 | Zig:17   | Noticed a greater mummy
144604 | Zig:17   | Killed a greater mummy
144606 | Zig:17   | Noticed a greater mummy
144606 | Zig:17   | Noticed a greater mummy
144606 | Zig:17   | Killed a greater mummy
144606 | Zig:17   | Killed a greater mummy
144606 | Zig:17   | Killed a greater mummy
144607 | Zig:17   | Noticed a greater mummy
144607 | Zig:17   | Noticed a greater mummy
144608 | Zig:17   | Noticed a greater mummy
144608 | Zig:17   | Noticed a greater mummy
144610 | Zig:17   | Noticed a greater mummy
144611 | Zig:17   | Noticed a greater mummy
144611 | Zig:17   | Killed a greater mummy
144612 | Zig:17   | Noticed a greater mummy
144612 | Zig:17   | Killed a greater mummy
144612 | Zig:17   | Killed a greater mummy
144613 | Zig:17   | Noticed a greater mummy
144613 | Zig:17   | Killed a greater mummy
144613 | Zig:17   | Killed a greater mummy
144613 | Zig:17   | Killed a greater mummy
144613 | Zig:17   | Killed a greater mummy
144613 | Zig:17   | Killed a greater mummy
144614 | Zig:17   | Noticed a greater mummy
144614 | Zig:17   | Killed a greater mummy
144615 | Zig:17   | Killed a greater mummy
144616 | Zig:17   | Killed a greater mummy
144617 | Zig:17   | Noticed a greater mummy
144617 | Zig:17   | Killed a greater mummy
144619 | Zig:17   | Noticed a greater mummy
144620 | Zig:17   | Noticed a greater mummy
144621 | Zig:17   | Killed a greater mummy
144622 | Zig:17   | Noticed a greater mummy
144622 | Zig:17   | Noticed a greater mummy
144622 | Zig:17   | Killed a greater mummy
144622 | Zig:17   | Killed a greater mummy
144623 | Zig:17   | Noticed a greater mummy
144623 | Zig:17   | Noticed a greater mummy
144625 | Zig:17   | Killed a greater mummy
144625 | Zig:17   | Killed a greater mummy
144626 | Zig:17   | Noticed a greater mummy
144626 | Zig:17   | Noticed a greater mummy
144626 | Zig:17   | Killed a greater mummy
144629 | Zig:17   | Killed a greater mummy
144629 | Zig:17   | Killed a greater mummy
144660 | Zig:17   | Got a clouded bronze ring
144687 | Zig:17   | Identified the Incunabulum of Calling and Good Luck
144692 | Zig:17   | Identified the Compendium of Changing and Stones
144695 | Zig:17   | Identified The Foundations of Witchery
144698 | Zig:17   | Identified the ring "Aqitou" {rPois Int+3 Dex+4} (You found it on level 17 of a ziggurat)
144708 | Zig:17   | Identified the ring of Hard Scrabble {Ice Str+5 Int-2} (You found it on level 17 of a ziggurat)
144709 | Zig:17   | Identified the amulet of Taygy {Gourm rPois rF- Dex-3 Stlth+} (You found it on level 16 of a ziggurat)
144710 | Zig:17   | Identified the ring of Zuhu {+Blink Int+4 Stlth+} (You found it on level 17 of a ziggurat)
144739 | Zig:18   | Entered Level 18 of a ziggurat
144814 | Zig:18   | Got a brightly glowing pewter amulet
144819 | Zig:18   | Got a slimy jade ring
144835 | Zig:18   | Identified Sif Muna's Disquisition on Snow and Clay
144905 | Zig:19   | Entered Level 19 of a ziggurat
144955 | Zig:19   | Got a transparent brass ring
144973 | Zig:19   | Identified the ring of Sihoepla {*Tele MR+ Int+2 SInv} (You found it on level 18 of a ziggurat)
144974 | Zig:19   | Identified the amulet "Paunkug" {RegenMP MR+} (You found it on level 18 of a ziggurat)
144977 | Zig:19   | Identified the ring "Laoniq" {*Slow +Inv rElec Int+5} (You found it on level 19 of a ziggurat)
145013 | Zig:20   | Entered Level 20 of a ziggurat
145061 | Zig:20   | Got a shimmering amethyst amulet
145076 | Zig:20   | Identified Sif Muna's Grimoire of Ensnaring Toxins
145087 | Zig:20   | Identified the Catalogue of Captivating Feathers
145105 | Zig:20   | Identified Sif Muna's Incunabulum of Flamy Displacement
145112 | Zig:20   | Got a pair of fine boots
145113 | Zig:20   | Identified the +2 pair of boots "Uniel" {+Blink rN+ rCorr Int-3} (You acquired it on level 20 of a ziggurat)
145114 | Zig:20   | Identified the amulet "Lahonyck" {Acrobat +Inv MR+} (You found it on level 20 of a ziggurat)
145120 | Zig:21   | Entered Level 21 of a ziggurat
145187 | Zig:21   | Got a wavering bronze amulet
145212 | Zig:22   | Entered Level 22 of a ziggurat
145346 | Zig:22   | Got a scintillating silver ring
145355 | Zig:23   | Entered Level 23 of a ziggurat
145366 | Zig:23   | Noticed a juggernaut
145368 | Zig:23   | Noticed a juggernaut
145369 | Zig:23   | Noticed a juggernaut
145369 | Zig:23   | Noticed a juggernaut
145370 | Zig:23   | Noticed a juggernaut
145371 | Zig:23   | Noticed a juggernaut
145371 | Zig:23   | Noticed a juggernaut
145372 | Zig:23   | Killed a juggernaut
145372 | Zig:23   | Killed a juggernaut
145372 | Zig:23   | Noticed a juggernaut
145373 | Zig:23   | Noticed a juggernaut
145374 | Zig:23   | Noticed a juggernaut
145374 | Zig:23   | Killed a juggernaut
145374 | Zig:23   | Killed a juggernaut
145375 | Zig:23   | Noticed a juggernaut
145375 | Zig:23   | Noticed a juggernaut
145375 | Zig:23   | Killed a juggernaut
145375 | Zig:23   | Killed a juggernaut
145375 | Zig:23   | Killed a juggernaut
145375 | Zig:23   | Killed a juggernaut
145375 | Zig:23   | Noticed a juggernaut
145376 | Zig:23   | Noticed a juggernaut
145376 | Zig:23   | Noticed a juggernaut
145376 | Zig:23   | Killed a juggernaut
145377 | Zig:23   | Noticed a juggernaut
145377 | Zig:23   | Noticed a juggernaut
145377 | Zig:23   | Noticed a juggernaut
145378 | Zig:23   | Noticed a juggernaut
145378 | Zig:23   | Noticed a juggernaut
145379 | Zig:23   | Killed a juggernaut
145379 | Zig:23   | Killed a juggernaut
145379 | Zig:23   | Killed a juggernaut
145379 | Zig:23   | Killed a juggernaut
145379 | Zig:23   | Killed a juggernaut
145380 | Zig:23   | Noticed a juggernaut
145380 | Zig:23   | Killed a juggernaut
145380 | Zig:23   | Killed a juggernaut
145380 | Zig:23   | Killed a juggernaut
145380 | Zig:23   | Killed a juggernaut
145382 | Zig:23   | Noticed a juggernaut
145382 | Zig:23   | Killed a juggernaut
145383 | Zig:23   | Noticed a juggernaut
145383 | Zig:23   | Killed a juggernaut
145383 | Zig:23   | Killed a juggernaut
145385 | Zig:23   | Killed a juggernaut
145386 | Zig:23   | Noticed a juggernaut
145387 | Zig:23   | Noticed a juggernaut
145387 | Zig:23   | Killed a juggernaut
145388 | Zig:23   | Killed a juggernaut
145398 | Zig:23   | Killed a juggernaut
145417 | Zig:23   | Got a brightly glowing ivory ring
145442 | Zig:23   | Got a vibrating platinum ring
145453 | Zig:23   | Identified the amulet "Xulyit" {Gourm rN+ MR+} (You found it on level 21 of a ziggurat)
145454 | Zig:23   | Identified the ring "Nubukizy" {MR+ MP+9 Dex+2} (You found it on level 23 of a ziggurat)
145455 | Zig:23   | Identified the ring of the Nightingale {rC- Int+4 Dex+4 Slay+3} (You found it on level 23 of a ziggurat)
145460 | Zig:23   | Got a scintillating lapis lazuli ring
145468 | Zig:24   | Entered Level 24 of a ziggurat
145572 | Zig:24   | Identified the Almanac of Twisted Cold
145590 | Zig:24   | Got a twitching ivory ring
145593 | Zig:24   | Got a crude jade amulet
145619 | Zig:25   | Entered Level 25 of a ziggurat
145707 | Zig:25   | Got a bloodstained shield
145711 | Zig:25   | Identified the Disquisition on Bewitching Conjuration
145727 | Zig:25   | Identified the amulet "Uciawowe" {Inacc rElec rPois Dex+4} (You found it on level 24 of a ziggurat)
145738 | Zig:25   | Identified the +0 shield of the Pink Corner {rC+ MR+} (You acquired it on level 25 of a ziggurat)
145785 | Zig:26   | Entered Level 26 of a ziggurat
145862 | Zig:26   | Got a topaz-encrusted chain mail
145871 | Zig:27   | Entered Level 27 of a ziggurat
145954 | Zig:27   | Identified the ring of Qauhyu {Wiz rC+ Str-2 Int+7} (You found it on level 27 of a ziggurat)
145955 | Zig:27   | Identified the ring "Xivomp" {*Drain +Inv MR+ MP+9 Dex+5} (You found it on level 22 of a ziggurat)
145961 | Zig:27   | Identified the Compendium of Shape Shifting and Boosts
145979 | Zig:27   | Identified the ring "Ijuliez" {Wiz Str+2 Int+3 Slay+3} (You found it on level 23 of a ziggurat)
145983 | Zig:27   | Identified Nuschioji's Guide on Protection and Transmutation
145995 | Zig:27   | Identified the ring "Asequh" {Dex+3 SInv} (You found it on level 24 of a ziggurat)
145996 | Zig:27   | Identified the cursed +0 chain mail of Dim Light {rF+ SInv Stlth+} (You found it on level 26 of a ziggurat)
145997 | Zig:27   | Identified the ring "Ibilyec" {Dex+3 SInv} (You found it on level 27 of a ziggurat)
146000 | Zig:27   | Got a translucent chain mail
146020 | Zig:27   | Got a transparent golden ring
146032 | Depths:5 | Identified the cursed ring of Incredulity {rElec MP+9 Str+3 Dex-3} (You found it on level 27 of a ziggurat)
146066 | Zig:1    | Entered Level 1 of a ziggurat
146078 | Zig:2    | Entered Level 2 of a ziggurat
146093 | Zig:3    | Entered Level 3 of a ziggurat
146120 | Zig:4    | Entered Level 4 of a ziggurat
146140 | Zig:5    | Entered Level 5 of a ziggurat
146186 | Zig:6    | Entered Level 6 of a ziggurat
146206 | Zig:6    | Got a faintly glowing jade ring
146212 | Zig:6    | Got a bound pewter amulet
146330 | Zig:7    | Entered Level 7 of a ziggurat
146392 | Zig:8    | Entered Level 8 of a ziggurat
146458 | Zig:9    | Entered Level 9 of a ziggurat
146515 | Zig:9    | Identified the ring of the Devil {*Slow +Fly rC+ SInv Stlth+} (You found it on level 6 of a ziggurat)
146516 | Zig:9    | Identified the amulet "Forget-Me-Not" {Gourm Dex+6} (You found it on level 6 of a ziggurat)
146593 | Zig:10   | Entered Level 10 of a ziggurat
146627 | Zig:10   | Got a coiled jade ring
146663 | Zig:11   | Entered Level 11 of a ziggurat
146725 | Zig:12   | Entered Level 12 of a ziggurat
146790 | Zig:12   | Got an ancient bronze amulet
146801 | Zig:12   | Identified the ring of Youthful Indiscretion {rPois Str+2 Int+4} (You found it on level 10 of a ziggurat)
146802 | Zig:12   | Identified the amulet "Wupufo Hoego" {Gourm rF+ MR+ Dex+5} (You found it on level 12 of a ziggurat)
146818 | Zig:13   | Entered Level 13 of a ziggurat
146870 | Zig:13   | Identified Cupriv's Disquisition on Feathery Transmutation
146874 | Zig:14   | Entered Level 14 of a ziggurat
146880 | Zig:14   | Noticed a juggernaut
146882 | Zig:14   | Noticed a juggernaut
146882 | Zig:14   | Noticed a juggernaut
146882 | Zig:14   | Killed a juggernaut
146883 | Zig:14   | Noticed a juggernaut
146883 | Zig:14   | Killed a juggernaut
146884 | Zig:14   | Noticed a juggernaut
146884 | Zig:14   | Noticed a juggernaut
146884 | Zig:14   | Killed a juggernaut
146885 | Zig:14   | Killed a juggernaut
146885 | Zig:14   | Killed a juggernaut
146886 | Zig:14   | Noticed a juggernaut
146886 | Zig:14   | Noticed a juggernaut
146886 | Zig:14   | Noticed a juggernaut
146887 | Zig:14   | Noticed a juggernaut
146888 | Zig:14   | Killed a juggernaut
146889 | Zig:14   | Noticed a juggernaut
146889 | Zig:14   | Killed a juggernaut
146890 | Zig:14   | Killed a juggernaut
146891 | Zig:14   | Killed a juggernaut
146892 | Zig:14   | Killed a juggernaut
146892 | Zig:14   | Killed a juggernaut
146893 | Zig:14   | Noticed a juggernaut
146895 | Zig:14   | Killed a juggernaut
146896 | Zig:14   | Noticed a juggernaut
146896 | Zig:14   | Noticed a juggernaut
146898 | Zig:14   | Noticed a juggernaut
146899 | Zig:14   | Killed a juggernaut
146901 | Zig:14   | Killed a juggernaut
146901 | Zig:14   | Killed a juggernaut
146902 | Zig:14   | Killed a juggernaut
146935 | Zig:14   | Identified Urulim's Collected Works on Unstable Toxins
147006 | Zig:15   | Entered Level 15 of a ziggurat
147043 | Zig:15   | Identified the Handbook of Vitriolic Companions
147064 | Zig:16   | Entered Level 16 of a ziggurat
147134 | Zig:16   | Got a slimy platinum ring
147143 | Zig:16   | Got a sparkling silver ring
147157 | Zig:16   | Got a translucent iron ring
147166 | Zig:16   | Identified the ring of Vighy {rPois rF+ rN+ Int+3 Stlth+} (You found it on level 16 of a ziggurat)
147167 | Zig:16   | Identified the ring "Pasaex" {rC+ Stlth+} (You found it on level 16 of a ziggurat)
147168 | Zig:16   | Identified the ring "Wujisufi" {Wiz rC+ rN+ Str+2} (You found it on level 16 of a ziggurat)
147176 | Zig:17   | Entered Level 17 of a ziggurat
147255 | Zig:18   | Entered Level 18 of a ziggurat
147367 | Zig:18   | Got a shimmering helmet
147374 | Zig:18   | Got a pitted pewter amulet
147378 | Zig:18   | Got an ancient wooden ring
147391 | Zig:18   | Identified the cursed -5 helmet of the Blizzard {-Tele rElec Regen+} (You found it on level 18 of a ziggurat)
147392 | Zig:18   | Identified the ring "Vuamax" {*Drain +Inv Int+5 Dex+3} (You found it on level 18 of a ziggurat)
147393 | Zig:18   | Identified the amulet "Vueph" {Acrobat MR+ Int+5 Slay+2} (You found it on level 18 of a ziggurat)
147400 | Zig:19   | Entered Level 19 of a ziggurat
147471 | Zig:19   | Identified Unwosh's Tome of the Spatial Frostbite
147488 | Zig:20   | Entered Level 20 of a ziggurat
147502 | Zig:20   | Noticed Roolante the pandemonium lord
147502 | Zig:20   | Noticed Vamoxzoj the pandemonium lord
147504 | Zig:20   | Noticed Usaureud the pandemonium lord
147505 | Zig:20   | Noticed Otou the pandemonium lord
147505 | Zig:20   | Noticed Iluqeet the pandemonium lord
147505 | Zig:20   | Noticed Sublas the pandemonium lord
147506 | Zig:20   | Noticed Gemir the pandemonium lord
147506 | Zig:20   | Noticed Cyopsoq the pandemonium lord
147506 | Zig:20   | Noticed Tedag the pandemonium lord
147506 | Zig:20   | Killed Roolante the pandemonium lord
147507 | Zig:20   | Noticed Jenots the pandemonium lord
147507 | Zig:20   | Noticed Fiossuuf the pandemonium lord
147507 | Zig:20   | Noticed Ochaip the pandemonium lord
147509 | Zig:20   | Noticed Joshaosm the pandemonium lord
147509 | Zig:20   | Killed Cyopsoq the pandemonium lord
147510 | Zig:20   | Noticed Uhoota the pandemonium lord
147511 | Zig:20   | Killed Usaureud the pandemonium lord
147514 | Zig:20   | Killed Fiossuuf the pandemonium lord
147515 | Zig:20   | Killed Iluqeet the pandemonium lord
147515 | Zig:20   | Killed Joshaosm the pandemonium lord
147516 | Zig:20   | Killed Tedag the pandemonium lord
147517 | Zig:20   | Noticed Ozxurit the pandemonium lord
147517 | Zig:20   | Killed Gemir the pandemonium lord
147517 | Zig:20   | Killed Ozxurit the pandemonium lord
147519 | Zig:20   | Killed Uhoota the pandemonium lord
147520 | Zig:20   | Noticed Eggyutam the pandemonium lord
147520 | Zig:20   | Noticed Arhaicu the pandemonium lord
147521 | Zig:20   | Noticed Bues the pandemonium lord
147521 | Zig:20   | Killed Arhaicu the pandemonium lord
147521 | Zig:20   | Killed Ogughamo the pandemonium lord
147522 | Zig:20   | Killed Eggyutam the pandemonium lord
147522 | Zig:20   | Killed Bues the pandemonium lord
147523 | Zig:20   | Noticed Xaazat the pandemonium lord
147523 | Zig:20   | Noticed Zeirhouk the pandemonium lord
147523 | Zig:20   | Killed Xaazat the pandemonium lord
147525 | Zig:20   | Noticed Piysiwur the pandemonium lord
147525 | Zig:20   | Noticed Wiustryurph the pandemonium lord
147526 | Zig:20   | Noticed Udwedeudgh the pandemonium lord
147526 | Zig:20   | Killed Piysiwur the pandemonium lord
147526 | Zig:20   | Killed Zeirhouk the pandemonium lord
147527 | Zig:20   | Noticed Fyaddetu the pandemonium lord
147527 | Zig:20   | Killed Voshatto the pandemonium lord
147528 | Zig:20   | Noticed Xirreogrul the pandemonium lord
147528 | Zig:20   | Noticed Vontaph the pandemonium lord
147528 | Zig:20   | Killed Wiustryurph the pandemonium lord
147528 | Zig:20   | Killed Fyaddetu the pandemonium lord
147529 | Zig:20   | Noticed Imooc the pandemonium lord
147529 | Zig:20   | Noticed Fuogoawi the pandemonium lord
147529 | Zig:20   | Noticed Pukezuax the pandemonium lord
147529 | Zig:20   | Killed Xirreogrul the pandemonium lord
147530 | Zig:20   | Noticed Guipeel the pandemonium lord
147531 | Zig:20   | Noticed Atugg the pandemonium lord
147531 | Zig:20   | Noticed Wuasiosch the pandemonium lord
147531 | Zig:20   | Killed Guipeel the pandemonium lord
147531 | Zig:20   | Killed Wuasiosch the pandemonium lord
147531 | Zig:20   | Killed Atugg the pandemonium lord
147532 | Zig:20   | Noticed Syti the pandemonium lord
147532 | Zig:20   | Killed Otou the pandemonium lord
147532 | Zig:20   | Killed Vontaph the pandemonium lord
147533 | Zig:20   | Noticed Rerghur the pandemonium lord
147533 | Zig:20   | Noticed Qaguetz the pandemonium lord
147534 | Zig:20   | Noticed Gauseec the pandemonium lord
147534 | Zig:20   | Noticed Ejosom the pandemonium lord
147535 | Zig:20   | Noticed Xot Hic the pandemonium lord
147535 | Zig:20   | Noticed Ediobro the pandemonium lord
147535 | Zig:20   | Noticed Ysibaogo the pandemonium lord
147535 | Zig:20   | Noticed Jupugiamn the pandemonium lord
147535 | Zig:20   | Killed Fuogoawi the pandemonium lord
147535 | Zig:20   | Killed Imooc the pandemonium lord
147535 | Zig:20   | Killed Udwedeudgh the pandemonium lord
147536 | Zig:20   | Noticed Kuivom the pandemonium lord
147536 | Zig:20   | Killed Gauseec the pandemonium lord
147537 | Zig:20   | Noticed Nowod the pandemonium lord
147537 | Zig:20   | Noticed Byczal the pandemonium lord
147537 | Zig:20   | Killed Ejosom the pandemonium lord
147538 | Zig:20   | Killed Ediobro the pandemonium lord
147538 | Zig:20   | Killed Byczal the pandemonium lord
147538 | Zig:20   | Killed Nowod the pandemonium lord
147538 | Zig:20   | Killed Rerghur the pandemonium lord
147538 | Zig:20   | Killed Syti the pandemonium lord
147538 | Zig:20   | Killed Jupugiamn the pandemonium lord
147539 | Zig:20   | Noticed Liori the pandemonium lord
147539 | Zig:20   | Noticed Muwuduap the pandemonium lord
147539 | Zig:20   | Killed Xot Hic the pandemonium lord
147539 | Zig:20   | Killed Qaguetz the pandemonium lord
147539 | Zig:20   | Killed Bomoas the pandemonium lord
147540 | Zig:20   | Noticed Ykhuep the pandemonium lord
147540 | Zig:20   | Killed Vamoxzoj the pandemonium lord
147540 | Zig:20   | Killed Zayhitz the pandemonium lord
147542 | Zig:20   | Killed Jenots the pandemonium lord
147542 | Zig:20   | Killed Ysibaogo the pandemonium lord
147543 | Zig:20   | Killed Kuivom the pandemonium lord
147546 | Zig:20   | Killed Ykhuep the pandemonium lord
147547 | Zig:20   | Noticed Vemo the pandemonium lord
147547 | Zig:20   | Noticed Kiytsa the pandemonium lord
147547 | Zig:20   | Killed Liori the pandemonium lord
147547 | Zig:20   | Killed Muwuduap the pandemonium lord
147549 | Zig:20   | Noticed Egiehy the pandemonium lord
147550 | Zig:20   | Noticed Gigga the pandemonium lord
147550 | Zig:20   | Noticed Luyr the pandemonium lord
147551 | Zig:20   | Killed Ochaip the pandemonium lord
147553 | Zig:20   | Killed Kiytsa the pandemonium lord
147554 | Zig:20   | Noticed Ycoji the pandemonium lord
147554 | Zig:20   | Noticed Wuzxaroe the pandemonium lord
147554 | Zig:20   | Killed Sublas the pandemonium lord
147554 | Zig:20   | Killed Vemo the pandemonium lord
147554 | Zig:20   | Killed Gigga the pandemonium lord
147555 | Zig:20   | Killed Luyr the pandemonium lord
147556 | Zig:20   | Noticed Wachui the pandemonium lord
147556 | Zig:20   | Killed Ycoji the pandemonium lord
147556 | Zig:20   | Killed Wuzxaroe the pandemonium lord
147557 | Zig:20   | Noticed Mifeosast the pandemonium lord
147557 | Zig:20   | Killed Wachui the pandemonium lord
147558 | Zig:20   | Noticed Leihazag the pandemonium lord
147558 | Zig:20   | Noticed Nununy the pandemonium lord
147558 | Zig:20   | Killed Pukezuax the pandemonium lord
147559 | Zig:20   | Noticed Ciwo Vecs the pandemonium lord
147559 | Zig:20   | Killed Leihazag the pandemonium lord
147559 | Zig:20   | Killed Nununy the pandemonium lord
147559 | Zig:20   | Killed Mifeosast the pandemonium lord
147560 | Zig:20   | Noticed a juggernaut
147560 | Zig:20   | Killed a juggernaut
147560 | Zig:20   | Killed Egiehy the pandemonium lord
147561 | Zig:20   | Killed Ciwo Vecs the pandemonium lord
147561 | Zig:20   | Killed Xac Eqen the pandemonium lord
147562 | Zig:20   | Noticed Fiyru the pandemonium lord
147562 | Zig:20   | Killed Saemegih the pandemonium lord
147565 | Zig:20   | Noticed Uptabua the pandemonium lord
147566 | Zig:20   | Killed Uptabua the pandemonium lord
147568 | Zig:20   | Noticed Lapisuni the pandemonium lord
147571 | Zig:20   | Killed Lapisuni the pandemonium lord
147572 | Zig:20   | Killed Fiyru the pandemonium lord
147575 | Zig:20   | Noticed Lotry the pandemonium lord
147575 | Zig:20   | Noticed Paemu the pandemonium lord
147586 | Zig:20   | Killed Lotry the pandemonium lord
147591 | Zig:20   | Killed Paemu the pandemonium lord
147644 | Zig:20   | Got a twitching steel amulet
147726 | Zig:21   | Entered Level 21 of a ziggurat
147740 | Zig:21   | Noticed an ancient lich
147740 | Zig:21   | Killed an ancient lich
147746 | Zig:21   | Noticed an ancient lich
147746 | Zig:21   | Noticed an ancient lich
147747 | Zig:21   | Killed an ancient lich
147748 | Zig:21   | Noticed an ancient lich
147749 | Zig:21   | Killed an ancient lich
147750 | Zig:21   | Noticed an ancient lich
147750 | Zig:21   | Killed an ancient lich
147750 | Zig:21   | Killed an ancient lich
147751 | Zig:21   | Noticed an ancient lich
147752 | Zig:21   | Noticed an ancient lich
147752 | Zig:21   | Noticed an ancient lich
147753 | Zig:21   | Killed an ancient lich
147753 | Zig:21   | Killed an ancient lich
147753 | Zig:21   | Killed an ancient lich
147754 | Zig:21   | Killed an ancient lich
147754 | Zig:21   | Killed an ancient lich
147755 | Zig:21   | Noticed an ancient lich
147756 | Zig:21   | Noticed an ancient lich
147756 | Zig:21   | Killed an ancient lich
147756 | Zig:21   | Killed an ancient lich
147757 | Zig:21   | Noticed an ancient lich
147759 | Zig:21   | Noticed an ancient lich
147759 | Zig:21   | Killed an ancient lich
147760 | Zig:21   | Killed an ancient lich
147761 | Zig:21   | Noticed an ancient lich
147761 | Zig:21   | Killed an ancient lich
147762 | Zig:21   | Killed an ancient lich
147764 | Zig:21   | Killed an ancient lich
147766 | Zig:21   | Noticed an ancient lich
147768 | Zig:21   | Noticed an ancient lich
147769 | Zig:21   | Killed an ancient lich
147770 | Zig:21   | Noticed an ancient lich
147770 | Zig:21   | Killed an ancient lich
147771 | Zig:21   | Killed an ancient lich
147780 | Zig:21   | Noticed an ancient lich
147783 | Zig:21   | Killed an ancient lich
147788 | Zig:21   | Noticed an ancient lich
147789 | Zig:21   | Killed an ancient lich
147839 | Zig:22   | Entered Level 22 of a ziggurat
147913 | Zig:22   | Identified the +2 pair of boots of Disappointment {+Fly Str+4 Dex+8} (You found it on level 22 of a ziggurat)
147914 | Zig:22   | Identified the amulet "Asik Jua" {+Rage Dex+2} (You found it on level 20 of a ziggurat)
147918 | Zig:22   | Got a coiled amethyst amulet
147922 | Zig:22   | Identified the +3 shield "Duut" {rElec MR+ Str+4} (You found it on level 22 of a ziggurat)
147961 | Zig:22   | Identified the amulet "Ladyh" {Inacc MR++ MP-9 Dex+3} (You found it on level 22 of a ziggurat)
148037 | Zig:23   | Entered Level 23 of a ziggurat
148046 | Zig:23   | Noticed an ancient lich
148047 | Zig:23   | Noticed an ancient lich
148047 | Zig:23   | Noticed an ancient lich
148047 | Zig:23   | Noticed an ancient lich
148047 | Zig:23   | Noticed an ancient lich
148049 | Zig:23   | Killed an ancient lich
148049 | Zig:23   | Killed an ancient lich
148049 | Zig:23   | Killed an ancient lich
148049 | Zig:23   | Killed an ancient lich
148050 | Zig:23   | Noticed an ancient lich
148051 | Zig:23   | Noticed an ancient lich
148051 | Zig:23   | Killed an ancient lich
148053 | Zig:23   | Killed an ancient lich
148054 | Zig:23   | Noticed an ancient lich
148054 | Zig:23   | Noticed an ancient lich
148055 | Zig:23   | Noticed an ancient lich
148055 | Zig:23   | Noticed an ancient lich
148056 | Zig:23   | Noticed an ancient lich
148056 | Zig:23   | Killed an ancient lich
148058 | Zig:23   | Killed an ancient lich
148058 | Zig:23   | Killed an ancient lich
148059 | Zig:23   | Noticed an ancient lich
148059 | Zig:23   | Killed an ancient lich
148059 | Zig:23   | Killed an ancient lich
148060 | Zig:23   | Noticed an ancient lich
148060 | Zig:23   | Killed an ancient lich
148062 | Zig:23   | Noticed an ancient lich
148062 | Zig:23   | Noticed an ancient lich
148062 | Zig:23   | Noticed an ancient lich
148062 | Zig:23   | Noticed an ancient lich
148062 | Zig:23   | Killed an ancient lich
148063 | Zig:23   | Noticed an ancient lich
148063 | Zig:23   | Noticed an ancient lich
148064 | Zig:23   | Killed an ancient lich
148064 | Zig:23   | Killed an ancient lich
148066 | Zig:23   | Killed an ancient lich
148067 | Zig:23   | Noticed an ancient lich
148067 | Zig:23   | Noticed an ancient lich
148067 | Zig:23   | Killed an ancient lich
148068 | Zig:23   | Killed an ancient lich
148068 | Zig:23   | Killed an ancient lich
148071 | Zig:23   | Noticed an ancient lich
148071 | Zig:23   | Noticed an ancient lich
148071 | Zig:23   | Noticed an ancient lich
148071 | Zig:23   | Killed an ancient lich
148071 | Zig:23   | Killed an ancient lich
148071 | Zig:23   | Killed an ancient lich
148072 | Zig:23   | Noticed an ancient lich
148072 | Zig:23   | Noticed an ancient lich
148072 | Zig:23   | Killed an ancient lich
148073 | Zig:23   | Noticed an ancient lich
148073 | Zig:23   | Noticed an ancient lich
148073 | Zig:23   | Killed an ancient lich
148074 | Zig:23   | Killed an ancient lich
148074 | Zig:23   | Killed an ancient lich
148074 | Zig:23   | Killed an ancient lich
148076 | Zig:23   | Noticed an ancient lich
148076 | Zig:23   | Noticed an ancient lich
148076 | Zig:23   | Killed an ancient lich
148077 | Zig:23   | Killed an ancient lich
148078 | Zig:23   | Noticed an ancient lich
148078 | Zig:23   | Killed an ancient lich
148079 | Zig:23   | Noticed an ancient lich
148079 | Zig:23   | Noticed an ancient lich
148080 | Zig:23   | Killed an ancient lich
148081 | Zig:23   | Noticed an ancient lich
148081 | Zig:23   | Killed an ancient lich
148082 | Zig:23   | Noticed an ancient lich
148083 | Zig:23   | Killed an ancient lich
148083 | Zig:23   | Killed an ancient lich
148084 | Zig:23   | Killed an ancient lich
148088 | Zig:23   | Noticed an ancient lich
148088 | Zig:23   | Noticed an ancient lich
148089 | Zig:23   | Noticed an ancient lich
148089 | Zig:23   | Killed an ancient lich
148090 | Zig:23   | Killed an ancient lich
148090 | Zig:23   | Killed an ancient lich
148091 | Zig:23   | Killed an ancient lich
148092 | Zig:23   | Noticed an ancient lich
148094 | Zig:23   | Killed an ancient lich
148148 | Zig:23   | Identified the Collected Works on Hexes and Moulding
148158 | Zig:23   | Identified the ring "Metwurebale" {rF+ AC+5 Stlth+} (You found it on level 23 of a ziggurat)
148165 | Zig:24   | Entered Level 24 of a ziggurat
148270 | Zig:24   | Got a coiled bone ring
148327 | Zig:25   | Entered Level 25 of a ziggurat
148379 | Zig:25   | Noticed Ydoej the pandemonium lord
148383 | Zig:25   | Killed Ydoej the pandemonium lord
148476 | Zig:25   | Identified the cursed ring "Justriu" {rN+ AC-2} (You found it on level 24 of a ziggurat)
148491 | Zig:26   | Entered Level 26 of a ziggurat
148580 | Zig:26   | Got a heavily runed bronze ring
148596 | Zig:26   | Identified the ring of Taemnufi {-Tele rElec rPois AC+2 Stlth-} (You found it on level 26 of a ziggurat)
148724 | Zig:27   | Entered Level 27 of a ziggurat
148758 | Zig:27   | Reached skill level 27 in Bows
148869 | Zig:27   | Found the +4 skin of Zhor {rC+++}
148879 | Zig:27   | Got a faintly glowing copper amulet
148880 | Zig:27   | Identified the Papyrus of the Arsonist and Confrontation
148887 | Zig:27   | Identified Neihegeu's Almanac of Mutagenic Beguiling
148913 | Zig:27   | Identified the amulet "Hiakemaq" {+Rage rElec SInv} (You found it on level 27 of a ziggurat)
148938 | Depths:5 | Reached skill level 27 in Slings
148938 | Depths:5 | Reached skill level 27 in Crossbows
148962 | Zig:1    | Entered Level 1 of a ziggurat
148997 | Zig:2    | Entered Level 2 of a ziggurat
149018 | Zig:2    | Got a scintillating turquoise ring
149029 | Zig:3    | Entered Level 3 of a ziggurat
149029 | Zig:3    | Noticed an ancient lich
149029 | Zig:3    | Noticed an ancient lich
149031 | Zig:3    | Killed an ancient lich
149033 | Zig:3    | Noticed an ancient lich
149033 | Zig:3    | Killed an ancient lich
149034 | Zig:3    | Noticed an ancient lich
149034 | Zig:3    | Killed an ancient lich
149035 | Zig:3    | Killed an ancient lich
149094 | Zig:3    | Identified the ring of Eweppam {rF+ Str+4} (You found it on level 2 of a ziggurat)
149095 | Zig:3    | Identified the +1 pair of boots of Typatem {*Drain rElec rN+++ Int+8 Dex-3} (You acquired it on level 3 of a ziggurat)
149099 | Zig:4    | Entered Level 4 of a ziggurat
149130 | Zig:4    | Identified Lut Ekab's Catalogue of Summoning
149137 | Zig:5    | Entered Level 5 of a ziggurat
149145 | Zig:5    | Found the +4 moon troll leather armour {Spirit, Regen++ MP+5}
149172 | Zig:5    | Identified Wiosm's Incunabulum of the Mountains
149196 | Zig:6    | Entered Level 6 of a ziggurat
149235 | Zig:6    | Identified the Handbook of Shape Shifting and Companions
149238 | Zig:6    | Got a scintillating graven amulet
149242 | Zig:7    | Entered Level 7 of a ziggurat
149288 | Zig:7    | Identified the amulet "Hulliwk" {Harm *Drain MR+++ Int-5 Slay+5} (You found it on level 6 of a ziggurat)
149289 | Zig:7    | Identified the ring "Xuuthos" {+Blink +Fly rC+++ MR+ SInv} (You found it on level 7 of a ziggurat)
149297 | Zig:7    | Got a fine pewter ring
149356 | Zig:8    | Entered Level 8 of a ziggurat
149386 | Zig:9    | Entered Level 9 of a ziggurat
149386 | Zig:9    | Noticed an ancient lich
149386 | Zig:9    | Noticed an ancient lich
149389 | Zig:9    | Noticed an ancient lich
149389 | Zig:9    | Killed an ancient lich
149389 | Zig:9    | Killed an ancient lich
149389 | Zig:9    | Killed an ancient lich
149390 | Zig:9    | Noticed an ancient lich
149391 | Zig:9    | Killed an ancient lich
149393 | Zig:9    | Noticed an ancient lich
149393 | Zig:9    | Noticed an ancient lich
149393 | Zig:9    | Noticed an ancient lich
149394 | Zig:9    | Killed an ancient lich
149394 | Zig:9    | Killed an ancient lich
149395 | Zig:9    | Noticed an ancient lich
149395 | Zig:9    | Killed an ancient lich
149395 | Zig:9    | Killed an ancient lich
149396 | Zig:9    | Noticed an ancient lich
149396 | Zig:9    | Killed an ancient lich
149396 | Zig:9    | Killed an ancient lich
149397 | Zig:9    | Noticed an ancient lich
149398 | Zig:9    | Noticed an ancient lich
149400 | Zig:9    | Killed an ancient lich
149401 | Zig:9    | Killed an ancient lich
149402 | Zig:9    | Noticed an ancient lich
149404 | Zig:9    | Killed an ancient lich
149443 | Zig:9    | Got an ancient iron ring
149447 | Zig:9    | Identified the ring "Robbuir" {+Inv MP+9 Int+4} (You found it on level 7 of a ziggurat)
149448 | Zig:9    | Identified the ring of Xove {rElec MR+ Int-3 Dex+3} (You found it on level 9 of a ziggurat)
149479 | Zig:10   | Entered Level 10 of a ziggurat
149580 | Zig:11   | Entered Level 11 of a ziggurat
149602 | Zig:11   | Got a sparkling tin ring
149608 | Zig:12   | Entered Level 12 of a ziggurat
149608 | Zig:12   | Noticed a greater mummy
149608 | Zig:12   | Noticed a greater mummy
149608 | Zig:12   | Noticed a greater mummy
149608 | Zig:12   | Noticed a greater mummy
149609 | Zig:12   | Killed a greater mummy
149609 | Zig:12   | Killed a greater mummy
149611 | Zig:12   | Noticed a greater mummy
149612 | Zig:12   | Noticed a greater mummy
149612 | Zig:12   | Killed a greater mummy
149613 | Zig:12   | Noticed a greater mummy
149613 | Zig:12   | Noticed a greater mummy
149614 | Zig:12   | Killed a greater mummy
149614 | Zig:12   | Killed a greater mummy
149615 | Zig:12   | Killed a greater mummy
149616 | Zig:12   | Noticed a greater mummy
149616 | Zig:12   | Noticed a greater mummy
149616 | Zig:12   | Killed a greater mummy
149617 | Zig:12   | Noticed a greater mummy
149617 | Zig:12   | Killed a greater mummy
149617 | Zig:12   | Killed a greater mummy
149620 | Zig:12   | Killed a greater mummy
149622 | Zig:12   | Killed a greater mummy
149677 | Zig:13   | Entered Level 13 of a ziggurat
149677 | Zig:13   | Noticed an ancient lich
149677 | Zig:13   | Noticed an ancient lich
149677 | Zig:13   | Noticed an ancient lich
149677 | Zig:13   | Noticed an ancient lich
149679 | Zig:13   | Noticed an ancient lich
149679 | Zig:13   | Killed an ancient lich
149680 | Zig:13   | Killed an ancient lich
149682 | Zig:13   | Noticed an ancient lich
149682 | Zig:13   | Killed an ancient lich
149682 | Zig:13   | Killed an ancient lich
149682 | Zig:13   | Killed an ancient lich
149683 | Zig:13   | Noticed an ancient lich
149683 | Zig:13   | Noticed an ancient lich
149683 | Zig:13   | Noticed an ancient lich
149684 | Zig:13   | Noticed an ancient lich
149684 | Zig:13   | Killed an ancient lich
149684 | Zig:13   | Killed an ancient lich
149685 | Zig:13   | Noticed an ancient lich
149685 | Zig:13   | Killed an ancient lich
149685 | Zig:13   | Killed an ancient lich
149686 | Zig:13   | Killed an ancient lich
149687 | Zig:13   | Noticed an ancient lich
149688 | Zig:13   | Noticed an ancient lich
149688 | Zig:13   | Killed an ancient lich
149689 | Zig:13   | Noticed an ancient lich
149690 | Zig:13   | Killed an ancient lich
149691 | Zig:13   | Noticed an ancient lich
149691 | Zig:13   | Noticed an ancient lich
149693 | Zig:13   | Noticed an ancient lich
149693 | Zig:13   | Killed an ancient lich
149693 | Zig:13   | Killed an ancient lich
149694 | Zig:13   | Killed an ancient lich
149694 | Zig:13   | Killed an ancient lich
149695 | Zig:13   | Killed an ancient lich
149695 | Zig:13   | Killed an ancient lich
149697 | Zig:13   | Noticed an ancient lich
149698 | Zig:13   | Killed an ancient lich
149738 | Zig:13   | Identified the cursed ring of Ontax {+Inv rF+ MR+ MP+9 Int-3} (You found it on level 11 of a ziggurat)
149742 | Zig:14   | Entered Level 14 of a ziggurat
149795 | Zig:14   | Got a crude cloak
149805 | Zig:14   | Identified the Papyrus of Augmentations and Transmigration
149815 | Zig:14   | Identified the cursed +0 cloak "Puxutass" {rF- Dex+7} (You found it on level 14 of a ziggurat)
149819 | Zig:15   | Entered Level 15 of a ziggurat
149819 | Zig:15   | Noticed an ancient lich
149819 | Zig:15   | Noticed an ancient lich
149819 | Zig:15   | Noticed an ancient lich
149819 | Zig:15   | Noticed an ancient lich
149819 | Zig:15   | Noticed an ancient lich
149820 | Zig:15   | Killed an ancient lich
149821 | Zig:15   | Noticed an ancient lich
149821 | Zig:15   | Killed an ancient lich
149821 | Zig:15   | Killed an ancient lich
149821 | Zig:15   | Killed an ancient lich
149823 | Zig:15   | Killed an ancient lich
149823 | Zig:15   | Killed an ancient lich
149824 | Zig:15   | Noticed an ancient lich
149826 | Zig:15   | Noticed an ancient lich
149826 | Zig:15   | Killed an ancient lich
149827 | Zig:15   | Noticed an ancient lich
149828 | Zig:15   | Noticed an ancient lich
149829 | Zig:15   | Noticed an ancient lich
149829 | Zig:15   | Killed an ancient lich
149829 | Zig:15   | Killed an ancient lich
149831 | Zig:15   | Killed an ancient lich
149832 | Zig:15   | Noticed an ancient lich
149832 | Zig:15   | Noticed an ancient lich
149833 | Zig:15   | Noticed an ancient lich
149833 | Zig:15   | Killed an ancient lich
149834 | Zig:15   | Killed an ancient lich
149834 | Zig:15   | Killed an ancient lich
149837 | Zig:15   | Killed an ancient lich
149838 | Zig:15   | Noticed an ancient lich
149838 | Zig:15   | Noticed an ancient lich
149839 | Zig:15   | Killed an ancient lich
149839 | Zig:15   | Killed an ancient lich
149841 | Zig:15   | Noticed an ancient lich
149842 | Zig:15   | Noticed an ancient lich
149842 | Zig:15   | Killed an ancient lich
149842 | Zig:15   | Killed an ancient lich
149950 | Zig:16   | Entered Level 16 of a ziggurat
149996 | Zig:16   | Identified Dispater's Guide on Summoning
150043 | Zig:17   | Entered Level 17 of a ziggurat
150043 | Zig:17   | Noticed Beimm the pandemonium lord
150043 | Zig:17   | Noticed Enuvaiwoitz the pandemonium lord
150045 | Zig:17   | Noticed Oghui the pandemonium lord
150045 | Zig:17   | Noticed Wularr the pandemonium lord
150046 | Zig:17   | Noticed Xuoseer the pandemonium lord
150047 | Zig:17   | Noticed Xuesin the pandemonium lord
150047 | Zig:17   | Noticed Ostraess the pandemonium lord
150047 | Zig:17   | Noticed Ixkoim the pandemonium lord
150047 | Zig:17   | Noticed Enetaci the pandemonium lord
150047 | Zig:17   | Killed Oghui the pandemonium lord
150047 | Zig:17   | Killed Enuvaiwoitz the pandemonium lord
150047 | Zig:17   | Killed Wularr the pandemonium lord
150048 | Zig:17   | Noticed Yroakloph the pandemonium lord
150050 | Zig:17   | Noticed Zaithoz the pandemonium lord
150050 | Zig:17   | Noticed Ekle Vac the pandemonium lord
150050 | Zig:17   | Noticed Fikkag the pandemonium lord
150050 | Zig:17   | Killed Ixkoim the pandemonium lord
150050 | Zig:17   | Killed Beimm the pandemonium lord
150051 | Zig:17   | Killed Xuoseer the pandemonium lord
150051 | Zig:17   | Killed Fikkag the pandemonium lord
150052 | Zig:17   | Noticed Payla the pandemonium lord
150052 | Zig:17   | Killed Yroakloph the pandemonium lord
150052 | Zig:17   | Killed Zaithoz the pandemonium lord
150052 | Zig:17   | Killed Ekle Vac the pandemonium lord
150053 | Zig:17   | Noticed Edose the pandemonium lord
150053 | Zig:17   | Noticed Fias the pandemonium lord
150054 | Zig:17   | Noticed Ybbic the pandemonium lord
150054 | Zig:17   | Noticed Cereumij the pandemonium lord
150054 | Zig:17   | Noticed Calutuck the pandemonium lord
150054 | Zig:17   | Noticed Lyr Dakhyf the pandemonium lord
150054 | Zig:17   | Noticed Cuuqe Gyutob the pandemonium lord
150054 | Zig:17   | Noticed Cuniol the pandemonium lord
150054 | Zig:17   | Noticed Pawuem the pandemonium lord
150054 | Zig:17   | Noticed Pesmovur the pandemonium lord
150054 | Zig:17   | Noticed Pep Ydu the pandemonium lord
150054 | Zig:17   | Noticed Qibriamp the pandemonium lord
150054 | Zig:17   | Noticed Ceadat the pandemonium lord
150054 | Zig:17   | Noticed Rungif the pandemonium lord
150054 | Zig:17   | Noticed Yzeq the pandemonium lord
150054 | Zig:17   | Noticed Luv Geniash the pandemonium lord
150054 | Zig:17   | Noticed Furchaca the pandemonium lord
150054 | Zig:17   | Noticed Boud the pandemonium lord
150054 | Zig:17   | Noticed Wuafyapn the pandemonium lord
150054 | Zig:17   | Noticed Meblohaz the pandemonium lord
150054 | Zig:17   | Noticed Etugo the pandemonium lord
150054 | Zig:17   | Noticed Pioqozo the pandemonium lord
150054 | Zig:17   | Noticed Cireifemn the pandemonium lord
150054 | Zig:17   | Noticed Semnuhylu the pandemonium lord
150054 | Zig:17   | Noticed Qyqi Voa the pandemonium lord
150055 | Zig:17   | Noticed Govumut the pandemonium lord
150055 | Zig:17   | Noticed Jirer the pandemonium lord
150055 | Zig:17   | Noticed Piuteajac the pandemonium lord
150056 | Zig:17   | Noticed Kujurea the pandemonium lord
150060 | Zig:17   | Noticed Orerchue the pandemonium lord
150061 | Zig:17   | Killed Payla the pandemonium lord
150062 | Zig:17   | Noticed Athud the pandemonium lord
150069 | Zig:17   | Noticed Duohioni the pandemonium lord
150070 | Zig:17   | Noticed Kaetiw the pandemonium lord
150070 | Zig:17   | Noticed Pahuwi the pandemonium lord
150072 | Zig:17   | HP: 15/323 [Pesmovur the pandemonium lord (27)]
150073 | Zig:17   | Slain by Ostraess the pandemonium lord

Vault maps used:
D:1:      lightli_arrival_farm
D:2:      nicolae_ru_great_annihilating_truth, mrwooster_statue_mirror,
          minmay_lizard_pond, uniq_jessica, uniq_robin
D:3:      gammafunk_temple_overflow_wave, portal_sewer_entry_a, first_ration,
          serial_bayou_pond_c, hangedman_decor_opposing
D:6:      temple_green, uniq_eustachio, uniq_blork_the_orc
D:7:      kennysheep_little_box, the_bakery
D:8:      cheibrodos_shockbox, minmay_mini_ossuary
D:9:      gammafunk_corrupted_shrine, makhleb_heckhound_becter,
          kennysheep_mini_moat
D:10:     erik_lair_dragon, basic_altar, lemuel_flame_loot_1
D:12:     david_orc_4, serial_shops, nicolae_shop_overgrown_old_shop, uniq_urug
D:13:     lightli_vaults_fourway_checkpoint, lab_entry_generic, hangedman_batty,
          uniq_erolcha
D:14:     small_statue_alley_a, enter_bailey_2
D:15:     hangedman_depths_entry_civil_slaughter, basic_altar,
          minmay_crystal_room, serial_shops, nicolae_shop_statue_plus,
          uniq_kirke, uniq_louise
Temple:   eino_temple_rhombus
Lair:3:   minmay_snake_entry_six_corridors
Lair:4:   lemuel_slime, elwin_shoals_entry_rocks
Lair:5:   special_room
Lair:6:   gammafunk_lair_ancient_temple, nicolae_slime_entry_slimehenge,
          basic_altar, wad_woods_02, lemuel_fruit_tree
Shoals:1: nicolae_shoals_water_shrine, uniq_nikola
Shoals:3: serial_shops, nicolae_shop_temple_entry_statues_fountains
Shoals:4: shoals_end_grunt_ice, shoal_ilsuiw, serial_shops, shop, shop_statue,
          nicolae_shoals_mertower
Snake:2:  serial_shops, shop, minmay_shoptagon, uniq_aizul
Snake:3:  basic_stair_grate_trap
Snake:4:  snake_pit_salamanders_mu, abandoned_shop, uniq_vashnia
Orc:1:    serial_shops, shop, nicolae_shop_trees, nicolae_shop_trees,
          shop_coins, nicolae_orc_damp_corner, uniq_snorg
Orc:2:    grunt_orc_gardens, grunt_orc_garden, grunt_orc_garden,
          grunt_orc_garden, grunt_orc_garden, serial_shops, shop,
          mines_bat_river, uniq_saint_roka, uniq_sonja
Elf:1:    eino_elf_arrival_altar, minivault_28, grunt_ministairs_7, spider_trap,
          minmay_misc_feat_rows, laboratory, uniq_azrael
Elf:2:    solitary_fountain, uniq_jorgrun
Elf:3:    elf_hall_gauntlet_wide, minmay_shop_grove
Vaults:1: nicolae_vaults_network_star, nicolae_vaults_windows_and_doors_thing,
          nicolae_vaults_what_the_h, v_misc_27, dpeg_vaults_monster_row,
          nicolae_vaults_specimen_jars, v_misc_3, serial_shops, shop
Vaults:2: nicolae_vaults_mini_display_case, nicolae_vaults_disjoint_gnomons,
          vaults_standard_mumra_lines, v_pattern_3, vaults_room_corners,
          ontoclasm_vaults_gateway, grunt_vaults_swirl,
          nicolae_vaults_ring_of_whatevers, nicolae_vaults_statue_guard,
          ontoclasm_vaults_decontamination, vaults_mumra_lcd,
          hangedman_vaults_corner_blocks, serial_shops, shop_statue
Vaults:3: v_misc_26, nicolae_vaults_back_hallway, grunt_vaults_diagonal,
          ontoclasm_vaults_twist, hangedman_vaults_hard_town_square,
          nicolae_vaults_little_ls, v_misc_30, v_misc_4, vaults_room_corners,
          minmay_crypt_entry_necro_gods, dpeg_vaults_monster_box,
          vaults_mumra_minichess_inversion, vaults_dpeg_hooks, serial_shops,
          shop, nicolae_shop_stone, nicolae_shop_stone, shop_statue, uniq_mennas
Vaults:4: nicolae_vaults_network_periphery, nicolae_vaults_network_s,
          nicolae_vaults_network_square, ontoclasm_vaults_claustrophobia,
          v_misc_19, st_greater_box_2, hangedman_vaults_hat,
          nicolae_vaults_asterisk, v_misc_14, vaults_dpeg_cross, v_misc_30,
          vaults_mumra_hexcomb, v_alt_pattern_1, v_misc_22,
          nicolae_vaults_little_squares_4, serial_shops, shop
Crypt:1:  palyth_stone_intersect, hex_tiny, feat_on_display, uniq_xtahua,
          uniq_khufu
Crypt:2:  gammafunk_dig_for_victory, basic_altar, nicolae_crypt_stairs_room,
          minivault_24
Crypt:3:  cryptofortress_bobbens, uniq_boris
Depths:1: serial_bayou_pond_e, abyss_entry, hangedman_tar_grid_catacomb,
          st_stairs_11, hangedman_decor_growths, minmay_misc_feat_secret_circle,
          kennysheep_crisscross, kennysheep_generic_room_7, uniq_mara
Depths:2: cheibrodos_spurs, rand_demon_pan_entry_7, serial_bayou_lagoon_a,
          grunt_hell_entry_dis_old, infiniplex_staircase_pool_2,
          serial_bayou_shore_a, uniq_enchantress
Depths:3: minmay_two_paths, grunt_mini_vestibule, pan_entry,
          corexii_leaking_fountain, minmay_staircase_windowed_small
Depths:4: gold_lair_mu, hell_entry, grunt_pan_entry_spiral, serial_shops, shop,
          shop, nicolae_shop_waterfront, shop, shop_statue, abyss_entry,
          doesnt_xom_only_xom, infiniplex_staircase_spiral, uniq_sojobo
Depths:5: grunt_zot_entry_bicorn, enter_ziggurat_b, minmay_misc_feat_room,
          hell_entry, minmay_gold_behind_fungi
Zot:1:    st_stairs_4
Zot:2:    grunt_ministairs_3
Zot:3:    st_stairs_10, hangedman_elemental_grid_stream
Zig:6:    ziggurat_pillar_centre_dead_trees
Zig:9:    ziggurat_pillar_centre_c
Zig:10:   ziggurat_pillar_centre_smoke, ziggurat_pillar_centre_drop
Zig:17:   ziggurat_pillar_centre_oklobs
Zig:19:   ziggurat_pillar_centre_more_plants
Sewer:    sewer_sea

Skill      XL: |  1  2  3  4  5  6  7  8  9 10 11 12 13 14 15 16 17 18 19 20 21 22 23 24 25 26 27 |
---------------+----------------------------------------------------------------------------------+-----
Fire Magic     | 3 4 5 6 8 9 10 11 12 13 14 15 16 17 18 20 21 22 23 27 | 27.0
Conjurations   | 2 3 4 5 6 8 9 10 11 12 13 14 15 16 17 27 | 27.0
Spellcasting   | 3 4 5 6 7 9 10 11 12 13 14 15 16 17 18 19 27 | 27.0
Fighting       | 3 7 8 9 10 11 12 13 14 15 16 27 | 27.0
Dodging        | 2 3 5 7 8 10 11 12 13 27 | 27.0
Shields        | 1 4 27 | 27.0
Summonings     | 3 5 27 | 27.0
Earth Magic    | 4 5 27 | 27.0
Transmutations | 4 9 11 12 27 | 27.0
Necromancy     | 7 11 13 14 15 18 19 27 | 27.0
Translocations | 27 | 27.0
Ice Magic      | 27 | 27.0
Armour         | 27 | 27.0
Air Magic      | 27 | 27.0
Charms         | 27 | 27.0
Evocations     | 27 | 27.0
Throwing       | 27 | 27.0
Staves         | 27 | 27.0
Long Blades    | 27 | 27.0
Maces & Flails | 27 | 27.0
Unarmed Combat | 27 | 27.0
Stealth        | 27 | 27.0
Short Blades   | 27 | 27.0
Hexes          | 27 | 27.0
Axes           | 27 | 27.0
Polearms       | 27 | 27.0
Poison Magic   | 27 | 27.0
Bows           | 27 | 27.0
Slings         | 27 | 27.0
Crossbows      | 27 | 27.0

Action                   |  1- 3 |  4- 6 |  7- 9 | 10-12 | 13-15 | 16-18 | 19-21 | 22-24 | 25-27 || total
-------------------------+-------+-------+-------+-------+-------+-------+-------+-------+-------++-------
Melee: Unarmed           |    14 |       |       |       |       |       |       |       |       ||    14
       Whip              |    74 |   109 |   198 |   151 |       |       |       |       |       ||   532
       Scimitar          |       |       |       |    18 |    75 |       |       |       |       ||    93
       Mace              |       |       |       |       |    88 |       |       |       |       ||    88
       Dagger            |       |       |       |       |    23 |   175 |    35 |   172 |   120 ||   525
       Staff             |       |       |       |       |       |    13 |       |       |   289 ||   302
       Rapier            |       |       |       |       |       |       |       |       |    17 ||    17
Throw: Javelin           |       |       |       |       |       |       |       |       |    24 ||    24
 Cast: Flame Tongue      |    20 |   136 |   143 |   170 |    21 |     5 |       |       |       ||   495
       Conjure Flame     |       |     3 |    19 |    44 |    24 |     3 |     6 |       |       ||    99
       Sticky Flame      |       |       |    34 |    88 |    86 |    73 |    15 |       |       ||   296
       Searing Ray       |       |       |     2 |     8 |    49 |     4 |     2 |       |       ||    65
       Fireball          |       |       |       |   130 |   336 |   369 |   367 |   297 |   301 ||  1800
       Venom Bolt        |       |       |       |     3 |    23 |       |       |       |       ||    26
       Dazzling Spray    |       |       |       |     2 |     5 |       |       |       |       ||     7
       Iskenderun's Batt |       |       |       |       |    19 |       |       |       |       ||    19
       Spellforged Servi |       |       |       |       |    20 |    19 |    37 |    29 |    74 ||   179
       Ignition          |       |       |       |       |       |    80 |    36 |   203 |  2524 ||  2843
       Iron Shot         |       |       |       |       |       |     5 |   219 |   148 |   997 ||  1369
       Blink             |       |       |       |       |       |       |     3 |     2 |       ||     5
       Aura of Abjuratio |       |       |       |       |       |       |     2 |       |    57 ||    59
       Passwall          |       |       |       |       |       |       |     1 |       |       ||     1
       Statue Form       |       |       |       |       |       |       |       |     5 |     9 ||    14
       Fire Storm        |       |       |       |       |       |       |       |     3 |  2380 ||  2383
       Necromutation     |       |       |       |       |       |       |       |       |   252 ||   252
       Tornado           |       |       |       |       |       |       |       |       |   126 ||   126
       Shatter           |       |       |       |       |       |       |       |       |    74 ||    74
       Glaciate          |       |       |       |       |       |       |       |       |    18 ||    18
       Sublimation of Bl |       |       |       |       |       |       |       |       |    13 ||    13
       Controlled Blink  |       |       |       |       |       |       |       |       |     5 ||     5
       Borgnjor's Vile C |       |       |       |       |       |       |       |       |     3 ||     3
       Malign Gateway    |       |       |       |       |       |       |       |       |     1 ||     1
 Abil: Stop Flying       |       |       |       |     1 |       |       |       |       |       ||     1
       Evoke Flight      |       |       |       |       |       |       |     1 |       |     1 ||     2
       End Transformatio |       |       |       |       |       |       |       |     1 |    56 ||    57
Evoke: Wand              |       |       |       |    11 |     7 |     8 |     3 |     9 |    17 ||    55
       Phial of floods   |       |       |       |       |       |     1 |       |       |     1 ||     2
       Phantom mirror    |       |       |       |       |       |     2 |       |       |       ||     2
       Lamp of fire      |       |       |       |       |       |       |     2 |       |       ||     2
       Figurine of a zig |       |       |       |       |       |       |       |       |     9 ||     9
       Lightning rod     |       |       |       |       |       |       |       |       |     6 ||     6
       Staff of Olgreb   |       |       |       |       |       |       |       |       |     1 ||     1
       Fan of gales      |       |       |       |       |       |       |       |       |     1 ||     1
       Box of beasts     |       |       |       |       |       |       |       |       |     1 ||     1
  Use: Scroll            |       |     4 |    14 |    17 |    22 |    20 |    13 |    15 |   288 ||   393
       Potion            |       |     1 |       |     4 |     8 |     2 |     2 |     1 |   143 ||   161
 Stab: Sleeping          |     2 |     4 |     6 |     1 |       |       |       |     1 |       ||    14
       Distracted        |       |       |       |     1 |       |       |       |     1 |     2 ||     4
       Invisible         |       |       |       |       |       |     1 |       |       |       ||     1
  Eat: Chunk             |     4 |     9 |    15 |    39 |    41 |    28 |    27 |    50 |    36 ||   249
       Ration            |       |       |     4 |     8 |    16 |    15 |    11 |    10 |    31 ||    95
Armor: Robe              |    29 |    45 |    99 |   126 |   147 |       |       |       |       ||   446
       Skin              |       |       |       |     7 |       |       |       |    18 |    18 ||    43
       Leather armour    |       |       |       |       |       |   104 |    37 |       |       ||   141
       Acid dragon scale |       |       |       |       |       |       |    67 |    84 |  1088 ||  1239
Dodge: Dodged            |    70 |    88 |   187 |   183 |   374 |   206 |   165 |   194 |  2786 ||  4253
Block: Buckler           |       |       |       |     3 |   159 |   191 |   119 |   189 |   398 ||  1059
       Reflection        |       |       |       |       |       |     5 |    18 |    37 |    63 ||   123
       Large shield      |       |       |       |       |       |       |       |       |  2693 ||  2693
       Shield            |       |       |       |       |       |       |       |       |   475 ||   475
       Rpst.: Scimitar   |       |       |       |     3 |    27 |       |       |       |       ||    30

Table legend:
 A = Spawn XP
 B = Non-spawn XP
 C = Spawn XP percentage of total XP
 D = Spawn monster count
 E = Non-spawn monster count
 F = Spawn count percentage of total count
 G = Total turns spent on level
                    A         B        C        D         E        F      G
               +---------+---------+-------+---------+---------+-------+---------
         Total |       0 | 8999999 |   0.0 |       0 |   29283 |   0.0 | 150073
               +---------+---------+-------+---------+---------+-------+---------
           D:1 |       0 |      40 |   0.0 |       0 |      23 |   0.0 |  1605
           D:2 |       0 |     174 |   0.0 |       0 |      40 |   0.0 |  1297
           D:3 |       0 |     122 |   0.0 |       0 |      26 |   0.0 |   795
           D:4 |       0 |     477 |   0.0 |       0 |      20 |   0.0 |  1208
           D:5 |       0 |     616 |   0.0 |       0 |      23 |   0.0 |  1713
           D:6 |       0 |    1969 |   0.0 |       0 |      23 |   0.0 |  1661
           D:7 |       0 |    1170 |   0.0 |       0 |      22 |   0.0 |  1305
           D:8 |       0 |    2353 |   0.0 |       0 |      29 |   0.0 |  1722
           D:9 |       0 |    4324 |   0.0 |       0 |      27 |   0.0 |  1922
          D:10 |       0 |    6599 |   0.0 |       0 |      56 |   0.0 |  4422
          D:11 |       0 |    4319 |   0.0 |       0 |      35 |   0.0 |  2295
          D:12 |       0 |    4213 |   0.0 |       0 |      33 |   0.0 |  2569
          D:13 |       0 |   15625 |   0.0 |       0 |      57 |   0.0 |  2864
          D:14 |       0 |   13945 |   0.0 |       0 |      33 |   0.0 |  3539
          D:15 |       0 |   32725 |   0.0 |       0 |      52 |   0.0 |  3358
        Lair:1 |       0 |    5035 |   0.0 |       0 |      22 |   0.0 |  1199
        Lair:2 |       0 |    4291 |   0.0 |       0 |      27 |   0.0 |  1400
        Lair:3 |       0 |    5290 |   0.0 |       0 |      30 |   0.0 |   957
        Lair:4 |       0 |    1680 |   0.0 |       0 |      28 |   0.0 |  1477
        Lair:5 |       0 |   12655 |   0.0 |       0 |      44 |   0.0 |  1388
        Lair:6 |       0 |   25195 |   0.0 |       0 |      82 |   0.0 |  1795
      Shoals:1 |       0 |   21529 |   0.0 |       0 |      39 |   0.0 |  1024
      Shoals:2 |       0 |   12755 |   0.0 |       0 |      27 |   0.0 |  1115
      Shoals:3 |       0 |   11486 |   0.0 |       0 |      19 |   0.0 |   949
      Shoals:4 |       0 |   41038 |   0.0 |       0 |      68 |   0.0 |  1505
       Snake:1 |       0 |   15227 |   0.0 |       0 |      31 |   0.0 |  1104
       Snake:2 |       0 |   14998 |   0.0 |       0 |      25 |   0.0 |   999
       Snake:3 |       0 |   17845 |   0.0 |       0 |      34 |   0.0 |   729
       Snake:4 |       0 |   72097 |   0.0 |       0 |     102 |   0.0 |  2642
       Slime:1 |       0 |   17099 |   0.0 |       0 |      27 |   0.0 |   258
       Slime:2 |       0 |    7612 |   0.0 |       0 |      12 |   0.0 |   686
       Slime:3 |       0 |   12968 |   0.0 |       0 |      21 |   0.0 |   634
       Slime:4 |       0 |   34669 |   0.0 |       0 |      44 |   0.0 |  2374
       Slime:5 |       0 |   48961 |   0.0 |       0 |      58 |   0.0 |   817
         Orc:1 |       0 |    9022 |   0.0 |       0 |      76 |   0.0 |  3955
         Orc:2 |       0 |   17633 |   0.0 |       0 |      63 |   0.0 |  2126
         Elf:1 |       0 |   24756 |   0.0 |       0 |      54 |   0.0 |  3400
         Elf:2 |       0 |   11046 |   0.0 |       0 |      14 |   0.0 |  1271
         Elf:3 |       0 |   55285 |   0.0 |       0 |      63 |   0.0 |  3152
      Vaults:1 |       0 |   52247 |   0.0 |       0 |      99 |   0.0 |  3276
      Vaults:2 |       0 |   58436 |   0.0 |       0 |     110 |   0.0 |  2692
      Vaults:3 |       0 |   72511 |   0.0 |       0 |     104 |   0.0 |  2543
      Vaults:4 |       0 |  118696 |   0.0 |       0 |     125 |   0.0 |  4442
      Vaults:5 |       0 |  143806 |   0.0 |       0 |     124 |   0.0 |  2071
       Crypt:1 |       0 |   60227 |   0.0 |       0 |      71 |   0.0 |  1772
       Crypt:2 |       0 |   65050 |   0.0 |       0 |      57 |   0.0 |  1823
       Crypt:3 |       0 |   67464 |   0.0 |       0 |      89 |   0.0 |  1670
        Tomb:1 |       0 |   46524 |   0.0 |       0 |      48 |   0.0 |  1690
      Depths:1 |       0 |   35226 |   0.0 |       0 |      43 |   0.0 |  2596
      Depths:2 |       0 |   98698 |   0.0 |       0 |     108 |   0.0 |  4099
      Depths:3 |       0 |   73252 |   0.0 |       0 |      79 |   0.0 |  3155
      Depths:4 |       0 |   50252 |   0.0 |       0 |      37 |   0.0 |  2820
      Depths:5 |       0 |   57037 |   0.0 |       0 |      51 |   0.0 |  2769
         Zot:1 |       0 |   37393 |   0.0 |       0 |      17 |   0.0 |  1207
         Zot:2 |       0 |   43177 |   0.0 |       0 |      29 |   0.0 |  1992
         Zot:3 |       0 |   81557 |   0.0 |       0 |      38 |   0.0 |  2245
         Zot:4 |       0 |   26943 |   0.0 |       0 |      20 |   0.0 |  2375
         Zot:5 |       0 |  200951 |   0.0 |       0 |      69 |   0.0 |  3642
         Zig:1 |       0 |   10734 |   0.0 |       0 |      79 |   0.0 |   336
         Zig:2 |       0 |   19326 |   0.0 |       0 |     137 |   0.0 |   370
         Zig:3 |       0 |   40447 |   0.0 |       0 |     195 |   0.0 |   474
         Zig:4 |       0 |   38264 |   0.0 |       0 |     293 |   0.0 |   803
         Zig:5 |       0 |   54493 |   0.0 |       0 |     345 |   0.0 |   625
         Zig:6 |       0 |   71087 |   0.0 |       0 |     350 |   0.0 |   597
         Zig:7 |       0 |   85893 |   0.0 |       0 |     510 |   0.0 |  1022
         Zig:8 |       0 |  102612 |   0.0 |       0 |     578 |   0.0 |   938
         Zig:9 |       0 |  106217 |   0.0 |       0 |     611 |   0.0 |  1118
        Zig:10 |       0 |  143840 |   0.0 |       0 |     726 |   0.0 |   890
        Zig:11 |       0 |  141539 |   0.0 |       0 |     899 |   0.0 |   921
        Zig:12 |       0 |  153951 |   0.0 |       0 |     868 |   0.0 |   865
        Zig:13 |       0 |  165451 |   0.0 |       0 |    1028 |   0.0 |   989
        Zig:14 |       0 |  208325 |   0.0 |       0 |    1065 |   0.0 |  1009
        Zig:15 |       0 |  268750 |   0.0 |       0 |    1105 |   0.0 |  1477
        Zig:16 |       0 |  299065 |   0.0 |       0 |    1241 |   0.0 |  1606
        Zig:17 |       0 |  407474 |   0.0 |       0 |    1223 |   0.0 |  1496
        Zig:18 |       0 |  365417 |   0.0 |       0 |    1066 |   0.0 |  1164
        Zig:19 |       0 |  434597 |   0.0 |       0 |    1131 |   0.0 |  1223
        Zig:20 |       0 |  442193 |   0.0 |       0 |    1244 |   0.0 |  1191
        Zig:21 |       0 |  472006 |   0.0 |       0 |    1421 |   0.0 |  1294
        Zig:22 |       0 |  417679 |   0.0 |       0 |    1426 |   0.0 |  1793
        Zig:23 |       0 |  525159 |   0.0 |       0 |    1578 |   0.0 |  1934
        Zig:24 |       0 |  389763 |   0.0 |       0 |    1772 |   0.0 |  1729
        Zig:25 |       0 |  778195 |   0.0 |       0 |    1835 |   0.0 |  1483
        Zig:26 |       0 |  514740 |   0.0 |       0 |    1790 |   0.0 |  1915
        Zig:27 |       0 |  363009 |   0.0 |       0 |    1898 |   0.0 |  1551
           Lab |       0 |    1277 |   0.0 |       0 |       1 |   0.0 |   287
         Sewer |       0 |     206 |   0.0 |       0 |      41 |   0.0 |   763
               +---------+---------+-------+---------+---------+-------+---------
